Workbook

Sheet Income Statement (Y)
A1: Currency | B1: Unit | C1: Description | D1: FY 18 | E1: FY 19 | F1: FY 20 | G1: FY 21 | H1: FY 22 | I1: FY 23 | J1: FY 24
C2: Period Ended On (MM/DD/YYYY) | D2: 12/31/2018 | E2: 12/31/2019 | F2: 12/31/2020 | G2: 12/31/2021 | H2: 12/31/2022 | I2: 12/31/2023 | J2: 12/31/2024
C3: Reported Date (MM/DD/YYYY) | D3: 03/27/2019 | E3: 03/27/2020 | F3: 03/26/2021 | G3: 03/08/2022 | H3: 03/31/2023 | I3: 03/15/2024 | J3: 03/13/2025
A4: $ | B4: Thousands | C4: Retail revenue | D4: 1.2234218e+09 | E4: 1220367856 | F4: 1092988076 | G4: 1739325124 | H4: 1.6059074e+09 | I4: 1405572961 | J4: 1540497874
A5: $ | B5: Thousands | C5: Bank revenue | D5: 4.5292366e+08 | E5: 483846431 | F5: 3.8783048e+08 | G5: 301761054 | H5: 4.3651064e+08 | I5: 482320405 | J5: 488459672
A6: $ | B6: Thousands | C6: Real estate revenues | D6: 24656334 | E6: 23211521 | F6: 17848295 | G6: 21109905 | H6: 32283372 | I6: 38524404 | J6: 57871712
A7: $ | B7: Thousands | C7: Total revenue | D7: 1.7010018e+09 | E7: 1727425808 | F7: 1.4986669e+09 | G7: 2062196083 | H7: 2.0747015e+09 | I7: 1926417770 | J7: 2086829258
A8: $ | B8: Thousands | C8: Cost of sales retail | D8: -9.0731288e+08 | E8: -906097783 | F8: -850622274 | G8: -1278585657 | H8: -1.1952511e+09 | I8: -1054932942 | J8: -1115165332
A9: $ | B9: Thousands | C9: Cost of sales bank | D9: -1.6530857e+08 | E9: -212700129 | F9: -1.9025043e+08 | G9: -93615656 | H9: -2.571458e+08 | I9: -331870115 | J9: -247285370
A10: $ | B10: Thousands | C10: Interest and indexation expense | D10: -45922334 | E10: -49713327 | F10: -41323406 | G10: -25487609 | H10: -78601390 | I10: -104204015 | J10: -76527495
A11: $ | B11: Thousands | C11: Cost of risk, net | D11: -1.0607917e+08 | E11: -144110346 | F11: -128211727 | G11: -45268737 | H11: -1.5116959e+08 | I11: -195143522 | J11: -139310889
A12: $ | B12: Thousands | C12: Other | D12: -13307062 | E12: -18876456 | F12: -20715296 | G12: -22859310 | H12: -27374822 | I12: -32522578 | J12: -31446986
A13: $ | B13: Thousands | C13: Real estate costs | D13: 0 | E13: 0 | F13: 0 | G13: 0 | H13: 0 | I13: -6906632 | J13: -8979829
A14: $ | B14: Thousands | C14: Total cost of sales | D14: -1.0726214e+09 | E14: -1118797912 | F14: -1.0408727e+09 | G14: -1.3722013e+09 | H14: -1.4523969e+09 | I14: -1393709689 | J14: -1371430531
A15: $ | B15: Thousands | C15: Gross margin retail | D15: 3.1610893e+08 | E15: 314270073 | F15: 242365802 | G15: 460739467 | H15: 4.1065634e+08 | I15: 350640019 | J15: 425332542
... A35: $ | B35: Thousands | C35: EBITDA: Operating result plus depreciation and amortization | D35: 1.1529095e+08 | E35: 101927649 | F35: 17911240 | G35: 1.9861959e+08 | H35: 85304862 | I35: -17123982 | J35: 173240926

Sheet Income Statement (Q)
A1: Currency | B1: Unit | C1: Description | D1: Q1 18 | E1: Q2 18 | F1: Q3 18 | G1: Q4 18 | H1: Q1 19 | I1: Q2 19 | J1: Q3 19 | K1: Q4 19 | L1: Q1 20 | M1: Q2 20 | N1: Q3 20 | O1: Q4 20 | P1: Q1 21 | Q1: Q2 21 | R1: Q3 21 | S1: Q4 21 | T1: Q1 22 | U1: Q2 22 | V1: Q3 22 | W1: Q4 22 | X1: Q1 23 | Y1: Q2 23 | Z1: Q3 23 | AA1: Q4 23 | AB1: Q1 24 | AC1: Q2 24 | AD1: Q3 24 | AE1: Q4 24
C2: Period Ended On (MM/DD/YYYY) | D2: 03/31/2018 | E2: 06/30/2018 | F2: 09/30/2018 | G2: 12/31/2018 | H2: 03/31/2019 | I2: 06/30/2019 | J2: 09/30/2019 | K2: 12/31/2019 | L2: 03/31/2020 | M2: 06/30/2020 | N2: 09/30/2020 | O2: 12/31/2020 | P2: 03/31/2021 | Q2: 06/30/2021 | R2: 09/30/2021 | S2: 12/31/2021 | T2: 03/31/2022 | U2: 06/30/2022 | V2: 09/30/2022 | W2: 12/31/2022 | X2: 03/31/2023 | Y2: 06/30/2023 | Z2: 09/30/2023 | AA2: 12/31/2023 | AB2: 03/31/2024 | AC2: 06/30/2024 | AD2: 09/30/2024 | AE2: 12/31/2023
C3: Reported Date (MM/DD/YYYY) | D3: 05/31/2018 | E3: 08/30/2018 | F3: 11/30/2018 | G3: 03/27/2019 | H3: 05/31/2019 | I3: 08/30/2019 | J3: 11/30/2019 | K3: 03/27/2020 | L3: 05/30/2020 | M3: 08/28/2020 | N3: 11/27/2020 | O3: 03/26/2021 | P3: 05/28/2021 | Q3: 08/27/2021 | R3: 11/26/2021 | S3: 03/08/2022 | T3: 05/24/2022 | U3: 08/24/2022 | V3: 11/22/2022 | W3: 03/31/2023 | X3: 05/26/2023 | Y3: 09/01/2023 | Z3: 11/24/2023 | AA3: 03/15/2024 | AB3: 05/15/2024 | AC3: 08/28/2024 | AD3: 11/13/2024 | AE3: 03/13/2025
A4: $ | B4: Thousands | C4: Retail revenue | D4: 256344133 | E4: 315247911 | F4: 2.6755135e+08 | G4: 384278411 | H4: 266646077 | I4: 315353091 | J4: 274330188 | K4: 364038500 | L4: 232064974 | M4: 105928029 | N4: 285605817 | O4: 469389256 | P4: 301857450 | Q4: 382191405 | R4: 472402579 | S4: 582873690 | T4: 354990016 | U4: 400866713 | V4: 353594563 | W4: 4.9645616e+08 | X4: 308647525 | Y4: 343667265 | Z4: 300333108 | AA4: 452925062 | AB4: 321038451 | AC4: 380501105 | AD4: 3.3402207e+08 | AE4: 504936245
A5: $ | B5: Thousands | C5: Bank revenue | D5: 110932802 | E5: 113804310 | F5: 1.1343186e+08 | G5: 114754686 | H5: 118328210 | I5: 122333905 | J5: 122508409 | K5: 120675907 | L5: 120809187 | M5: 101129082 | N5: 88264235 | O5: 77627979 | P5: 70560828 | Q5: 69016936 | R5: 76320636 | S5: 85862654 | T5: 96182613 | U5: 106864635 | V5: 108427267 | W5: 1.2503612e+08 | X5: 116147244 | Y5: 118847849 | Z5: 120700669 | AA5: 126624635 | AB5: 125655691 | AC5: 119429991 | AD5: 1.1952067e+08 | AE5: 123853318
A6: $ | B6: Thousands | C6: Real estate revenues | D6: 5385797 | E6: 5633998 | F6: 5431934.7 | G6: 8204604 | H6: 5814417 | I6: 6110266 | J6: 5197351 | K6: 6089487 | L6: 5174023 | M6: 3178938 | N6: 2406391 | O6: 7088943 | P6: 3508418 | Q6: 4373441 | R6: 4242693 | S6: 8985353 | T6: 6416952 | U6: 7043782 | V6: 7968336 | W6: 10854302 | X6: 7893574 | Y6: 8103351 | Z6: 9354046 | AA6: 13173442 | AB6: 14293260 | AC6: 14106054 | AD6: 14159406 | AE6: 15312991
A7: $ | B7: Thousands | C7: Total revenue | D7: 372662732 | E7: 434686219 | F7: 3.8641515e+08 | G7: 507237701 | H7: 390788704 | I7: 443797262 | J7: 402035948 | K7: 490803894 | L7: 358048184 | M7: 210236049 | N7: 3.7627644e+08 | O7: 554106178 | P7: 375926696 | Q7: 4.5558178e+08 | R7: 5.5296591e+08 | S7: 677721697 | T7: 457589581 | U7: 514775130 | V7: 469990166 | W7: 6.3234658e+08 | X7: 432688343 | Y7: 470618465 | Z7: 430387823 | AA7: 592723139 | AB7: 460987402 | AC7: 514037150 | AD7: 4.6770215e+08 | AE7: 644102554
A8: $ | B8: Thousands | C8: Cost of sales retail | D8: -190548104 | E8: -230572908 | F8: -2.1142533e+08 | G8: -274766540 | H8: -199709167 | I8: -233269124 | J8: -210381942 | K8: -262737550 | L8: -175060258 | M8: -91578008 | N8: -240244871 | O8: -343739137 | P8: -233732731 | Q8: -292588111 | R8: -348029169 | S8: -404235646 | T8: -262059587 | U8: -299648504 | V8: -270692893 | W8: -3.6285013e+08 | X8: -239259199 | Y8: -257938061 | Z8: -228936361 | AA8: -328799321 | AB8: -240172883 | AC8: -274971700 | AD8: -2.4929059e+08 | AE8: -350730156
A9: $ | B9: Thousands | C9: Cost of sales bank | D9: -40908569 | E9: -40486219 | F9: -39249915 | G9: -44663865 | H9: -47122412 | I9: -50255093 | J9: -50127628 | K9: -65194996 | L9: -61051362 | M9: -65580273 | N9: -34328842 | O9: -29289952 | P9: -21528369 | Q9: -17650184 | R9: -17994618 | S9: -36442485 | T9: -44589348 | U9: -59396239 | V9: -69782554 | W9: -83377656 | X9: -75866786 | Y9: -86372412 | Z9: -82840440 | AA9: -86790477 | AB9: -73889077 | AC9: -65990339 | AD9: -51678311 | AE9: -55727643
A10: $ | B10: Thousands | C10: Interest and indexation expense | D10: -10217520 | E10: -12237777 | F10: -11609021 | G10: -11858015 | H10: -11626967 | I10: -13096907 | J10: -12559994 | K10: -12429459 | L10: -12453072 | M10: -11246206 | N10: -9274381.1 | O10: -8349747.2 | P10: -7210367.8 | Q10: -5866509.6 | R10: -5139887.9 | S10: -7270843.3 | T10: -11172995 | U10: -18443904 | V10: -23264619 | W10: -25719872 | X10: -25782221 | Y10: -27792852 | Z10: -25556387 | AA10: -25072555 | AB10: -22263834 | AC10: -20379966 | AD10: -18017457 | AE10: -15866236
A11: $ | B11: Thousands | C11: Cost of risk, net | D11: -26893791 | E11: -24312454 | F11: -24901990 | G11: -29970937 | H11: -31141664 | I11: -32232459 | J11: -32651465 | K11: -48084758 | L11: -43091339 | M11: -50023541 | N11: -19744053 | O11: -15352794 | P11: -8694474 | Q11: -5854059 | R11: -7289016 | S11: -23431188 | T11: -27526666 | U11: -33667251 | V11: -39118572 | W11: -50857097 | X11: -42533347 | Y11: -50885021 | Z11: -48855597 | AA11: -52869557 | AB11: -43335158 | AC11: -37019987 | AD11: -26786252 | AE11: -32169491
A12: $ | B12: Thousands | C12: Other | D12: -3797257.6 | E12: -3935987.9 | F12: -2738903.5 | G12: -2834913.2 | H12: -4353780.7 | I12: -4925727.3 | J12: -4916169 | K12: -4680779 | L12: -5506951 | M12: -4310526.2 | N12: -5310408.2 | O12: -5587410.8 | P12: -5623527.2 | Q12: -5929614.9 | R12: -5565714.2 | S12: -5740453.7 | T12: -5889687 | U12: -7285084.6 | V12: -7399363 | W12: -6800687.4 | X12: -7551218 | Y12: -7694538.7 | Z12: -8428456 | AA12: -8848365.1 | AB12: -8290084.8 | AC12: -8590386 | AD12: -6874601.1 | AE12: -7691915.6
A13: $ | B13: Thousands | C13: Real estate costs | D13: 0 | E13: 0 | F13: 0 | G13: 0 | H13: 0 | I13: 0 | J13: 0 | K13: 0 | L13: 0 | M13: 0 | N13: 0 | O13: 0 | P13: 0 | Q13: 0 | R13: 0 | S13: 0 | T13: 0 | U13: 0 | V13: 0 | W13: 0 | X13: -985882.79 | Y13: -1038531 | Z13: 0 | AA13: -3582395.7 | AB13: -1827503 | AC13: -1487577 | AD13: -1537848 | AE13: -4126901
A14: $ | B14: Thousands | C14: Total cost of sales | D14: -231456673 | E14: -271059127 | F14: -2.5067524e+08 | G14: -319430405 | H14: -246831579 | I14: -283524217 | J14: -260509570 | K14: -327932546 | L14: -236111620 | M14: -157158281 | N14: -2.7457371e+08 | O14: -373029089 | P14: -255261100 | Q14: -3.1023829e+08 | R14: -3.6602379e+08 | S14: -440678131 | T14: -306648935 | U14: -3.5904474e+08 | V14: -340475447 | W14: -4.4622778e+08 | X14: -3.1611187e+08 | Y14: -3.45349e+08 | Z14: -311776801 | AA14: -4.1917219e+08 | AB14: -315889463 | AC14: -342449616 | AD14: -3.0250675e+08 | AE14: -410584700
A15: $ | B15: Thousands | C15: Gross margin retail | D15: 65796029 | E15: 84675003 | F15: 56126023 | G15: 109511871 | H15: 66936910 | I15: 82083967 | J15: 63948246 | K15: 101300950 | L15: 57004716 | M15: 14350021 | N15: 45360946 | O15: 125650119 | P15: 68124719 | Q15: 89603294 | R15: 124373410 | S15: 178638044 | T15: 92930429 | U15: 101218209 | V15: 82901670 | W15: 1.3360603e+08 | X15: 69388326 | Y15: 85729204 | Z15: 71396747 | AA15: 124125741 | AB15: 80865568 | AC15: 105529405 | AD15: 84731482 | AE15: 154206089
... A35: $ | B35: Thousands | C35: EBITDA: Operating result plus depreciation and amortization | D35: 22524600 | E35: 33551561 | F35: 17266067 | G35: 41948725 | H35: 28131957 | I35: 37766681 | J35: 22824637 | K35: 13204375 | L35: 11701758 | M35: -31362016 | N35: -556128 | O35: 38127626 | P35: 13472115 | Q35: 35133076 | R35: 66007119 | S35: 84007282 | T35: 27673426 | U35: 21880697 | V35: -1799007 | W35: 37549746 | X35: -12066140 | Y35: -6346828.9 | Z35: -13593113 | AA35: 14891233 | AB35: 22089829 | AC35: 39807227 | AD35: 31639106 | AE35: 79704769

Sheet Balance Sheet (Y)
A1: Currency | B1: Unit | C1: Description | D1: FY 18 | E1: FY 19 | F1: FY 20 | G1: FY 21 | H1: FY 22 | I1: FY 23 | J1: FY 24
C2: Period Ended On (MM/DD/YYYY) | D2: 12/31/2018 | E2: 12/31/2019 | F2: 12/31/2020 | G2: 12/31/2021 | H2: 12/31/2022 | I2: 12/31/2023 | J2: 12/31/2024
C3: Reported Date (MM/DD/YYYY) | D3: 03/27/2019 | E3: 03/27/2020 | F3: 03/26/2021 | G3: 03/08/2022 | H3: 03/31/2023 | I3: 03/15/2024 | J3: 03/13/2025
C4: Assets
C5: Current Assets
A6: $ | B6: Thousands | C6: Cash and cash equivalents and other financial assets | D6: 264117602 | E6: 393063524 | F6: 7.6860398e+08 | G6: 535390649 | H6: 437132358 | I6: =+'[1]Activo (new)'!E10+'[1]Activo (new)'!E11 -> 368123140 | J6: =+'[1]Activo (new)'!C10+'[1]Activo (new)'!C11 -> 370209726
A7: $ | B7: Thousands | C7: Other non-financial assets | D7: 11221723 | E7: 9251422 | F7: 10668516 | G7: 22446010 | H7: 16801843 | I7: =+'[1]Activo (new)'!E12 -> 18285844 | J7: =+'[1]Activo (new)'!C12 -> 26252053
A8: $ | B8: Thousands | C8: Trade and other payables net | D8: 788649733 | E8: 832032336 | F8: 6.0810517e+08 | G8: 664944100 | H8: 779981399 | I8: =+'[1]Activo (new)'!E13 -> 772097972 | J8: =+'[1]Activo (new)'!C13 -> 805923607
A9: $ | B9: Thousands | C9: Accounts receivable from related entities | D9: 5188446 | E9: 1435081 | F9: 37732 | G9: 502795 | H9: 49655 | I9: =+'[1]Activo (new)'!E14 -> 49655 | J9: =+'[1]Activo (new)'!C14 -> 49653
A10: $ | B10: Thousands | C10: Inventories | D10: 290329422 | E10: 278861232 | F10: 264222889 | G10: 350247522 | H10: 368748336 | I10: =+'[1]Activo (new)'!E15 -> 310547978 | J10: =+'[1]Activo (new)'!C15 -> 342818121
A11: $ | B11: Thousands | C11: Tax assets | D11: 26720438 | E11: 69131336 | F11: 37685367 | G11: 40054188 | H11: 44890697 | I11: =+'[1]Activo (new)'!E16 -> 46236838 | J11: =+'[1]Activo (new)'!C16 -> 32999288
A12: $ | B12: Thousands | C12: Total current assets before assets classified as held for sale | D12: 1386227364 | E12: 1583774931 | F12: 1689323653 | G12: 1613585264 | H12: 1647604288 | I12: =+SUM(I6:I11) -> 1515341427 | J12: =+SUM(J6:J11) -> 1578252448
A13: $ | B13: Thousands | C13: Current assets classified as held for sale | D13: 47141386 | E13: 9748863 | F13: 0 | G13: 0 | H13: 161724991 | I13: 0 | J13: 0
A14: $ | B14: Thousands | C14: Total current assets | D14: 1433368750 | E14: 1593523794 | F14: 1689323653 | G14: 1613585264 | H14: 1809329279 | I14: =+I12 -> 1515341427 | J14: =+J12 -> 1578252448
C15: Non-current Assets
A16: $ | B16: Thousands | C16: Other financial assets | D16: 48375144 | E16: 96069836 | F16: 58754728 | G16: 62443768 | H16: 132459569 | I16: =+'[1]Activo (new)'!E23 -> 158549031 | J16: =+'[1]Activo (new)'!C23 -> 186987605
A17: $ | B17: Thousands | C17: Other non-financial assets | D17: 11395134 | E17: 4234156 | F17: 8241835 | G17: 10100158 | H17: 10866376 | I17: =+'[1]Activo (new)'!E24 -> 11370817 | J17: =+'[1]Activo (new)'!C24 -> 12444887
A18: $ | B18: Thousands | C18: Trade and other payables | D18: 453391513 | E18: 467990883 | F18: 342429458 | G18: 397908897 | H18: 490598869 | I18: =+'[1]Activo (new)'!E25 -> 431786298 | J18: =+'[1]Activo (new)'!C25 -> 485168965
A19: $ | B19: Thousands | C19: Investments in associates | D19: 248247467 | E19: 270691351 | F19: 254428936 | G19: 259209920 | H19: 122742508 | I19: =+'[1]Activo (new)'!E27 -> 142821150 | J19: =+'[1]Activo (new)'!C27 -> 151185255
A20: $ | B20: Thousands | C20: Intangible assets other than goodwill | D20: 73346334 | E20: 76444489 | F20: 71392902 | G20: 78803601 | H20: 88850103 | I20: =+'[1]Activo (new)'!E28 -> 100236892 | J20: =+'[1]Activo (new)'!C28 -> 105380349
A21: $ | B21: Thousands | C21: Goodwill property plant and equipment and investment properties | D21: 578378765 | E21: 612506934 | F21: 601904919 | G21: 637351983 | H21: 692063174 | I21: =+'[1]Activo (new)'!E29+'[1]Activo (new)'!E30+'[1]Activo (new)'!E32 -> 802631282 | J21: =+'[1]Activo (new)'!C29+'[1]Activo (new)'!C30+'[1]Activo (new)'!C32 -> 878273532
A22: $ | B22: Thousands | C22: Rights of use | D22: 0 | E22: 342601743 | F22: 316351965 | G22: 322198867 | H22: 323189341 | I22: =+'[1]Activo (new)'!E31 -> 344947197 | J22: =+'[1]Activo (new)'!C31 -> 313895651
A23: $ | B23: Thousands | C23: Deferred tax assets | D23: 106253410 | E23: 145255546 | F23: 174226659 | G23: 155433517 | H23: 195180772 | I23: =+'[1]Activo (new)'!E33 -> 228591035 | J23: =+'[1]Activo (new)'!C33 -> 232562793
A24: $ | B24: Thousands | C24: Total non-current assets | D24: 1519387767 | E24: 2015794938 | F24: 1827731402 | G24: 1923450711 | H24: 2055950712 | I24: =+SUM(I16:I23) -> 2220933702 | J24: =+SUM(J16:J23) -> 2365899037
A25: $ | B25: Thousands | C25: Total assets | D25: 2952756517 | E25: 3609318732 | F25: 3517055055 | G25: 3537035975 | H25: 3865279991 | I25: =+I24+I14 -> 3736275129 | J25: =+J24+J14 -> 3944151485
C26: Current Liabilities
A27: $ | B27: Thousands | C27: Other financial liabilities | D27: 822726141 | E27: 964179060 | F27: 1065484558 | G27: 937987157 | H27: 1118739018 | I27: =+'[1]Pasivo (new)'!E10 -> 1225901322 | J27: =+'[1]Pasivo (new)'!C10 -> 1228354649
A28: $ | B28: Thousands | C28: Lease liabilities | D28: 0 | E28: 29229836 | F28: 32197778 | G28: 39250898 | H28: 40261505 | I28: =+'[1]Pasivo (new)'!E11 -> 53477569 | J28: =+'[1]Pasivo (new)'!C11 -> 50299936
A29: $ | B29: Thousands | C29: Trade and other payables | D29: 354953547 | E29: 349896202 | F29: 394181348 | G29: 500790869 | H29: 469484458 | I29: =+'[1]Pasivo (new)'!E12 -> 454852383 | J29: =+'[1]Pasivo (new)'!C12 -> 498503296
A30: $ | B30: Thousands | C30: Accounts payable to related entities | D30: 17795563 | E30: 25909590 | F30: 4747679 | G30: 4931964 | H30: 5031150 | I30: =+'[1]Pasivo (new)'!E13 -> 1770990 | J30: =+'[1]Pasivo (new)'!C13 -> 14001201
A31: $ | B31: Thousands | C31: Other provisions | D31: 18581790 | E31: 36749635 | F31: 37315423 | G31: 33041763 | H31: 30296891 | I31: =+'[1]Pasivo (new)'!E14 -> 33553352 | J31: =+'[1]Pasivo (new)'!C14 -> 22668401
A32: $ | B32: Thousands | C32: Tax liabilities | D32: 8323272 | E32: 7452440 | F32: 3658650 | G32: 6801472 | H32: 1300078 | I32: =+'[1]Pasivo (new)'!E15 -> 368477 | J32: =+'[1]Pasivo (new)'!C15 -> 4824292
A33: $ | B33: Thousands | C33: Other passives | D33: 25593581 | E33: 25532611 | F33: 33068084 | G33: 33860401 | H33: 29468453 | I33: =+'[1]Pasivo (new)'!E16+'[1]Pasivo (new)'!E17 -> 26952308 | J33: =+'[1]Pasivo (new)'!C16+'[1]Pasivo (new)'!C17 -> 27044726
A34: $ | B34: Thousands | C34: Total current liabilities before classified as held for sale | D34: 1247973894 | E34: 1438949374 | F34: 1570653520 | G34: 1556664524 | H34: 1694581553 | I34: =+SUM(I27:I33) -> 1796876401 | J34: =+SUM(J27:J33) -> 1845696501
A35: $ | B35: Thousands | C35: Current liabilities classified as held for sale | D35: 219405 | E35: 391113 | F35: 0 | G35: 0 | H35: 0 | I35: 0 | J35: 0
A36: $ | B36: Thousands | C36: Total current liabilities | D36: 1248193299 | E36: 1439340487 | F36: 1570653520 | G36: 1556664524 | H36: 1694581553 | I36: =+I34 -> 1796876401 | J36: =+J34 -> 1845696501
C37: Non-current Liabilities
A38: $ | B38: Thousands | C38: Other financial liabilities | D38: 647217370 | E38: 606350406 | F38: 519314805 | G38: 455947883 | H38: 582826558 | I38: =+'[1]Pasivo (new)'!E23 -> 364356911 | J38: =+'[1]Pasivo (new)'!C23 -> 448896738
A39: $ | B39: Thousands | C39: Lease liabilities | D39: 0 | E39: 359230726 | F39: 349057727 | G39: 356206431 | H39: 387659813 | I39: =+'[1]Pasivo (new)'!E24 -> 473283805 | J39: =+'[1]Pasivo (new)'!C24 -> 428228550
A40: $ | B40: Thousands | C40: Accounts payable | D40: 177915 | E40: 1316230 | F40: 874755 | G40: 469176 | H40: 265500 | I40: =+'[1]Pasivo (new)'!E25 -> 164203 | J40: =+'[1]Pasivo (new)'!C25 -> 254485
A41: $ | B41: Thousands | C41: Accounts payable to related entities | D41: 0 | E41: 85370605 | F41: 83966780 | G41: 85309545 | H41: 66654566 | I41: =+'[1]Pasivo (new)'!E26 -> 21144976 | J41: =+'[1]Pasivo (new)'!C26 -> 20191676
A42: $ | B42: Thousands | C42: Other provisions | D42: 0 | E42: 12591547 | F42: 13048717 | G42: 15334132 | H42: 17611658 | I42: =+'[1]Pasivo (new)'!E27 -> 19427176 | J42: =+'[1]Pasivo (new)'!C27 -> 20720887
A43: $ | B43: Thousands | C43: Deferred tax liabilities | D43: 49797860 | E43: 61742666 | F43: 78712214 | G43: 84485826 | H43: 92828433 | I43: =+'[1]Pasivo (new)'!E28 -> 98344686 | J43: =+'[1]Pasivo (new)'!C28 -> 114025975
A44: $ | B44: Thousands | C44: Other passives | D44: 16958012 | E44: 9726555 | F44: 10397039 | G44: 10387406 | H44: 10677552 | I44: =+'[1]Pasivo (new)'!E29+'[1]Pasivo (new)'!E30 -> 11446822 | J44: =+'[1]Pasivo (new)'!C29+'[1]Pasivo (new)'!C30 -> 11274885
A45: $ | B45: Thousands | C45: Total non-current liabilities | D45: 714151157 | E45: 1136328735 | F45: 1055372037 | G45: 1008140399 | H45: 1158524080 | I45: =+SUM(I38:I44) -> 988168579 | J45: =+SUM(J38:J44) -> 1043593196
A46: $ | B46: Thousands | C46: Equity | D46: 990412061 | E46: 1033649510 | F46: 891029498 | G46: 972231052 | H46: 1012174358 | I46: =+'[1]Pasivo (new)'!E59 -> 951230149 | J46: =+'[1]Pasivo (new)'!C59 -> 1054861788
A47: $ | B47: Thousands | C47: Total equity and liabilities | D47: 2952756517 | E47: 3609318732 | F47: 3517055055 | G47: 3537035975 | H47: 3865279991 | I47: =+I46+I45+I36 -> 3736275129 | J47: =+J46+J45+J36 -> 3944151485

Sheet Balance Sheet (Q)
A1: Currency | B1: Unit | C1: Description | D1: Q1 18 | E1: Q2 18 | F1: Q3 18 | G1: Q4 18 | H1: Q1 19 | I1: Q2 19 | J1: Q3 19 | K1: Q4 19 | L1: Q1 20 | M1: Q2 20 | N1: Q3 20 | O1: Q4 20 | P1: Q1 21 | Q1: Q2 21 | R1: Q3 21 | S1: Q4 21 | T1: Q1 22 | U1: Q2 22 | V1: Q3 22 | W1: Q4 22 | X1: Q1 23 | Y1: Q2 23 | Z1: Q3 23 | AA1: Q4 23 | AB1: Q1 24 | AC1: Q2 24 | AD1: Q3 24 | AE1: Q4 24
C2: Period Ended On (MM/DD/YYYY) | D2: 03/31/2018 | E2: 06/30/2018 | F2: 09/30/2018 | G2: 12/31/2018 | H2: 03/31/2019 | I2: 06/30/2019 | J2: 09/30/2019 | K2: 12/31/2019 | L2: 03/31/2020 | M2: 06/30/2020 | N2: 09/30/2020 | O2: 12/31/2020 | P2: 03/31/2021 | Q2: 06/30/2021 | R2: 09/30/2021 | S2: 12/31/2021 | T2: 03/31/2022 | U2: 06/30/2022 | V2: 09/30/2022 | W2: 12/31/2022 | X2: 03/31/2023 | Y2: 06/30/2023 | Z2: 09/30/2023 | AA2: 12/31/2023 | AB2: 03/31/2024 | AC2: 06/30/2024 | AD2: 09/30/2024 | AE2: 12/31/2023
C3: Reported Date (MM/DD/YYYY) | D3: 05/31/2018 | E3: 08/30/2018 | F3: 11/30/2018 | G3: 03/27/2019 | H3: 05/31/2019 | I3: 08/30/2019 | J3: 11/30/2019 | K3: 03/27/2020 | L3: 05/30/2020 | M3: 08/28/2020 | N3: 11/27/2020 | O3: 03/26/2021 | P3: 05/28/2021 | Q3: 08/27/2021 | R3: 11/26/2021 | S3: 03/08/2022 | T3: 05/24/2022 | U3: 08/24/2022 | V3: 11/22/2022 | W3: 03/31/2023 | X3: 05/26/2023 | Y3: 09/01/2023 | Z3: 11/24/2023 | AA3: 03/15/2024 | AB3: 05/15/2024 | AC3: 08/28/2024 | AD3: 11/13/2024 | AE3: 03/13/2025
C4: Assets
C5: Current Assets
A6: $ | B6: Thousands | C6: Cash and cash equivalents and other financial assets | D6: 201398935 | E6: 244476732 | F6: 243772158 | G6: 264117602 | H6: 264607755 | I6: 237660591 | J6: 312263218 | K6: 393063524 | L6: 360238854 | M6: 494438123 | N6: 678650535 | O6: 7.6860398e+08 | P6: 710409534 | Q6: 686817793 | R6: 647412733 | S6: 535390649 | T6: 393778162 | U6: 477826580 | V6: 417961935 | W6: 437132358 | X6: 371786027 | Y6: 396240601 | Z6: 350250364 | AA6: 368123140 | AB6: 371049837 | AC6: 275424549 | AD6: 321030440 | AE6: =+'Balance Sheet (Y)'!J6 -> 370209726
A7: $ | B7: Thousands | C7: Other non-financial assets | D7: 9271166 | E7: 10374262 | F7: 10602154 | G7: 11221723 | H7: 13844075 | I7: 11163671 | J7: 10768562 | K7: 9251422 | L7: 11166861 | M7: 9428352 | N7: 7571357 | O7: 10668516 | P7: 10633368 | Q7: 10983406 | R7: 19961626 | S7: 22446010 | T7: 22098759 | U7: 22037347 | V7: 23228933 | W7: 16801843 | X7: 18714750 | Y7: 14501757 | Z7: 13731529 | AA7: 18285844 | AB7: 22085502 | AC7: 16361471 | AD7: 18764625 | AE7: =+'Balance Sheet (Y)'!J7 -> 26252053
A8: $ | B8: Thousands | C8: Trade and other payables net | D8: 731183776 | E8: 761720935 | F8: 744834748 | G8: 788649733 | H8: 824566745 | I8: 848466925 | J8: 819168914 | K8: 832032336 | L8: 808546347 | M8: 690888174 | N8: 598825034 | O8: 6.0810517e+08 | P8: 555685637 | Q8: 561406527 | R8: 567621654 | S8: 664944100 | T8: 688738535 | U8: 738329472 | V8: 729642513 | W8: 779981399 | X8: 896268190 | Y8: 731307644 | Z8: 715891287 | AA8: 772097972 | AB8: 733221999 | AC8: 726597313 | AD8: 729871880 | AE8: =+'Balance Sheet (Y)'!J8 -> 805923607
A9: $ | B9: Thousands | C9: Accounts receivable from related entities | D9: 4322423 | E9: 20371328 | F9: 1845543 | G9: 5188446 | H9: 5991408 | I9: 1317200 | J9: 2678112 | K9: 1435081 | L9: 1398024 | M9: 35664 | N9: 35730 | O9: 37732 | P9: 39753 | Q9: 41798 | R9: 43865 | S9: 502795 | T9: 504971 | U9: 49655 | V9: 49654 | W9: 49655 | X9: 49655 | Y9: 49655 | Z9: 49655 | AA9: 49656 | AB9: 49655 | AC9: 49655 | AD9: 49655 | AE9: =+'Balance Sheet (Y)'!J9 -> 49653
A10: $ | B10: Thousands | C10: Inventories | D10: 260535169 | E10: 266871140 | F10: 293089429 | G10: 290329422 | H10: 300492323 | I10: 289437256 | J10: 308036947 | K10: 278861232 | L10: 302486044 | M10: 297653667 | N10: 308062148 | O10: 264222889 | P10: 299847575 | Q10: 292584999 | R10: 346378822 | S10: 350247522 | T10: 405151235 | U10: 419357172 | V10: 453633490 | W10: 368748336 | X10: 368637162 | Y10: 331969961 | Z10: 363019732 | AA10: 310547978 | AB10: 355273019 | AC10: 343384436 | AD10: 372443414 | AE10: =+'Balance Sheet (Y)'!J10 -> 342818121
A11: $ | B11: Thousands | C11: Tax assets | D11: 31978172 | E11: 28575348 | F11: 27206840 | G11: 26720438 | H11: 27675196 | I11: 34814637 | J11: 37230961 | K11: 69131336 | L11: 69842072 | M11: 41418733 | N11: 23340816 | O11: 37685367 | P11: 37031123 | Q11: 22244267 | R11: 21995896 | S11: 40054188 | T11: 42580990 | U11: 24083100 | V11: 29981261 | W11: 44890697 | X11: 52630786 | Y11: 30764401 | Z11: 33341086 | AA11: 46236838 | AB11: 51360776 | AC11: 48743540 | AD11: 33178605 | AE11: =+'Balance Sheet (Y)'!J11 -> 32999288
A12: $ | B12: Thousands | C12: Total current assets before assets classified as held for sale | D12: 1238689641 | E12: 1332389745 | F12: 1321350872 | G12: 1386227364 | H12: 1437177502 | I12: 1422860280 | J12: 1490146714 | K12: 1583774931 | L12: 1553678202 | M12: 1533862713 | N12: 1616485620 | O12: 1689323653 | P12: 1613646990 | Q12: 1574078790 | R12: 1603414596 | S12: 1613585264 | T12: 1552852652 | U12: 1681683326 | V12: 1654497786 | W12: 1647604288 | X12: 1708086570 | Y12: 1504834019 | Z12: 1476283653 | AA12: 1515341428 | AB12: 1533040788 | AC12: 1410560964 | AD12: 1475338619 | AE12: =+'Balance Sheet (Y)'!J12 -> 1578252448
A13: $ | B13: Thousands | C13: Current assets classified as held for sale | D13: 51623489 | E13: 47236665 | F13: 47294854 | G13: 47141386 | H13: 47067268 | I13: 47160428 | J13: 47262312 | K13: 9748863 | L13: 7663662 | M13: 7663662 | N13: 186485411 | O13: 0 | P13: 168610786 | Q13: 168610786 | R13: 168610786 | S13: 0 | T13: 0 | U13: 0 | V13: 161724991 | W13: 161724991 | X13: 0 | Y13: 0 | Z13: 0 | AA13: 0 | AB13: 0 | AC13: 0 | AD13: 0 | AE13: =+'Balance Sheet (Y)'!J13 -> 0
A14: $ | B14: Thousands | C14: Total current assets | D14: 1290313130 | E14: 1379626410 | F14: 1368645726 | G14: 1433368750 | H14: 1484244770 | I14: 1470020708 | J14: 1537409026 | K14: 1593523794 | L14: 1561341864 | M14: 1541526375 | N14: 1802971031 | O14: 1689323653 | P14: 1782257776 | Q14: 1742689576 | R14: 1772025382 | S14: 1613585264 | T14: 1552852652 | U14: 1681683326 | V14: 1816222777 | W14: 1809329279 | X14: 1708086570 | Y14: 1504834019 | Z14: 1476283653 | AA14: 1515341428 | AB14: 1533040788 | AC14: 1410560964 | AD14: 1475338619 | AE14: =+'Balance Sheet (Y)'!J14 -> 1578252448
C15: Non-current Assets
A16: $ | B16: Thousands | C16: Other financial assets | D16: 43425737 | E16: 32951837 | F16: 30636436 | G16: 48375144 | H16: 58250485 | I16: 35930254 | J16: 79540907 | K16: 96069836 | L16: 123740374 | M16: 64238184 | N16: 58928082 | O16: 58754728 | P16: 49878338 | Q16: 66679949 | R16: 68528245 | S16: 62443768 | T16: 92434202 | U16: 106142513 | V16: 114372825 | W16: 132459569 | X16: 93573912 | Y16: 112125760 | Z16: 117315628 | AA16: 158549031 | AB16: 183784467 | AC16: 165439456 | AD16: 163991522 | AE16: =+'Balance Sheet (Y)'!J16 -> 186987605
A17: $ | B17: Thousands | C17: Other non-financial assets | D17: 15706562 | E17: 16513516 | F17: 16374135 | G17: 11395134 | H17: 6181791 | I17: 5435889 | J17: 4561292 | K17: 4234156 | L17: 4392947 | M17: 4042154 | N17: 4769008 | O17: 8241835 | P17: 7514661 | Q17: 8076198 | R17: 8596373 | S17: 10100158 | T17: 9604275 | U17: 10331054 | V17: 10614904 | W17: 10866376 | X17: 9839226 | Y17: 10156907 | Z17: 10715544 | AA17: 11370817 | AB17: 12501697 | AC17: 12546632 | AD17: 13314325 | AE17: =+'Balance Sheet (Y)'!J17 -> 12444887
A18: $ | B18: Thousands | C18: Trade and other payables | D18: 421325210 | E18: 428371079 | F18: 435009895 | G18: 453391513 | H18: 422444026 | I18: 423408449 | J18: 466717244 | K18: 467990883 | L18: 466931305 | M18: 426361806 | N18: 389404218 | O18: 342429458 | P18: 328445120 | Q18: 331690036 | R18: 344905720 | S18: 397908897 | T18: 429881523 | U18: 466356593 | V18: 466734883 | W18: 490598869 | X18: 469081298 | Y18: 458942197 | Z18: 447778804 | AA18: 431786298 | AB18: 452512831 | AC18: 435308977 | AD18: 406529576 | AE18: =+'Balance Sheet (Y)'!J18 -> 485168965
A19: $ | B19: Thousands | C19: Investments in associates | D19: 259877283 | E19: 233773993 | F19: 235788475 | G19: 248247467 | H19: 250949372 | I19: 250788036 | J19: 253503930 | K19: 270691351 | L19: 275755905 | M19: 272588096 | N19: 92091676 | O19: 254428936 | P19: 98250897 | Q19: 97662061 | R19: 98304702 | S19: 259209920 | T19: 261682695 | U19: 275217293 | V19: 116241901 | W19: 122742508 | X19: 124953898 | Y19: 127109443 | Z19: 132215652 | AA19: 142821150 | AB19: 146238755 | AC19: 148483483 | AD19: 144529979 | AE19: =+'Balance Sheet (Y)'!J19 -> 151185255
A20: $ | B20: Thousands | C20: Intangible assets other than goodwill | D20: 73678874 | E20: 74897735 | F20: 73385907 | G20: 73346334 | H20: 73112876 | I20: 72181955 | J20: 74220936 | K20: 76444489 | L20: 79235823 | M20: 77550184 | N20: 75403673 | O20: 71392902 | P20: 70930261 | Q20: 71827835 | R20: 73235467 | S20: 78803601 | T20: 79415802 | U20: 85470329 | V20: 88700054 | W20: 88850103 | X20: 88025356 | Y20: 93669537 | Z20: 96781720 | AA20: 100236892 | AB20: 104875909 | AC20: 102424054 | AD20: 103150603 | AE20: =+'Balance Sheet (Y)'!J20 -> 105380349
A21: $ | B21: Thousands | C21: Goodwill property plant and equipment and investment properties | D21: 524445894 | E21: 546406394 | F21: 554350614 | G21: 578378765 | H21: 555373928 | I21: 571373297 | J21: 527336135 | K21: 612506934 | L21: 669611511 | M21: 635644453 | N21: 607090936 | O21: 601904919 | P21: 585789317 | Q21: 571706019 | R21: 598331778 | S21: 637351983 | T21: 640417573 | U21: 707594638 | V21: 708449798 | W21: 692063174 | X21: 667236409 | Y21: 702541585 | Z21: 766031914 | AA21: 802631282 | AB21: 877228757 | AC21: 826916888 | AD21: 815430129 | AE21: =+'Balance Sheet (Y)'!J21 -> 878273532
A22: $ | B22: Thousands | C22: Rights of use | G22: 0 | H22: 338148831 | I22: 338315503 | J22: 346066614 | K22: 342601743 | L22: 349104350 | M22: 335979838 | N22: 325428564 | O22: 316351965 | P22: 313104590 | Q22: 310481660 | R22: 312097218 | S22: 322198867 | T22: 321264785 | U22: 340594057 | V22: 330586322 | W22: 323189341 | X22: 323342595 | Y22: 329215363 | Z22: 328888479 | AA22: 344947197 | AB22: 338313588 | AC22: 315076028 | AD22: 306860944 | AE22: =+'Balance Sheet (Y)'!J22 -> 313895651
A23: $ | B23: Thousands | C23: Deferred tax assets | D23: 82086642 | E23: 83128102 | F23: 90082323 | G23: 106253410 | H23: 126663850 | I23: 128431303 | J23: 120681239 | K23: 145255546 | L23: 161780329 | M23: 182531339 | N23: 184754979 | O23: 174226659 | P23: 184927480 | Q23: 181600850 | R23: 174239240 | S23: 155433517 | T23: 165425266 | U23: 182894989 | V23: 198806091 | W23: 195180772 | X23: 194361467 | Y23: 209801482 | Z23: 223662019 | AA23: 228591035 | AB23: 231847224 | AC23: 235315665 | AD23: 238967637 | AE23: =+'Balance Sheet (Y)'!J23 -> 232562793
A24: $ | B24: Thousands | C24: Total non-current assets | D24: 1420546202 | E24: 1416042656 | F24: 1435627785 | G24: 1519387767 | H24: 1831125159 | I24: 1825864686 | J24: 1872628297 | K24: 2015794938 | L24: 2130552544 | M24: 1998936054 | N24: 1737871136 | O24: 1827731402 | P24: 1638840664 | Q24: 1639724608 | R24: 1678238743 | S24: 1923450711 | T24: 2000126121 | U24: 2174601466 | V24: 2034506778 | W24: 2055950712 | X24: 1970414161 | Y24: 2043562274 | Z24: 2123389760 | AA24: 2220933702 | AB24: 2347303228 | AC24: 2241511183 | AD24: 2192774715 | AE24: =+'Balance Sheet (Y)'!J24 -> 2365899037
A25: $ | B25: Thousands | C25: Total assets | D25: 2710859332 | E25: 2795669066 | F25: 2804273511 | G25: 2952756517 | H25: 3315369929 | I25: 3295885394 | J25: 3410037323 | K25: 3609318732 | L25: 3691894408 | M25: 3540462429 | N25: 3540842167 | O25: 3517055055 | P25: 3421098440 | Q25: 3382414184 | R25: 3450264125 | S25: 3537035975 | T25: 3552978773 | U25: 3856284792 | V25: 3850729555 | W25: 3865279991 | X25: 3678500731 | Y25: 3548396293 | Z25: 3599673413 | AA25: 3736275130 | AB25: 3880344016 | AC25: 3652072147 | AD25: 3668113334 | AE25: =+'Balance Sheet (Y)'!J25 -> 3944151485
C26: Current Liabilities
A27: $ | B27: Thousands | C27: Other financial liabilities | D27: 726864420 | E27: 808925337 | F27: 760231081 | G27: 822726141 | H27: 934823344 | I27: 916954875 | J27: 971739866 | K27: 964179060 | L27: 1070328396 | M27: 1155674098 | N27: 1054775173 | O27: 1065484558 | P27: 1021279597 | Q27: 1025099651 | R27: 989150864 | S27: 937987157 | T27: 968841993 | U27: 1118648405 | V27: 1057058348 | W27: 1118739018 | X27: 1170365559 | Y27: 1148363361 | Z27: 1163996230 | AA27: 1225901323 | AB27: 1292040532 | AC27: 1253946514 | AD27: 1255167651 | AE27: =+'Balance Sheet (Y)'!J27 -> 1228354649
A28: $ | B28: Thousands | C28: Lease liabilities | G28: 0 | H28: 32664905 | I28: 27443195 | J28: 27268754 | K28: 29229836 | L28: 31485794 | M28: 31073922 | N28: 34682777 | O28: 32197778 | P28: 33517911 | Q28: 33782743 | R28: 36329611 | S28: 39250898 | T28: 37307517 | U28: 40275872 | V28: 40780512 | W28: 40261505 | X28: 45410272 | Y28: 47763558 | Z28: 50930687 | AA28: 53477569 | AB28: 57737382 | AC28: 53546163 | AD28: 67488459 | AE28: =+'Balance Sheet (Y)'!J28 -> 50299936
A29: $ | B29: Thousands | C29: Trade and other payables | D29: 281640072 | E29: 304567769 | F29: 281576431 | G29: 354953547 | H29: 290313229 | I29: 290573056 | J29: 293688260 | K29: 349896202 | L29: 272041489 | M29: 234820388 | N29: 334365708 | O29: 394181348 | P29: 332952979 | Q29: 368926715 | R29: 448538346 | S29: 500790869 | T29: 426356147 | U29: 436120528 | V29: 458806519 | W29: 469484458 | X29: 404942458 | Y29: 349225437 | Z29: 394318772 | AA29: 454852384 | AB29: 451891225 | AC29: 413965527 | AD29: 431267289 | AE29: =+'Balance Sheet (Y)'!J29 -> 498503296
A30: $ | B30: Thousands | C30: Accounts payable to related entities | D30: 20901656 | E30: 8648902 | F30: 10220566 | G30: 17795563 | H30: 21884998 | I30: 9756091 | J30: 30517029 | K30: 25909590 | L30: 25684004 | M30: 3994267 | N30: 4569748 | O30: 4747679 | P30: 4623509 | Q30: 4703240 | R30: 11793573 | S30: 4931964 | T30: 8181152 | U30: 10964571 | V30: 5075933 | W30: 5031150 | X30: 12191688 | Y30: 1699342 | Z30: 1721538 | AA30: 1770990 | AB30: 1799648 | AC30: 3606805 | AD30: 5439425 | AE30: =+'Balance Sheet (Y)'!J30 -> 14001201
A31: $ | B31: Thousands | C31: Other provisions | D31: 16027120 | E31: 17438680 | F31: 16970055 | G31: 18581790 | H31: 18647871 | I31: 19479796 | J31: 23641506 | K31: 36749635 | L31: 31385804 | M31: 33230816 | N31: 27349498 | O31: 37315423 | P31: 30000562 | Q31: 28516292 | R31: 27937739 | S31: 33041763 | T31: 28657847 | U31: 31541907 | V31: 40272167 | W31: 30296891 | X31: 23690568 | Y31: 21940807 | Z31: 22174156 | AA31: 33553352 | AB31: 26333407 | AC31: 23443281 | AD31: 23318254 | AE31: =+'Balance Sheet (Y)'!J31 -> 22668401
A32: $ | B32: Thousands | C32: Tax liabilities | D32: 10099035 | E32: 4789975 | F32: 5453853 | G32: 8323272 | H32: 6759276 | I32: 557360 | J32: 7062227 | K32: 7452440 | L32: 9836336 | M32: 5264396 | N32: 1118928 | O32: 3658650 | P32: 6105194 | Q32: 4762646 | R32: 5744615 | S32: 6801472 | T32: 8569401 | U32: 5265218 | V32: 3020064 | W32: 1300078 | X32: 1491704 | Y32: 133960 | Z32: 396005 | AA32: 368477 | AB32: 2104071 | AC32: 2982373 | AD32: 1105490 | AE32: =+'Balance Sheet (Y)'!J32 -> 4824292
A33: $ | B33: Thousands | C33: Other passives | D33: 22388635 | E33: 24645217 | F33: 24332586 | G33: 25593581 | H33: 23099958 | I33: 24483011 | J33: 25461642 | K33: 25532611 | L33: 25864486 | M33: 28600185 | N33: 29194861 | O33: 33068084 | P33: 30320934 | Q33: 35093694 | R33: 32841065 | S33: 33860401 | T33: 30379822 | U33: 32997784 | V33: 34260035 | W33: 29468453 | X33: 28771483 | Y33: 30992627 | Z33: 28904518 | AA33: 26952308 | AB33: 27575608 | AC33: 28679489 | AD33: 26157262 | AE33: =+'Balance Sheet (Y)'!J33 -> 27044726
A34: $ | B34: Thousands | C34: Total current liabilities before classified as held for sale | D34: 1077920938 | E34: 1169015880 | F34: 1098784572 | G34: 1247973894 | H34: 1328193581 | I34: 1289247384 | J34: 1379379284 | K34: 1438949374 | L34: 1466626309 | M34: 1492658072 | N34: 1486056693 | O34: 1570653520 | P34: 1458800686 | Q34: 1500884981 | R34: 1552335813 | S34: 1556664524 | T34: 1508293879 | U34: 1675814285 | V34: 1639273578 | W34: 1694581553 | X34: 1686863732 | Y34: 1600119092 | Z34: 1662441906 | AA34: 1796876403 | AB34: 1859481873 | AC34: 1780170152 | AD34: 1809943830 | AE34: =+'Balance Sheet (Y)'!J34 -> 1845696501
A35: $ | B35: Thousands | C35: Current liabilities classified as held for sale | D35: 388838 | E35: 398156 | F35: 398156 | G35: 219405 | H35: 215505 | I35: 217455 | J35: 214890 | K35: 391113 | L35: 0 | M35: 0 | N35: 0 | O35: 0 | P35: 0 | Q35: 0 | R35: 0 | S35: 0 | T35: 0 | U35: 0 | V35: 0 | W35: 0 | X35: 0 | Y35: 0 | Z35: 0 | AA35: 0 | AB35: 0 | AC35: 0 | AD35: 0 | AE35: =+'Balance Sheet (Y)'!J35 -> 0
A36: $ | B36: Thousands | C36: Total current liabilities | D36: 1078309776 | E36: 1169414036 | F36: 1099182728 | G36: 1248193299 | H36: 1328409086 | I36: 1289464839 | J36: 1379594174 | K36: 1439340487 | L36: 1466626309 | M36: 1492658072 | N36: 1486056693 | O36: 1570653520 | P36: 1458800686 | Q36: 1500884981 | R36: 1552335813 | S36: 1556664524 | T36: 1508293879 | U36: 1675814285 | V36: 1639273578 | W36: 1694581553 | X36: 1686863732 | Y36: 1600119092 | Z36: 1662441906 | AA36: 1796876403 | AB36: 1859481873 | AC36: 1780170152 | AD36: 1809943830 | AE36: =+'Balance Sheet (Y)'!J36 -> 1845696501
C37: Non-current Liabilities
A38: $ | B38: Thousands | C38: Other financial liabilities | D38: 635303686 | E38: 596874339 | F38: 668167733 | G38: 647217370 | H38: 584630503 | I38: 581251165 | J38: 536951418 | K38: 606350406 | L38: 596419024 | M38: 520420124 | N38: 593157973 | O38: 519314805 | P38: 550587345 | Q38: 484252593 | R38: 445892320 | S38: 455947883 | T38: 506674829 | U38: 538417401 | V38: 603896204 | W38: 582826558 | X38: 489051434 | Y38: 452762150 | Z38: 409609257 | AA38: 364356910 | AB38: 374527157 | AC38: 295726778 | AD38: 313247121 | AE38: =+'Balance Sheet (Y)'!J38 -> 448896738
A39: $ | B39: Thousands | C39: Lease liabilities | G39: 0 | H39: 303360079 | I39: 317828956 | J39: 334599392 | K39: 359230726 | L39: 383661396 | M39: 371268496 | N39: 359141328 | O39: 349057727 | P39: 344771117 | Q39: 339171710 | R39: 347018512 | S39: 356206431 | T39: 346754491 | U39: 378895055 | V39: 389961077 | W39: 387659813 | X39: 428458467 | Y39: 441839485 | Z39: 459116175 | AA39: 473283805 | AB39: 478371514 | AC39: 443977688 | AD39: 413708797 | AE39: =+'Balance Sheet (Y)'!J39 -> 428228550
A40: $ | B40: Thousands | C40: Accounts payable | D40: 97177 | E40: 156299 | F40: 36101 | G40: 177915 | H40: 357840 | I40: 680398 | J40: 262878 | K40: 1316230 | L40: 708181 | M40: 512782 | N40: 339987 | O40: 874755 | P40: 750619 | Q40: 599141 | R40: 565049 | S40: 469176 | T40: 421074 | U40: 487917 | V40: 3956029 | W40: 265500 | X40: 114264 | Y40: 200853 | Z40: 266031 | AA40: 164203 | AB40: 231448 | AC40: 239706 | AD40: 233332 | AE40: =+'Balance Sheet (Y)'!J40 -> 254485
A41: $ | B41: Thousands | C41: Accounts payable to related entities | D41: 0 | E41: 0 | F41: 0 | G41: 0 | H41: 77336653 | I41: 77137784 | J41: 85457609 | K41: 85370605 | L41: 85337087 | M41: 84720521 | N41: 83834671 | O41: 83966780 | P41: 83959504 | Q41: 84024355 | R41: 84101520 | S41: 85309545 | T41: 86111970 | U41: 88724213 | V41: 66019567 | W41: 66654566 | X41: 21717432 | Y41: 21605652 | Z41: 21239567 | AA41: 21144976 | AB41: 20870169 | AC41: 20679671 | AD41: 20397960 | AE41: =+'Balance Sheet (Y)'!J41 -> 20191676
A42: $ | B42: Thousands | C42: Other provisions | G42: 0 | H42: 11627561 | I42: 11883681 | J42: 12228256 | K42: 12591547 | L42: 13052537 | M42: 13090283 | N42: 13001263 | O42: 13048717 | P42: 13607846 | Q42: 13891322 | R42: 14447670 | S42: 15334132 | T42: 15569342 | U42: 16869948 | V42: 17638256 | W42: 17611658 | X42: 17774217 | Y42: 18304666 | Z42: 18930915 | AA42: 19427176 | AB42: 20210455 | AC42: 19928230 | AD42: 19909274 | AE42: =+'Balance Sheet (Y)'!J42 -> 20720887
A43: $ | B43: Thousands | C43: Deferred tax liabilities | D43: 43213175 | E43: 45012503 | F43: 46786997 | G43: 49797860 | H43: 49635590 | I43: 50416963 | J43: 49596989 | K43: 61742666 | L43: 67929011 | M43: 63150894 | N43: 59120624 | O43: 78712214 | P43: 79048260 | Q43: 77692407 | R43: 80468455 | S43: 84485826 | T43: 88596599 | U43: 96762731 | V43: 93928160 | W43: 92828433 | X43: 73790521 | Y43: 78123873 | Z43: 86815901 | AA43: 98344686 | AB43: 107365282 | AC43: 102790647 | AD43: 104420818 | AE43: =+'Balance Sheet (Y)'!J43 -> 114025975
A44: $ | B44: Thousands | C44: Other passives | D44: 16016950 | E44: 16263535 | F44: 16537160 | G44: 16958012 | H44: 9934438 | I44: 9778460 | J44: 9733818 | K44: 9726555 | L44: 9856754 | M44: 9928660 | N44: 10275797 | O44: 10397039 | P44: 10886633 | Q44: 10925405 | R44: 10878783 | S44: 10387406 | T44: 10189271 | U44: 10601177 | V44: 10521234 | W44: 10677552 | X44: 10460760 | Y44: 10781272 | Z44: 10311711 | AA44: 11446822 | AB44: 10838922 | AC44: 10845465 | AD44: 11089831 | AE44: =+'Balance Sheet (Y)'!J44 -> 11274885
A45: $ | B45: Thousands | C45: Total non-current liabilities | D45: 694630988 | E45: 658306676 | F45: 731527991 | G45: 714151157 | H45: 1036882664 | I45: 1048977407 | J45: 1028830360 | K45: 1136328735 | L45: 1156963990 | M45: 1063091760 | N45: 1118871643 | O45: 1055372037 | P45: 1083611324 | Q45: 1010556933 | R45: 983372309 | S45: 1008140399 | T45: 1054317576 | U45: 1130758442 | V45: 1185920527 | W45: 1158524080 | X45: 1041367095 | Y45: 1023617951 | Z45: 1006289557 | AA45: 988168578 | AB45: 1012414947 | AC45: 894188185 | AD45: 883007133 | AE45: =+'Balance Sheet (Y)'!J45 -> 1043593196
A46: $ | B46: Thousands | C46: Equity | D46: 937918568 | E46: 967948354 | F46: 973562792 | G46: 990412061 | H46: 950078179 | I46: 957443148 | J46: 1001612789 | K46: 1033649510 | L46: 1068304109 | M46: 984712597 | N46: 935913831 | O46: 891029498 | P46: 878686430 | Q46: 870972270 | R46: 914556003 | S46: 972231052 | T46: 990367318 | U46: 1049712065 | V46: 1025535450 | W46: 1012174358 | X46: 950269904 | Y46: 924659250 | Z46: 930941950 | AA46: 951230149 | AB46: 1008447196 | AC46: 977713810 | AD46: 975162371 | AE46: =+'Balance Sheet (Y)'!J46 -> 1054861788
A47: $ | B47: Thousands | C47: Total equity and liabilities | D47: 2710859332 | E47: 2795669066 | F47: 2804273511 | G47: 2952756517 | H47: 3315369929 | I47: 3295885394 | J47: 3410037323 | K47: 3609318732 | L47: 3691894408 | M47: 3540462429 | N47: 3540842167 | O47: 3517055055 | P47: 3421098440 | Q47: 3382414184 | R47: 3450264125 | S47: 3537035975 | T47: 3552978773 | U47: 3856284792 | V47: 3850729555 | W47: 3865279991 | X47: 3678500730 | Y47: 3548396292 | Z47: 3599673412 | AA47: 3736275130 | AB47: 3880344015 | AC47: 3652072146 | AD47: 3668113334 | AE47: =+'Balance Sheet (Y)'!J47 -> 3944151485

Sheet Cash Flow(YTD)
A1: Currency | B1: Unit | C1: Description | D1: YTD Q1 18 | E1: YTD Q2 18 | F1: YTD Q3 18 | G1: YTD Q4 18 | H1: YTD Q1 19 | I1: YTD Q2 19 | J1: YTD Q3 19 | K1: YTD Q4 19 | L1: YTD Q1 20 | M1: YTD Q2 20 | N1: YTD Q3 20 | O1: YTD Q4 20 | P1: YTD Q1 21 | Q1: YTD Q2 21 | R1: YTD Q3 21 | S1: YTD Q4 21 | T1: YTD Q1 22 | U1: YTD Q2 22 | V1: YTD Q3 22 | W1: YTD Q4 22 | X1: YTD Q1 23 | Y1: YTD Q2 23 | Z1: YTD Q3 23 | AA1: YTD Q4 23 | AB1: YTD Q1 24 | AC1: YTD Q2 24 | AD1: YTD Q3 24 | AE1: YTD Q4 24
C2: Period Ended On (MM/DD/YYYY) | D2: 03/31/2018 | E2: 06/30/2018 | F2: 09/30/2018 | G2: 12/31/2018 | H2: 03/31/2019 | I2: 06/30/2019 | J2: 09/30/2019 | K2: 12/31/2019 | L2: 03/31/2020 | M2: 06/30/2020 | N2: 09/30/2020 | O2: 12/31/2020 | P2: 03/31/2021 | Q2: 06/30/2021 | R2: 09/30/2021 | S2: 12/31/2021 | T2: 03/31/2022 | U2: 06/30/2022 | V2: 09/30/2022 | W2: 12/31/2022 | X2: 03/31/2023 | Y2: 06/30/2023 | Z2: 09/30/2023 | AA2: 12/31/2023 | AB2: 03/31/2024 | AC2: 06/30/2024 | AD2: 09/30/2024 | AE2: 12/31/2024
C3: Reported Date (MM/DD/YYYY) | D3: 05/31/2018 | E3: 08/27/2018 | F3: 11/26/2018 | G3: 03/27/2019 | H3: 05/31/2019 | I3: 08/27/2019 | J3: 11/26/2019 | K3: 03/27/2020 | L3: 05/30/2020 | M3: 08/27/2020 | N3: 11/26/2020 | O3: 03/26/2021 | P3: 05/28/2021 | Q3: 08/27/2021 | R3: 11/26/2021 | S3: 03/08/2022 | T3: 05/24/2022 | U3: 08/24/2022 | V3: 11/22/2022 | W3: 03/31/2023 | X3: 05/26/2023 | Y3: 09/01/2023 | Z3: 11/24/2023 | AA3: 03/15/2024 | AB3: 05/15/2024 | AC3: 08/28/2024 | AD3: 11/13/2024 | AE3: 03/13/2025
C4: Cash Flows from (Used in) Operating Activities
C5: Classes of Cash Receipts from Operating Activities
A6: $ | B6: Thousands | C6: Receipts from sales of goods and rendering of services | D6: 499946521 | E6: 1051409890 | F6: 2180955096 | G6: 3010892682 | H6: 553161681 | I6: 1114612485 | J6: 2433555572 | K6: 3379204780 | L6: 518409306 | M6: 959793787 | N6: 1331735074 | O6: 2479138048 | P6: 564354116 | Q6: 1138389442 | R6: 1804787384 | S6: 2699463932 | T6: 590615817 | U6: 1247047342 | V6: 1850269728 | W6: 2536269981 | X6: 570139778 | Y6: 1123169643 | Z6: 1764345282 | AA6: 2468713330 | AB6: 586683886 | AC6: 1181107903 | AD6: 1847624821 | AE6: =+'Cash Flow(Y)'!J6 -> 2675969812
C7: Classes of Payments
A8: $ | B8: Thousands | C8: Payments to suppliers for the supply of goods and services | D8: -438726603 | E8: -839085761 | F8: -2001211821 | G8: -2584311241 | H8: -437459211 | I8: -913136286 | J8: -2148307701 | K8: -2858985685 | L8: -521486382 | M8: -846661818 | N8: -951651584 | O8: -1912132869 | P8: -535582159 | Q8: -1046219724 | R8: -1626059238 | S8: -2378302828 | T8: -666154655 | U8: -1210828900 | V8: -1754051265 | W8: -2223244434 | X8: -477564497 | Y8: -995902635 | Z8: -1581567627 | AA8: -2101701462 | AB8: -520561521 | AC8: -1078424527 | AD8: -1656997871 | AE8: =+'Cash Flow(Y)'!J8 -> -2358480207
A9: $ | B9: Thousands | C9: Payments to and on behalf of employees | D9: -55932004 | E9: -115539710 | F9: -178358982 | G9: -244912740 | H9: -64472778 | I9: -125813295 | J9: -186224407 | K9: -264320786 | L9: -69391230 | M9: -106364885 | N9: -154558796 | O9: -224369547 | P9: -54753629 | Q9: -102885882 | R9: -165559470 | S9: -242940528 | T9: -62048240 | U9: -132532754 | V9: -193373994 | W9: -268098597 | X9: -55673211 | Y9: -123176522 | Z9: -196319587 | AA9: -276681367 | AB9: -65988363 | AC9: -123800778 | AD9: -190341303 | AE9: =+'Cash Flow(Y)'!J9 -> -261619833
A10: $ | B10: Thousands | C10: Interest paid | D10: -7592027 | E10: -15390984 | F10: -23412047 | G10: -35802040 | H10: -11951370 | I10: -18444851 | J10: -38882127 | K10: -56571409 | L10: -14243448 | M10: -30278900 | N10: -41296960 | O10: 0 | P10: -8956416 | Q10: -26230827 | R10: -42455965 | S10: 0 | T10: 0 | U10: 0 | V10: 0 | W10: 0 | X10: -7036984 | Y10: 0 | Z10: 0 | AA10: 0 | AB10: 0 | AC10: 0 | AD10: 0 | AE10: =+'Cash Flow(Y)'!J10 -> 0
A11: $ | B11: Thousands | C11: Interest received | D11: 564109 | E11: 781853 | F11: 482017 | G11: 2196214 | H11: 238523 | I11: 1071200 | J11: 1543173 | K11: 2232263 | L11: 1949120 | M11: 3894840 | N11: 5302830 | O11: 0 | P11: 657275 | Q11: 1339008 | R11: 2308674 | S11: 0 | T11: 0 | U11: -59716 | V11: 0 | W11: 0 | X11: 0 | Y11: 0 | Z11: 0 | AA11: 0 | AB11: 0 | AC11: 0 | AD11: 0 | AE11: =+'Cash Flow(Y)'!J11 -> 0
A12: $ | B12: Thousands | C12: Income taxes refunded (paid) | D12: -12832251 | E12: -25634878 | F12: -44345216 | G12: -56175302 | H12: -21733902 | I12: -35100240 | J12: -56021469 | K12: -61998661 | L12: -13794351 | M12: -7966195 | N12: 10513442 | O12: 4546656 | P12: -8756267 | Q12: -518376 | R12: -11830164 | S12: -24516559 | T12: -9037320 | U12: -19781239 | V12: -37356498 | W12: -50577052 | X12: -20692042 | Y12: -338226 | Z12: -10265937 | AA12: -20756167 | AB12: -11268316 | AC12: -16598993 | AD12: -10609664 | AE12: =+'Cash Flow(Y)'!J12 -> -16209831
A13: $ | B13: Thousands | C13: Net cash flows from (used in) operating activities | D13: -14572255 | E13: 56540410 | F13: -65890953 | G13: 91887573 | H13: 17782943 | I13: 23189013 | J13: 5663041 | K13: 139560502 | L13: -98556985 | M13: -27583171 | N13: 200044006 | O13: 347182288 | P13: -43037080 | Q13: -36126359 | R13: -38808779 | S13: 53704017 | T13: -146624398 | U13: -116155267 | V13: -134512029 | W13: -5650102 | X13: 9173044 | Y13: 3752260 | Z13: -23807869 | AA13: 69574334 | AB13: -11134314 | AC13: -37716395 | AD13: -10324017 | AE13: =+'Cash Flow(Y)'!J13 -> 39659941
C14: Cash Flows from (Used in) Investing Activities
A15: $ | B15: Thousands | C15: Cash flows from loss of control of subsidiaries or other businesses | D15: 0 | E15: 0 | F15: 0 | G15: 0 | H15: 0 | I15: 0 | J15: 147166883 | K15: 147166883 | L15: 0 | M15: 0 | N15: 0 | O15: 0 | P15: 0 | Q15: 0 | R15: 0 | S15: 0 | T15: 0 | U15: 0 | V15: 0 | W15: 0 | X15: 0 | Y15: 0 | Z15: 0 | AA15: 0 | AB15: 0 | AC15: 0 | AD15: 0 | AE15: =+'Cash Flow(Y)'!J15 -> 0
A16: $ | B16: Thousands | C16: Proceeds from the sale of property, plant, and equipment | D16: 319823 | E16: 5727642 | F16: 320023 | G16: 765863 | H16: 0 | I16: 0 | J16: 0 | K16: 678 | L16: 0 | M16: 4871 | N16: 5070 | O16: 5707 | P16: 0 | Q16: 47 | R16: 2580 | S16: 7976 | T16: 1681 | U16: 5128 | V16: 9189 | W16: 14139 | X16: 1575 | Y16: 9990 | Z16: 32145 | AA16: 40929 | AB16: 9393 | AC16: 13622 | AD16: 48848 | AE16: =+'Cash Flow(Y)'!J16 -> 63971
A17: $ | B17: Thousands | C17: Purchases of property, plant, and equipment | D17: -8470630 | E17: -8715581 | F17: -14989960 | G17: -19750198 | H17: -3037704 | I17: -6530899 | J17: -12391583 | K17: -27003346 | L17: -4337936 | M17: -5272587 | N17: -6931050 | O17: -11349425 | P17: -2869083 | Q17: -5879922 | R17: -8917440 | S17: -12172900 | T17: -1672653 | U17: -3056698 | V17: -6376110 | W17: -9532958 | X17: -2836598 | Y17: -4598033 | Z17: -10852829 | AA17: -18506936 | AB17: -1579182 | AC17: -3544958 | AD17: -6405435 | AE17: =+'Cash Flow(Y)'!J17 -> -11608131
A18: $ | B18: Thousands | C18: Purchases of intangible assets | D18: -1926902 | E18: -4425714 | F18: -5333223 | G18: -7543102 | H18: -3076386 | I18: -4600378 | J18: -7248214 | K18: -14236670 | L18: -2899766 | M18: -4542630 | N18: -9028099 | O18: -12918913 | P18: -3296243 | Q18: -8142667 | R18: -12232142 | S18: -19295203 | T18: -3810225 | U18: -9954624 | V18: -17777121 | W18: -24265919 | X18: -5522318 | Y18: -15300971 | Z18: -22212870 | AA18: -31485216 | AB18: -6868725 | AC18: -12710172 | AD18: -19759274 | AE18: =+'Cash Flow(Y)'!J18 -> -27439052
A19: $ | B19: Thousands | C19: Purchases of other long-term assets | D19: 0 | E19: -8277080 | F19: -11345530 | G19: -15921729 | H19: -695259 | I19: -3018048 | J19: -5400147 | K19: -10210243 | L19: -4365678 | M19: -5033657 | N19: -5468901 | O19: -6645889 | P19: -385732 | Q19: -1713156 | R19: -4052204 | S19: -5030405 | T19: -695421 | U19: -2075202 | V19: -2906211 | W19: -3326882 | X19: 0 | Y19: -2032052 | Z19: -4810537 | AA19: -7847270 | AB19: -2480837 | AC19: -3942756 | AD19: -4445049 | AE19: =+'Cash Flow(Y)'!J19 -> -5885980
A20: $ | B20: Thousands | C20: Dividends received | D20: -1946371 | E20: 15859760 | F20: 34876597 | G20: 34876597 | H20: 0 | I20: 7388777 | J20: 7447720 | K20: 7447720 | L20: 0 | M20: 1388392 | N20: 1388392 | O20: 1388392 | P20: 0 | Q20: 0 | R20: 0 | S20: 0 | T20: 0 | U20: 460153 | V20: 460154 | W20: 460154 | X20: 0 | Y20: 0 | Z20: 0 | AA20: 0 | AB20: 0 | AC20: 0 | AD20: 7072714 | AE20: =+'Cash Flow(Y)'!J20 -> 14273987
A21: $ | B21: Thousands | C21: Interest received | D21: 0 | E21: 0 | F21: 0 | G21: 0 | H21: 0 | I21: 0 | J21: 0 | K21: 0 | L21: 0 | M21: 0 | N21: 0 | O21: 2547692 | P21: 0 | S21: 2660361 | T21: 784357 | U21: 1258198 | V21: 2031985 | W21: 2657470 | X21: 830043 | Y21: 3426631 | Z21: 5168703 | AA21: 9836318 | AB21: 1822377 | AC21: 3188920 | AD21: 4171804 | AE21: =+'Cash Flow(Y)'!J21 -> 7681003
A22: $ | B22: Thousands | C22: Other cash inflows (outflows) | D22: 0 | E22: 0 | F22: 6421766 | G22: 6146154 | H22: 0 | I22: 0 | J22: 0 | K22: 0 | L22: 6463680 | M22: 6463680 | N22: 6463680 | O22: 6463680 | P22: 0 | Q22: 0 | R22: 0 | S22: 0 | T22: 0 | U22: 0 | V22: 0 | W22: 0 | X22: 0 | Y22: 109483649 | Z22: 114420249 | AA22: 113254609 | AB22: 18668780 | AC22: 17993560 | AD22: 18000000 | AE22: =+'Cash Flow(Y)'!J22 -> 18000000
A23: $ | B23: Thousands | C23: Net cash flows from (used in) investing activities | D23: -12024080 | E23: 169027 | F23: 9949673 | G23: -1426415 | H23: -6809349 | I23: -6760548 | J23: 129574659 | K23: 103165022 | L23: -5139700 | M23: -6991931 | N23: -13570908 | O23: -20508756 | P23: -6551058 | Q23: -15735698 | R23: -25199206 | S23: -33830171 | T23: -5392261 | U23: -13363045 | V23: -24558114 | W23: -33993996 | X23: -7527298 | Y23: 90989214 | Z23: 81744861 | AA23: 65292434 | AB23: 9571806 | AC23: 998216 | AD23: -1316392 | AE23: =+'Cash Flow(Y)'!J23 -> -4914202
C24: Cash Flows from (Used in) Financing Activities
A25: $ | B25: Thousands | C25: Proceeds from long-term borrowings | D25: 38937358 | E25: 44497544 | F25: 91163667 | G25: 50694312 | H25: 9586965 | I25: 8401186 | J25: 0 | K25: 0 | L25: 0 | M25: 11599500 | N25: 4381200 | O25: 3356185 | P25: 58292520 | Q25: 56409420 | R25: 61928638 | S25: 61214263 | T25: 0 | U25: 16000000 | V25: 32621930 | W25: 32621930 | X25: 0 | Y25: 0 | Z25: 0 | AA25: 0 | AB25: 0 | AC25: 0 | AD25: 0 | AE25: =+'Cash Flow(Y)'!J25 -> 105816000
A26: $ | B26: Thousands | C26: Proceeds from short-term borrowings | D26: 45094226 | E26: 97558334 | F26: 49622301 | G26: 230907532 | H26: 73449936 | I26: 133773806 | J26: 117615526 | K26: 202248217 | L26: 98286540 | M26: 176885865 | N26: 192565241 | O26: 191715606 | P26: 22734597 | Q26: 37292694 | R26: 62020071 | S26: 87730860 | T26: 33936108 | U26: 48321800 | V26: 71886077 | W26: 104335555 | X26: 35039307 | Y26: 70851192 | Z26: 123138527 | AA26: 149009903 | AB26: 40250032 | AC26: 67579611 | AD26: 110153361 | AE26: =+'Cash Flow(Y)'!J26 -> 225061762
A27: $ | B27: Thousands | C27: Total proceeds from borrowings | D27: 84031584 | E27: 142055878 | F27: 140785968 | G27: 281601844 | H27: 83036901 | I27: 142174992 | J27: 117615526 | K27: 202248217 | L27: 98286540 | M27: 188485365 | N27: 196946441 | O27: 195071791 | P27: 81027117 | Q27: 93702114 | R27: 123948709 | S27: 148945123 | T27: 33936108 | U27: 64321800 | V27: 104508007 | W27: 136957485 | X27: 35039307 | Y27: 70851192 | Z27: 123138527 | AA27: 149009903 | AB27: 40250032 | AC27: 67579611 | AD27: 110153361 | AE27: =+'Cash Flow(Y)'!J27 -> 330877762
A28: $ | B28: Thousands | C28: Repayments of borrowings | D28: -75275120 | E28: -154366843 | F28: -71946395 | G28: -302378034 | H28: -41094308 | I28: -120007071 | J28: -162677869 | K28: -276375438 | L28: -27980343 | M28: -33686602 | N28: -43683619 | O28: -54227954 | P28: -51415289 | Q28: -66092359 | R28: -114313324 | S28: -271326802 | T28: -29474142 | U28: -28768623 | V28: -89020542 | W28: -131286316 | X28: -22091408 | Y28: -102160040 | Z28: -129762708 | AA28: -184542893 | AB28: -11892640 | AC28: -56033725 | AD28: -84161026 | AE28: =+'Cash Flow(Y)'!J28 -> -251351531
A29: $ | B29: Thousands | C29: Payments of finance lease liabilities | D29: -3430667 | E29: -6492357 | F29: -23008745 | G29: -23762824 | H29: -6914493 | I29: -17785132 | J29: -25393836 | K29: -36749938 | L29: -9825445 | M29: -16371271 | N29: -23622027 | O29: -31988365 | P29: -9287395 | Q29: -19173028 | R29: -32252812 | S29: -43682238 | T29: -13881805 | U29: -29759065 | V29: -42067023 | W29: -56985918 | X29: -14799120 | Y29: -28236578 | Z29: -42738706 | AA29: -58653595 | AB29: -18568799 | AC29: -35323923 | AD29: -48374507 | AE29: =+'Cash Flow(Y)'!J29 -> -87002106
A30: $ | B30: Thousands | C30: Dividends paid | D30: 0 | E30: -23554368 | F30: -23546033 | G30: -23546029 | H30: 0 | I30: -22533662 | J30: -22524311 | K30: -22524311 | L30: 0 | M30: -22010179 | N30: -21981213 | O30: -21981213 | P30: 0 | Q30: 0 | R30: 0 | S30: -27104732 | T30: 0 | U30: -9680262 | V30: -9680377 | W30: -10607945 | X30: 49 | Y30: -38720997 | Z30: -38721046 | AA30: -38721522 | AB30: 0 | AC30: 0 | AD30: 0 | AE30: =+'Cash Flow(Y)'!J30 -> 0
A31: $ | B31: Thousands | C31: Interest paid | D31: 0 | E31: 0 | F31: 0 | G31: 0 | H31: 0 | I31: 0 | J31: 0 | K31: 0 | L31: 0 | M31: 0 | N31: 0 | O31: -36073846 | P31: 0 | S31: -44692922 | T31: -7878919 | U31: -19337916 | V31: -29458425 | W31: -39793648 | X31: -9577549 | Y31: -22347445 | Z31: -32310280 | AA31: -45832722 | AB31: -10505279 | AC31: -23455384 | AD31: -38915236 | AE31: =+'Cash Flow(Y)'!J31 -> -55652966
A32: $ | B32: Thousands | C32: Net cash flows from (used in) financing activities | D32: 5325797 | E32: -42357690 | F32: 22284795 | G32: -68085043 | H32: 35028100 | I32: -18150873 | J32: -92980490 | K32: -133401470 | L32: 60480752 | M32: 116417313 | N32: 107659582 | O32: 50800413 | P32: 20324433 | Q32: 8436727 | R32: -22617427 | S32: -237861571 | T32: -17298758 | U32: -23224066 | V32: -65718360 | W32: -101716342 | X32: -11428721 | Y32: -120613868 | Z32: -120394213 | AA32: -178740829 | AB32: -716686 | AC32: -47233421 | AD32: -61297408 | AE32: =+'Cash Flow(Y)'!J32 -> -63128841
A33: $ | B33: Thousands | C33: Net increase (decrease) in cash and cash equivalents, before the effect of exchange rate changes | D33: -21270538 | E33: 14351747 | F33: -33656486 | G33: 22376115 | H33: 46001694 | I33: -1722408 | J33: 42257210 | K33: 109324054 | L33: -43215933 | M33: 81842211 | N33: 294132680 | O33: 377473945 | P33: -29263705 | Q33: -43425330 | R33: -86625412 | S33: -217987725 | T33: -169315417 | U33: -152742378 | V33: -224788503 | W33: -141360440 | X33: -9782975 | Y33: -25872394 | Z33: -62457221 | AA33: -43874061 | AB33: -2279194 | AC33: -83951600 | AD33: -72937817 | AE33: =+'Cash Flow(Y)'!J33 -> -28383102
C34: Effects of Exchange Rate Changes on Cash and Cash Equivalents
A35: $ | B35: Thousands | C35: Effects of exchange rate changes on cash and cash equivalents | D35: -839865 | E35: 1354871 | F35: 1628993 | G35: 3053123 | H35: -270923 | I35: 33862 | J35: 1824772 | K35: 4139042 | L35: 737955 | M35: 2345788 | N35: -1215186 | O35: -7625885 | P35: -1952016 | Q35: -4060017 | R35: -183574 | S35: 9863055 | T35: -152867 | U35: 22007234 | V35: 20604024 | W35: 7999854 | X35: -9028232 | Y35: -2575813 | Z35: 6438333 | AA35: 7168575 | AB35: 12754699 | AC35: 3894755 | AD35: 2771039 | AE35: =+'Cash Flow(Y)'!J35 -> 12949185
A36: $ | B36: Thousands | C36: Net increase (decrease) in cash and cash equivalents | D36: -22110403 | E36: 15706618 | F36: -32027492 | G36: 25429238 | H36: 45730771 | I36: -1688546 | J36: 44081982 | K36: 113463096 | L36: -42477978 | M36: 84187999 | N36: 292917494 | O36: 369848060 | P36: -31215721 | Q36: -47485347 | R36: -86808986 | S36: -208124670 | T36: -169468284 | U36: -130735144 | V36: -204184479 | W36: -133360586 | X36: -18811207 | Y36: -28448207 | Z36: -56018888 | AA36: -36705486 | AB36: 10475505 | AC36: -80056845 | AD36: -70166778 | AE36: =+'Cash Flow(Y)'!J36 -> -15433917
A37: $ | B37: Thousands | C37: Cash and cash equivalents at the beginning of the period | D37: 145643160 | E37: 145643161 | F37: 145643160 | G37: 151821227 | H37: 171072396 | I37: 171072399 | J37: 177250463 | K37: 177250465 | L37: 290705404 | M37: 290705404 | N37: 290705404 | O37: 295774982 | P37: 659437654 | Q37: 659437654 | R37: 659437654 | S37: 665623042 | T37: 457498370 | U37: 457498370 | V37: 457498372 | W37: 457498373 | X37: 324137789 | Y37: 324137789 | Z37: 324137788 | AA37: 324137787 | AB37: 287432302 | AC37: 287432302 | AD37: 287432301 | AE37: =+'Cash Flow(Y)'!J37 -> 287432301
A38: $ | B38: Thousands | C38: Decrease in cash and cash equivalents due to sale of subsidiaries | D38: 0 | E38: 0 | F38: 0 | G38: 0 | H38: 0 | I38: 0 | J38: -8157 | K38: -8157 | L38: 0 | M38: 0 | N38: 0 | O38: 0 | P38: 0 | Q38: 0 | R38: 0 | S38: 0 | T38: 0 | U38: 0 | V38: 0 | W38: 0 | X38: 0 | Y38: 0 | Z38: 0 | AA38: 0 | AB38: 0 | AC38: 0 | AD38: 0 | AE38: =+'Cash Flow(Y)'!J38 -> 0
A39: $ | B39: Thousands | C39: Cash and cash equivalents at the end of the period | D39: 123532757 | E39: 161349779 | F39: 113615668 | G39: 177250465 | H39: 216803167 | I39: 169383853 | J39: 221324288 | K39: 290705404 | L39: 248227426 | M39: 374893403 | N39: 583622898 | O39: 665623042 | P39: 628221933 | Q39: 611952307 | R39: 572628668 | S39: 457498372 | T39: 288030086 | U39: 326763226 | V39: 253313893 | W39: 324137787 | X39: 305326582 | Y39: 295689582 | Z39: 268118900 | AA39: 287432301 | AB39: 297907807 | AC39: 207375457 | AD39: 217265523 | AE39: =+'Cash Flow(Y)'!J39 -> 271998384

Sheet Cash Flow(Y)
A1: Currency | B1: Unit | C1: Description | D1: FY 18 | E1: FY 19 | F1: FY 20 | G1: FY 21 | H1: FY 22 | I1: FY 23 | J1: FY 24
C2: Period Ended On (MM/DD/YYYY) | D2: 12/31/2018 | E2: 12/31/2019 | F2: 12/31/2020 | G2: 12/31/2021 | H2: 12/31/2022 | I2: 12/31/2023 | J2: 12/31/2024
C3: Reported Date (MM/DD/YYYY) | D3: 03/27/2019 | E3: 03/27/2020 | F3: 03/26/2021 | G3: 03/08/2022 | H3: 03/31/2023 | I3: 03/15/2024 | J3: 03/13/2025
C4: Cash Flows from (Used in) Operating Activities
C5: Classes of Cash Receipts from Operating Activities
A6: $ | B6: Thousands | C6: Receipts from sales of goods and rendering of services | D6: 3010892682 | E6: 3379204780 | F6: 2479138048 | G6: 2699463932 | H6: 2536269981 | I6: =+'[1]Flujo Directo'!E13 -> 2468713330 | J6: =+'[1]Flujo Directo'!C13 -> 2675969812
C7: Classes of Payments
A8: $ | B8: Thousands | C8: Payments to suppliers for the supply of goods and services | D8: -2584311241 | E8: -2858985685 | F8: -1912132869 | G8: -2378302828 | H8: -2223244434 | I8: =+'[1]Flujo Directo'!E19 -> -2101701462 | J8: =+'[1]Flujo Directo'!C19 -> -2358480207
A9: $ | B9: Thousands | C9: Payments to and on behalf of employees | D9: -244912740 | E9: -264320786 | F9: -224369547 | G9: -242940528 | H9: -268098597 | I9: =+'[1]Flujo Directo'!E21 -> -276681367 | J9: =+'[1]Flujo Directo'!C21 -> -261619833
A10: $ | B10: Thousands | C10: Interest paid | D10: -35802040 | E10: -56571409 | F10: 0 | G10: 0 | H10: 0 | I10: 0 | J10: 0
A11: $ | B11: Thousands | C11: Interest received | D11: 2196214 | E11: 2232263 | F11: 0 | G11: 0 | H11: 0 | I11: 0 | J11: 0
A12: $ | B12: Thousands | C12: Income taxes refunded (paid) | D12: -56175302 | E12: -61998661 | F12: 4546656 | G12: -24516559 | H12: -50577052 | I12: =+'[1]Flujo Directo'!E27 -> -20756167 | J12: =+'[1]Flujo Directo'!C27 -> -16209831
A13: $ | B13: Thousands | C13: Net cash flows from (used in) operating activities | D13: 91887573 | E13: 139560502 | F13: 347182288 | G13: 53704017 | H13: -5650102 | I13: =+I6+I8+I9+I12 -> 69574334 | J13: =+J6+J8+J9+J12 -> 39659941
C14: Cash Flows from (Used in) Investing Activities
A15: $ | B15: Thousands | C15: Cash flows from loss of control of subsidiaries or other businesses | D15: 0 | E15: 147166883 | F15: 0 | G15: 0 | H15: 0 | I15: 0 | J15: 0
A16: $ | B16: Thousands | C16: Proceeds from the sale of property, plant, and equipment | D16: 765863 | E16: 678 | F16: 5707 | G16: 7976 | H16: 14139 | I16: =+'[1]Flujo Directo'!E43 -> 40929 | J16: =+'[1]Flujo Directo'!C43 -> 63971
A17: $ | B17: Thousands | C17: Purchases of property, plant, and equipment | D17: -19750198 | E17: -27003346 | F17: -11349425 | G17: -12172900 | H17: -9532958 | I17: =+'[1]Flujo Directo'!E44 -> -18506936 | J17: =+'[1]Flujo Directo'!C44 -> -11608131
A18: $ | B18: Thousands | C18: Purchases of intangible assets | D18: -7543102 | E18: -14236670 | F18: -12918913 | G18: -19295203 | H18: -24265919 | I18: =+'[1]Flujo Directo'!E46 -> -31485216 | J18: =+'[1]Flujo Directo'!C46 -> -27439052
A19: $ | B19: Thousands | C19: Purchases of other long-term assets | D19: -15921729 | E19: -10210243 | F19: -6645889 | G19: -5030405 | H19: -3326882 | I19: =+'[1]Flujo Directo'!E47 -> -7847270 | J19: =+'[1]Flujo Directo'!C47 -> -5885980
A20: $ | B20: Thousands | C20: Dividends received | D20: 34876597 | E20: 7447720 | F20: 1388392 | G20: 0 | H20: 460154 | I20: =+'[1]Flujo Directo'!E50 -> 0 | J20: =+'[1]Flujo Directo'!C50 -> 14273987
A21: $ | B21: Thousands | C21: Interest received | D21: 0 | E21: 0 | F21: 2547692 | G21: 2660361 | H21: 2657470 | I21: =+'[1]Flujo Directo'!E51 -> 9836318 | J21: =+'[1]Flujo Directo'!C51 -> 7681003
A22: $ | B22: Thousands | C22: Other cash inflows (outflows) | D22: 6146154 | E22: 0 | F22: 6463680 | G22: 0 | H22: 0 | I22: =+'[1]Flujo Directo'!E53 -> 113254609 | J22: =+'[1]Flujo Directo'!C53 -> 18000000
A23: $ | B23: Thousands | C23: Net cash flows from (used in) investing activities | D23: -1426415 | E23: 103165022 | F23: -20508756 | G23: -33830171 | H23: -33993996 | I23: =+SUM(I15:I22) -> 65292434 | J23: =+SUM(J15:J22) -> -4914202
C24: Cash Flows from (Used in) Financing Activities
A25: $ | B25: Thousands | C25: Proceeds from long-term borrowings | D25: 50694312 | E25: 0 | F25: 3356185 | G25: 61214263 | H25: 32621930 | I25: =+'[1]Flujo Directo'!E64 -> 0 | J25: =+'[1]Flujo Directo'!C64 -> 105816000
A26: $ | B26: Thousands | C26: Proceeds from short-term borrowings | D26: 230907532 | E26: 202248217 | F26: 191715606 | G26: 87730860 | H26: 104335555 | I26: =+'[1]Flujo Directo'!E65 -> 149009903 | J26: =+'[1]Flujo Directo'!C65 -> 225061762
A27: $ | B27: Thousands | C27: Total proceeds from borrowings | D27: 281601844 | E27: 202248217 | F27: 195071791 | G27: 148945123 | H27: 136957485 | I27: =+I25+I26 -> 149009903 | J27: =+J25+J26 -> 330877762
A28: $ | B28: Thousands | C28: Repayments of borrowings | D28: -302378034 | E28: -276375438 | F28: -54227954 | G28: -271326802 | H28: -131286316 | I28: =+'[1]Flujo Directo'!E70 -> -184542893 | J28: =+'[1]Flujo Directo'!C70 -> -251351531
A29: $ | B29: Thousands | C29: Payments of finance lease liabilities | D29: -23762824 | E29: -36749938 | F29: -31988365 | G29: -43682238 | H29: -56985918 | I29: =+'[1]Flujo Directo'!E71 -> -58653595 | J29: =+'[1]Flujo Directo'!C71 -> -87002106
A30: $ | B30: Thousands | C30: Dividends paid | D30: -23546029 | E30: -22524311 | F30: -21981213 | G30: -27104732 | H30: -10607945 | I30: =+'[1]Flujo Directo'!E72 -> 0 | J30: =+'[1]Flujo Directo'!C72 -> 0
A31: $ | B31: Thousands | C31: Interest paid | D31: 0 | E31: 0 | F31: -36073846 | G31: -44692922 | H31: -39793648 | I31: =+'[1]Flujo Directo'!E75 -> -45832722 | J31: =+'[1]Flujo Directo'!C75 -> -55652966
A32: $ | B32: Thousands | C32: Net cash flows from (used in) financing activities | D32: -68085043 | E32: -133401470 | F32: 50800413 | G32: -237861571 | H32: -101716342 | I32: =+'[1]Flujo Directo'!E79 -> -178740829 | J32: =+'[1]Flujo Directo'!C79 -> -63128841
A33: $ | B33: Thousands | C33: Net increase (decrease) in cash and cash equivalents, before the effect of exchange rate changes | D33: 22376115 | E33: 109324054 | F33: 377473945 | G33: -217987725 | H33: -141360440 | I33: =+'[1]Flujo Directo'!E82 -> -43874061 | J33: =+'[1]Flujo Directo'!C82 -> -28383102
C34: Effects of Exchange Rate Changes on Cash and Cash Equivalents
A35: $ | B35: Thousands | C35: Effects of exchange rate changes on cash and cash equivalents | D35: 3053123 | E35: 4139042 | F35: -7625885 | G35: 9863055 | H35: 7999854 | I35: =+'[1]Flujo Directo'!E85 -> 7168575 | J35: =+'[1]Flujo Directo'!C85 -> 12949185
A36: $ | B36: Thousands | C36: Net increase (decrease) in cash and cash equivalents | D36: 25429238 | E36: 113463096 | F36: 369848060 | G36: -208124670 | H36: -133360586 | I36: =+'[1]Flujo Directo'!E87 -> -36705486 | J36: =+'[1]Flujo Directo'!C87 -> -15433917
A37: $ | B37: Thousands | C37: Cash and cash equivalents at the beginning of the period | D37: 151821227 | E37: 177250465 | F37: 295774982 | G37: 665623042 | H37: 457498373 | I37: =+'[1]Flujo Directo'!E89 -> 324137787 | J37: =+'[1]Flujo Directo'!C89 -> 287432301
A38: $ | B38: Thousands | C38: Decrease in cash and cash equivalents due to sale of subsidiaries | D38: 0 | E38: -8157 | F38: 0 | G38: 0 | H38: 0
A39: $ | B39: Thousands | C39: Cash and cash equivalents at the end of the period | D39: 177250465 | E39: 290705404 | F39: 665623042 | G39: 457498372 | H39: 324137787 | I39: =+'[1]Flujo Directo'!E93 -> 287432301 | J39: =+'[1]Flujo Directo'!C93 -> 271998384

Sheet Operational Indicators (Y)
A1: Currency | B1: Unit | C1: Description | D1: FY 19 | E1: FY 20 | F1: FY 21 | G1: FY 22 | H1: FY 23 | I1: FY 24
C2: Period Ended On (MM/DD/YYYY) | D2: 12/31/2019 | E2: 12/31/2020 | F2: 12/31/2021 | G2: 12/31/2022 | H2: 12/31/2023 | I2: 12/31/2024
C3: Reported Date (MM/DD/YYYY) | D3: 03/27/2020 | E3: 03/26/2021 | F3: 03/08/2022 | G3: 03/31/2023 | H3: 03/15/2024 | I3: 03/13/2025
C4: Retail Business
C5: Chile
B6: Actual | C6: Variation in retail sales (YoY) (%) | D6: -0.02797281 | E6: -0.060828655 | F6: 0.9593253 | G6: -0.11908778 | H6: -0.13605869 | I6: =+'[2]3. Segmentos'!$E$20 -> 0.048759723
A7: $ | B7: Millions | C7: Inventory (MMCLP) | D7: 161242.02 | E7: 162071.72 | F7: 218858 | G7: 240502.58 | H7: 194309.22 | I7: =+'[2]5. Indicadores'!$BG$14 -> 204468.53
B8: Actual | C8: Sale area (m2) | D8: 290857 | E8: 290857 | F8: 288570 | G8: 285821 | H8: 285821 | I8: =+'[2]5. Indicadores'!$BG$17 -> 280405
B9: Actual | C9: Number of open stores (average) | D9: 44.85047 | E9: 24.424373 | F9: 31.866999 | G9: 45 | H9: 45 | I9: 45
B10: Actual | C10: Total number of stores | D10: 46 | E10: 46 | F10: 45 | G10: 45 | H10: 45 | I10: 43
C11: Peru
B12: Actual | C12: Variation in retail sales (YoY) (%) | D12: -0.012192943 | E12: -0.23967884 | F12: 1.1012954 | G12: 0.17179441 | H12: -0.10659402 | I12: =+'[2]3. Segmentos'!$H$20 -> 0.19202304
A13: S | B13: Thousands | C13: Inventory (MPEN) | D13: 520116.81 | E13: 520223.9 | F13: 620111.26 | G13: 571556.1 | H13: 490520.99 | I13: =+'[2]5. Indicadores'!$BG$31 -> 533990.79
B14: Actual | C14: Exchange rate (PEN/CLP) | D14: 226.14 | E14: 196.36 | F14: 211.88 | G14: 224.38 | H14: 236.97 | I14: =+'[2]5. Indicadores'!$BG$33 -> 264.54
B15: Actual | C15: Sale area (m2) | D15: 191496 | E15: 203597 | F15: 203597 | G15: 218809.8 | H15: 231953 | I15: =+'[2]5. Indicadores'!$BG$36 -> 221746.94
B16: Actual | C16: Number of open stores (average) | D16: 29 | E16: 19.441667 | F16: 27.540874 | G16: 31 | H16: 31.75 | I16: 31
B17: Actual | C17: Total number of stores | D17: 29 | E17: 31 | F17: 31 | G17: 31 | H17: 33 | I17: =+'[2]5. Indicadores'!$BG$35 -> 30
A18: $ | B18: Millions | C18: Inventory (MMCLP) | D18: 117619.21 | E18: 102151.16 | F18: 131389.17 | G18: 128245.76 | H18: 116238.76 | I18: =+'[2]5. Indicadores'!$BG$34 -> 141261.92
C20: Banking Business
C21: Chile
A22: $ | B22: Millions | C22: Loan flows (MMCLP) | D22: 340449.23 | E22: 324027.14 | F22: 446726.51 | G22: 443807.84 | H22: 428005.83 | I22: =+'[2]5. Indicadores'!$BG$48 -> 513768.67
A23: $ | B23: Millions | C23: Gross loan portfolio (MMCLP) | D23: 894436.62 | E23: 675022.92 | F23: 772757.42 | G23: 961720.59 | H23: 903404.8 | I23: =+'[2]5. Indicadores'!$BG$49 -> 981219.59
B24: Actual | C24: Provisions / total gross loan (%) | D24: 0.11831114 | E24: 0.092981293 | F24: 0.070736299 | G24: 0.097959866 | H24: 0.11599677 | I24: =+'[2]5. Indicadores'!$BG$52 -> 0.10123594
B25: Actual | C25: LTM net risk cost/LTM average loan portfolio (%) | D25: 0.1146524 | E25: 0.099852575 | F25: 0.030353695 | G25: 0.1193728 | H25: 0.13918091 | I25: =+'[2]5. Indicadores'!BG55 -> 0.10031157
A26: $ | B26: Millions | C26: Recovery net write-offs (MMCLP) | D26: 27344.227 | E26: 13646.11 | F26: 3277.0785 | G26: 24002.785 | H26: 32130.038 | I26: =+'[2]5. Indicadores'!$BG$56 -> 19413.217
B27: Actual | C27: Net write-offs (LTM)/average loan portfolio (LTM) % | D27: 0.10708753 | E27: 0.17958058 | F27: 0.04467037 | G27: 0.075238568 | H27: 0.13686338 | I27: =+'[2]5. Indicadores'!BG57 -> 0.10756163
B28: Actual | C28: Over 90 days NPL's (%) | D28: 0.060876699 | E28: 0.031017075 | F28: 0.019408353 | G28: 0.041000092 | H28: 0.050582371 | I28: =+'[2]5. Indicadores'!BG58 -> 0.037061198
B29: Thousands | C29: Number of credit cards with debt (miles) | D29: 1229.472 | E29: 911 | F29: 966.559 | G29: 1006.523 | H29: 968.312 | I29: =+'[2]5. Indicadores'!BG59 -> 950.106
B30: Actual | C30: Basel (%) | D30: 0.1593 | E30: 0.21231762 | F30: 0.21491013 | G30: 0.1648 | H30: 0.16742641 | I30: =+'[2]5. Indicadores'!BG60 -> 0.1501
C31: Peru
A32: S | B32: Thousands | C32: Loan flows (MPEN) | D32: 1059919 | E32: 707296.33 | F32: 1023304.5 | G32: 1061031.6 | H32: 899213.79 | I32: =+'[2]5. Indicadores'!$BG$65 -> 873486.46
A33: S | B33: Thousands | C33: Gross loan portfolio (MPEN) | D33: 1943735.7 | E33: 1589551.7 | F33: 1450481.5 | G33: 1718031.7 | H33: 1633027.9 | I33: =+'[2]5. Indicadores'!$BG$66 -> 1360418.2
B34: Actual | C34: Provisions/ total gross loan (%) | D34: 0.061443191 | E34: 0.21023175 | F34: 0.061003883 | G34: 0.0665937 | H34: 0.096191 | I34: =+'[2]5. Indicadores'!$BG$69 -> 0.074955514
B35: Actual | C35: LTM net risk cost/LTM average loan portfolio (%) | D35: 0.11148754 | E35: 0.20901937 | F35: 0.076483603 | G35: 0.11447043 | H35: 0.19533141 | I35: =+'[2]5. Indicadores'!BG72 -> 0.14603924
A36: S | B36: Thousands | C36: Recovery net write-offs (MPEN) | D36: 49330.993 | E36: 92263.761 | F36: 34432.197 | G36: 45311.031 | H36: 84478.365 | I36: =+'[2]5. Indicadores'!BG73 -> 45192.23
B37: Actual | C37: Net write-offs (LTM)/average loan portfolio (LTM) (%) | D37: 0.10644688 | E37: 0.087333721 | F37: 0.26291217 | G37: 0.095849094 | H37: 0.16813558 | I37: =+'[2]5. Indicadores'!BG74 -> 0.21371643
B38: Actual | C38: Over 90 days NPL's (%) | D38: 0.027671266 | E38: 0.11279808 | F38: 0.01651624 | G38: 0.02593496 | H38: 0.0526232 | I38: =+'[2]5. Indicadores'!BG75 -> 0.033746601
B39: Thousands | C39: Number of credit cards with debt (miles) | D39: 485.857 | E39: 414.516 | F39: 418.485 | G39: 439.04 | H39: 420.86 | I39: =+'[2]5. Indicadores'!BG76 -> 383.004
B40: Actual | C40: Basel (%) | D40: 0.1606 | E40: 0.14414223 | F40: 0.13566757 | G40: 0.1361 | H40: 0.15324519 | I40: =+'[2]5. Indicadores'!BG77 -> 0.1747714
A41: $ | B41: Millions | C41: Loan flows (MMCLP) | D41: 167298.65 | E41: 215668.88 | F41: 217058.92 | G41: 249501.57 | H41: 213116.67 | I41: =+'[2]5. Indicadores'!BG78 -> 223999.78
A42: $ | B42: Millions | C42: Gross loan portfolio (MMCLP) | D42: 445881.32 | E42: 318111.36 | F42: 308325.54 | G42: 385491.95 | H42: 390587.94 | I42: =+'[2]5. Indicadores'!BG79 -> 362605.87
A43: $ | B43: Millions | C43: Recovery net write-offs (MMCLP) | D43: 9596.5934 | E43: 16365.869 | F43: 1833.8352 | G43: 10654.889 | H43: 20021.654 | I43: =+'[2]5. Indicadores'!BG80 -> 11589.246
C45: Real Estate Business
C46: Consolidated Mall Aventura
A47: S | B47: Thousands | C47: Mall sales (MPEN) | D47: 1028077.9 | E47: 748713.35 | F47: 1279096.6 | G47: 1478643.8 | H47: 1687485.6 | I47: =+SUM('[2]5. Indicadores'!$BD$114:$BG$114) -> 2352823.2
B48: Actual | C48: Average vacancy (%) | D48: 0.058160545 | E48: 0.058004563 | F48: 0.071704882 | G48: 0.056693564 | H48: 0.042486779 | I48: =+AVERAGE('[2]5. Indicadores'!$BD$116:$BG$116) -> 0.034330998
B49: Actual | C49: Average GLA (m2) | D49: 139116.41 | E49: 169354.29 | F49: 204543.95 | G49: 208176.62 | H49: 249846.7 | I49: =+AVERAGE('[2]5. Indicadores'!$BD$117:$BG$117) -> 320264.02
B50: Actual | C50: EBITDA margin of operating malls (%) | D50: 0.81534357 | E50: 0.79176256 | F50: 0.83149643 | G50: 0.83811839 | H50: 0.80850388 | I50: =+'[3]MA Consolidado'!$AA$11 -> 0.88449182
A51: $ | B51: Millions | C51: Tenant sales (MMCLP) | D51: 217299.44 | E51: 166469.56 | F51: 251293.77 | G51: 337800.64 | H51: 380975.53 | I51: =+SUM('[2]5. Indicadores'!$BD$119:$BG$119) -> 592351.28
C52: Mall Aventura Arequipa
A53: S | B53: Thousands | C53: Mall sales (MPEN) | D53: 539608 | E53: 362379.6 | F53: 558453.67 | G53: 636535.89 | H53: 647184.82 | I53: =+'[2]5. Indicadores'!BG123 -> 205723.8
B54: Actual | C54: Average vacancy (%) | D54: 0.039586262 | E54: 0.036501917 | F54: 0.028857418 | G54: 0.0095484234 | H54: 0.0057416647 | I54: =+AVERAGE('[2]5. Indicadores'!$BD$125:$BG$125) -> 0.011046018
B55: Actual | C55: Average GLA (m2) | D55: 71762.215 | E55: 72565.96 | F55: 72558.241 | G55: 72604.303 | H55: 75185.131 | I55: =+AVERAGE('[2]5. Indicadores'!$BD$117:$BG$117) -> 320264.02
B56: Actual | C56: EBITDA margin of operating malls (%) | D56: 0.87607293 | E56: 0.86200904 | F56: 0.9005089 | G56: 0.91633687 | H56: 0.88382835 | I56: =+'[3]MA - Apertura por Mall'!$AA$10 -> 0.94428533
A57: $ | B57: Millions | C57: Tenant sales (MMCLP) | D57: 114100.05 | E57: 80839.163 | F57: 109743.1 | G57: 145263.6 | H57: 145495.01 | I57: =+SUM('[2]5. Indicadores'!$BD$128:$BG$128) -> 175338.53
C58: Mall Aventura Santa Anita
A59: S | B59: Thousands | C59: Mall sales (MPEN) | D59: 489885.7 | E59: 338100.42 | F59: 460768.12 | G59: 538777.86 | H59: 567551.53 | I59: =+SUM('[2]5. Indicadores'!$BD$132:$BG$132) -> 588757.34
B60: Actual | C60: Average vacancy (%) | D60: 0.076882406 | E60: 0.067993063 | F60: 0.10913231 | G60: 0.10510267 | H60: 0.074401537 | I60: =+AVERAGE('[2]5. Indicadores'!$BD$134:$BG$134) -> 0.072844533
B61: Actual | C61: Average GLA (m2) | D61: 67715.457 | E61: 84883.119 | F61: 84377.491 | G61: 87924.728 | H61: 88081.31 | I61: =+AVERAGE('[2]5. Indicadores'!$BD$135:$BG$135) -> 88503.591
B62: Actual | C62: EBITDA margin of operating malls (%) | D62: 0.69834921 | E62: 0.74530037 | F62: 0.77437944 | G62: 0.76124867 | H62: 0.78928835 | I62: =+'[3]MA - Apertura por Mall'!$AA$26 -> 0.87732732
A63: $ | B63: Millions | C63: Tenant sales (MMCLP) | D63: 103485.5 | E63: 75406.794 | F63: 90472.27 | G63: 130245.46 | H63: 127550.98 | I63: =+SUM('[2]5. Indicadores'!$BD$137:$BG$137) -> 148208.55
C64: Mall Aventura Chiclayo
A65: S | B65: Thousands | C65: Mall sales (MPEN) | D65: N.A. | E65: N.A. | F65: 259874.86 | G65: 303330.03 | H65: 331392.39 | I65: =+SUM('[2]5. Indicadores'!$BD$141:$BG$141) -> 344574.81
B66: Actual | C66: Average vacancy (%) | D66: N.A. | E66: N.A. | F66: 0.068387538 | G66: 0.039184102 | H66: 0.038750346 | I66: =+AVERAGE('[2]5. Indicadores'!$BD$143:$BG$143) -> 0.045515464
B67: Actual | C67: Average GLA (m2) | D67: N.A. | E67: N.A. | F67: 47608.217 | G67: 47647.585 | H67: 47650.331 | I67: =+AVERAGE('[2]5. Indicadores'!$BD$144:$BG$144) -> 48263.489
B68: Actual | C68: EBITDA margin of operating malls (%) | D68: N.A. | E68: N.A. | F68: 0.70388292 | G68: 0.77480463 | H68: 0.77615315 | I68: =+'[3]MA - Apertura por Mall'!$AA$42 -> 0.85921403
A69: $ | B69: Millions | C69: Tenant sales (MMCLP) | D69: N.A. | E69: N.A. | F69: 50622.743 | G69: 69363.065 | H69: 74540.479 | I69: =+SUM('[2]5. Indicadores'!$BD$146:$BG$146) -> 86751.618
C70: Mall Aventura Iquitos
A71: S | B71: Thousands | C71: Mall sales (MPEN) | D71: N.A. | E71: N.A. | F71: N.A. | G71: N.A. | H71: 85029.653 | I71: =+SUM('[2]5. Indicadores'!$BD$150:$BG$150) -> 273872.47
B72: Actual | C72: Average vacancy (%) | D72: N.A. | E72: N.A. | F72: N.A. | G72: N.A. | H72: 0.030650228 | I72: =+AVERAGE('[2]5. Indicadores'!$BD$152:$BG$152) -> 0.014206202
B73: Actual | C73: Average GLA (m2) | D73: N.A. | E73: N.A. | F73: N.A. | G73: N.A. | H73: 47228.365 | I73: =+AVERAGE('[2]5. Indicadores'!$BD$153:$BG$153) -> 47035.4
B74: Actual | C74: EBITDA margin of operating malls (%) | D74: N.A. | E74: N.A. | F74: N.A. | G74: N.A. | H74: 0.70661628 | I74: =+'[3]MA - Apertura por Mall'!$AA$58 -> 0.85935341
A75: $ | B75: Millions | C75: Tenant sales (MMCLP) | D75: N.A. | E75: N.A. | F75: N.A. | G75: N.A. | H75: 20039.219 | I75: =+SUM('[2]5. Indicadores'!$BD$155:$BG$155) -> 68938.15
C76: Mall Aventura San Juan De Lurigancho
A77: S | B77: Thousands | C77: Mall sales (MPEN) | D77: N.A. | E77: N.A. | F77: N.A. | G77: N.A. | H77: 56326.874 | I77: =+SUM('[2]5. Indicadores'!$BD$159:$BG$159) -> 449205.13
B78: Actual | C78: Average vacancy (%) | D78: N.A. | E78: N.A. | F78: N.A. | G78: N.A. | H78: 0.04188493 | I78: =+AVERAGE('[2]5. Indicadores'!$BD$161:$BG$161) -> 0.013912841
B79: Actual | C79: Average GLA (m2) | D79: N.A. | E79: N.A. | F79: N.A. | G79: N.A. | H79: 61262.965 | I79: =+AVERAGE('[2]5. Indicadores'!$BD$162:$BG$162) -> 61354.897
B80: Actual | C80: EBITDA margin of operating malls (%) | D80: N.A. | E80: N.A. | F80: N.A. | G80: N.A. | H80: 0.49295866 | I80: =+'[3]MA - Apertura por Mall'!$AA$74 -> 0.85062992
A81: $ | B81: Millions | C81: Tenant sales (MMCLP) | D81: N.A. | E81: N.A. | F81: N.A. | G81: N.A. | H81: 13349.657 | I81: =+SUM('[2]5. Indicadores'!$BD$164:$BG$164) -> 113114.43

Sheet Operational Indicators (Q)
A1: Currency | B1: Unit | C1: Description | D1: Q1 19 | E1: Q2 19 | F1: Q3 19 | G1: Q4 19 | H1: Q1 20 | I1: Q2 20 | J1: Q3 20 | K1: Q4 20 | L1: Q1 21 | M1: Q2 21 | N1: Q3 21 | O1: Q4 21 | P1: Q1 22 | Q1: Q2 22 | R1: Q3 22 | S1: Q4 22 | T1: Q1 23 | U1: Q2 23 | V1: Q3 23 | W1: Q4 23 | X1: Q1 24 | Y1: Q2 24 | Z1: Q3 24 | AA1: Q4 24
C2: Period Ended On (MM/DD/YYYY) | D2: 03/31/2019 | E2: 06/30/2019 | F2: 09/30/2019 | G2: 12/31/2019 | H2: 03/31/2020 | I2: 06/30/2020 | J2: 09/30/2020 | K2: 12/31/2020 | L2: 03/31/2021 | M2: 06/30/2021 | N2: 09/30/2021 | O2: 12/31/2021 | P2: 03/31/2022 | Q2: 06/30/2022 | R2: 09/30/2022 | S2: 12/31/2022 | T2: 03/31/2023 | U2: 06/30/2023 | V2: 09/30/2023 | W2: 12/31/2023 | X2: 03/31/2024 | Y2: 06/30/2024 | Z2: 09/30/2024 | AA2: 12/31/2023
C3: Reported Date (MM/DD/YYYY) | D3: 05/31/2019 | E3: 08/30/2019 | F3: 11/30/2019 | G3: 03/27/2020 | H3: 05/30/2020 | I3: 08/28/2020 | J3: 11/27/2020 | K3: 03/26/2021 | L3: 05/28/2021 | M3: 08/27/2021 | N3: 11/26/2021 | O3: 03/08/2022 | P3: 05/24/2022 | Q3: 08/24/2022 | R3: 11/22/2022 | S3: 03/31/2023 | T3: 05/26/2023 | U3: 09/01/2023 | V3: 11/24/2023 | W3: 03/15/2024 | X3: 05/15/2024 | Y3: 08/28/2024 | Z3: 11/13/2024 | AA3: 03/13/2025
C4: Retail Business
C5: Chile
B6: Actual | C6: Variation in retail sales (YoY) (%) | D6: 0.024 | E6: -0.014 | F6: 0 | G6: -0.12189124 | H6: -0.15017811 | I6: -0.61294199 | J6: 0.072143748 | K6: 0.44766174 | L6: 1.4553012 | M6: 1.166 | N6: 0.907 | O6: 0.309 | P6: 0.138 | Q6: -0.028 | R6: -0.3639438 | S6: -0.2224073 | T6: -0.1703327 | U6: -0.13963124 | V6: -0.14662846 | W6: -0.087642361 | X6: -0.0055609487 | Y6: 0.056 | Z6: 0.051098606 | AA6: =+'[2]5. Indicadores'!BG8 -> 0.078661126
A7: $ | B7: Millions | C7: Inventory (MMCLP) | D7: 190528.36 | E7: 178134.57 | F7: 192588.8 | G7: 161242.02 | H7: 168091.19 | I7: 175672.31 | J7: 183511.71 | K7: 162071.72 | L7: 190589.21 | M7: 179464.05 | N7: 228951.6 | O7: 218858 | P7: 259883 | Q7: 260830 | R7: 297018.64 | S7: 240502.58 | T7: 247533.42 | U7: 203370.3 | V7: 233488.8 | W7: 194309.22 | X7: 208253.1 | Y7: 203908 | Z7: 231130.15 | AA7: =+'[2]5. Indicadores'!$BG$14 -> 204468.53
B8: Actual | C8: Sale area (m2) | D8: 290857 | E8: 290857 | F8: 290857 | G8: 290857 | H8: 290857 | I8: 290857 | J8: 290857 | K8: 290857 | L8: 290857 | M8: 288570 | N8: 288570 | O8: 288570 | P8: 288570 | Q8: 285821 | R8: 285821 | S8: 285821 | T8: 285821 | U8: 285821 | V8: 285821 | W8: 285821 | X8: 285821 | Y8: 285821 | Z8: 285821 | AA8: =+'[2]5. Indicadores'!$BG$17 -> 280405
B9: Actual | C9: Number of open stores (average) | D9: 46 | E9: 46 | F9: 46 | G9: 41.401882 | H9: 39.075269 | I9: 7.6222222 | J9: 19 | K9: 32 | L9: 26.02381 | M9: 13.893907 | N9: 42.170968 | O9: 45.37931 | P9: 45 | Q9: 45 | R9: 45 | S9: 45 | T9: 45 | U9: 45 | V9: 45 | W9: 45 | X9: 45 | Y9: 45 | Z9: 45 | AA9: 43
B10: Actual | C10: Total number of stores | D10: 46 | E10: 46 | F10: 46 | G10: 46 | H10: 46 | I10: 46 | J10: 46 | K10: 46 | L10: 45 | M10: 45 | N10: 45 | O10: 45 | P10: 45 | Q10: 45 | R10: 45 | S10: 45 | T10: 45 | U10: 45 | V10: 45 | W10: 45 | X10: 45 | Y10: 45 | Z10: 45 | AA10: 43
C11: Peru
B12: Actual | C12: Variation in retail sales (YoY) (%) | D12: -0.004 | E12: -0.048 | F12: 0.027 | G12: -0.023771773 | H12: -0.21969364 | I12: -0.78755413 | J12: -0.056331707 | K12: 0.10486409 | L12: 0.18811861 | M12: 3.7310653 | N12: 0.37819625 | O12: 0.10780147 | P12: 0.283 | Q12: 0.266 | R12: 0.078927055 | S12: 0.059250575 | T12: -0.030970997 | U12: -0.15204059 | V12: -0.15519129 | W12: -0.088173212 | X12: 0.13723174 | Y12: 0.221 | Z12: 0.21550298 | AA12: =+'[2]5. Indicadores'!$BG$25 -> 0.19037901
A13: S | B13: Thousands | C13: Inventory (MPEN) | D13: 537799.97 | E13: 539675.56 | F13: 535051.92 | G13: 520116.81 | H13: 541761.82 | I13: 525804.36 | J13: 568567.69 | K13: 520223.9 | L13: 566810.35 | M13: 600716.66 | N13: 598111.45 | O13: 620111.26 | P13: 677400.51 | Q13: 650394.17 | R13: 650447.9 | S13: 571556.1 | T13: 576519.78 | U13: 581215.12 | V13: 549139.13 | W13: 490520.99 | X13: 555903.96 | Y13: 566932 | Z13: 582470.9 | AA13: =+'[2]5. Indicadores'!$BG$31 -> 533990.79
B14: Actual | C14: Exchange rate (PEN/CLP) | D14: 204.47 | E14: 206.24 | F14: 215.77 | G14: 226.14 | H14: 248.07 | I14: 231.99 | J14: 219.06 | K14: 196.36 | L14: 192.76 | M14: 188.31 | N14: 196.33 | O14: 211.88 | P14: 214.45 | Q14: 243.74 | R14: 240.78 | S14: 224.38 | T14: 210.06 | U14: 221.26 | V14: 235.88 | W14: 236.97 | X14: 264.47 | Y14: 246 | Z14: 242.61 | AA14: =+'[2]5. Indicadores'!$BG$33 -> 264.54
B15: Actual | C15: Sale area (m2) | D15: 191496 | E15: 191496 | F15: 191496 | G15: 191496 | H15: 191496 | I15: 191496 | J15: 203597 | K15: 203597 | L15: 203597 | M15: 203597 | N15: 203597 | O15: 203597 | P15: 203597 | Q15: 203597 | R15: 203597 | S15: 218809.8 | T15: 218809.8 | U15: 218809.8 | V15: 224342.4 | W15: 231953 | X15: 231953 | Y15: 224383 | Z15: 224383.34 | AA15: =+'[2]5. Indicadores'!$BG$36 -> 221746.94
B16: Actual | C16: Number of open stores (average) | D16: 29 | E16: 29 | F16: 29 | G16: 29 | H16: 24.166667 | I16: 1.6 | J16: 23 | K16: 29 | L16: 23.377778 | M16: 25.828729 | N16: 29.956989 | O16: 31 | P16: 31 | Q16: 31 | R16: 31 | S16: 31 | T16: 31 | U16: 31 | V16: 32 | W16: 33 | X16: 33 | Y16: 31 | Z16: 31 | AA16: 30
B17: Actual | C17: Total number of stores | D17: 29 | E17: 29 | F17: 29 | G17: 29 | H17: 29 | I17: 29 | J17: 31 | K17: 31 | L17: 31 | M17: 31 | N17: 31 | O17: 31 | P17: 31 | Q17: 31 | R17: 31 | S17: 31 | T17: 31 | U17: 31 | V17: 32 | W17: 33 | X17: 33 | Y17: 31 | Z17: 31 | AA17: 30
A18: $ | B18: Millions | C18: Inventory (MMCLP) | D18: 109963.96 | E18: 111302.69 | F18: 115448.15 | G18: 117619.21 | H18: 134394.85 | I18: 121981.35 | J18: 124550.44 | K18: 102151.16 | L18: 109258.36 | M18: 113120.95 | N18: 117427.22 | O18: 131389.17 | P18: 145268.54 | Q18: 158527.08 | R18: 156614.85 | S18: 128245.76 | T18: 121103.75 | U18: 128599.66 | V18: 129530.94 | W18: 116238.76 | X18: 147019.92 | Y18: 139477 | Z18: 141313.27 | AA18: =+'[2]5. Indicadores'!$BG$34 -> 141261.92
C20: Banking Business
C21: Chile
A22: $ | B22: Millions | C22: Loan flows (MMCLP) | D22: 307932.99 | E22: 347754.39 | F22: 340282.65 | G22: 340449.23 | H22: 285438.38 | I22: 174939.75 | J22: 236358.41 | K22: 324027.14 | L22: 285945.66 | M22: 332260.62 | N22: 364391.86 | O22: 446726.51 | P22: 382781.51 | Q22: 399413.32 | R22: 356545.29 | S22: 443807.84 | T22: 332611.25 | U22: 342192.06 | V22: 341897.29 | W22: 428005.83 | X22: 382409.73 | Y22: 432154 | Z22: 410655.88 | AA22: =+'Operational Indicators (Y)'!I22 -> 513768.67
A23: $ | B23: Millions | C23: Gross loan portfolio (MMCLP) | D23: 880318.47 | E23: 894225.87 | F23: 897551.61 | G23: 894436.62 | H23: 858908.68 | I23: 762330.2 | J23: 678535.46 | K23: 675022.92 | L23: 645652 | M23: 652445.34 | N23: 671209.23 | O23: 772757.42 | P23: 813738.46 | Q23: 876553.52 | R23: 879433.87 | S23: 961720.59 | T23: 921351.01 | U23: 893399.66 | V23: 854612.71 | W23: 903404.8 | X23: 873730.87 | Y23: 884679 | Z23: 882358.86 | AA23: =+'Operational Indicators (Y)'!I23 -> 981219.59
B24: Actual | C24: Provisions/ total gross loan (%) | D24: 0.11122326 | E24: 0.10790449 | F24: 0.10743584 | G24: 0.11831114 | H24: 0.11922687 | I24: 0.13778693 | J24: 0.11999799 | K24: 0.092981293 | L24: 0.083553586 | M24: 0.078387772 | N24: 0.068559597 | O24: 0.070736299 | P24: 0.078521377 | Q24: 0.087403838 | R24: 0.095374931 | S24: 0.097959866 | T24: 0.10675579 | U24: 0.10794751 | V24: 0.11716437 | W24: 0.11599677 | X24: 0.11763882 | Y24: 0.115 | Z24: 0.11186863 | AA24: =+'Operational Indicators (Y)'!I24 -> 0.10123594
B25: Actual | C25: LTM net risk cost/LTM average loan portfolio (%) | D25: 0.023452991 | E25: 0.04724653 | F25: 0.07274905 | G25: 0.1146524 | H25: 0.1243017 | I25: 0.14944485 | J25: 0.1350914 | K25: 0.099852575 | L25: 0.069941339 | M25: 0.015433771 | N25: 0.010218258 | O25: 0.030353695 | P25: 0.049156711 | Q25: 0.075851666 | R25: 0.10346778 | S25: 0.1193728 | T25: 0.12827664 | U25: 0.13138246 | V25: 0.13501685 | W25: 0.13918091 | X25: 0.13864526 | Y25: 0.133 | Z25: 0.12144885 | AA25: =+'Operational Indicators (Y)'!I25 -> 0.10031157
A26: $ | B26: Millions | C26: Recovery net write-offs (MMCLP) | D26: 21842.63 | E26: 22533.954 | F26: 22737.473 | G26: 27344.227 | H26: 33561.241 | I26: 36387.999 | J26: 29572.496 | K26: 13646.11 | L26: 3813.0464 | M26: 3518 | N26: 5194.1961 | O26: 3277.0785 | P26: 6491.3534 | Q26: 9356.4229 | R26: 18437.998 | S26: 24002.785 | T26: 26275.818 | U26: 30298.151 | V26: 32318.73 | W26: 32130.038 | X26: 28548.046 | Y26: 24692 | Z26: 23147.933 | AA26: =+'Operational Indicators (Y)'!I26 -> 19413.217
B27: Actual | C27: Net write-offs (LTM)/average loan portfolio (LTM) % | D27: 0.085428317 | E27: 0.092479046 | F27: 0.096126721 | G27: 0.10708753 | H27: 0.12088806 | I27: 0.14015624 | J27: 0.15600788 | K27: 0.17958058 | L27: 0.15923209 | M27: 0.12619433 | N27: 0.084530511 | O27: 0.04467037 | P27: 0.032710731 | Q27: 0.03871431 | R27: 0.055895262 | S27: 0.075238568 | T27: 0.08813707 | U27: 0.10972259 | V27: 0.12599568 | W27: 0.13686338 | X27: 0.14164795 | Y27: 0.136 | Z27: 0.1242212 | AA27: =+'Operational Indicators (Y)'!I27 -> 0.10756163
B28: Actual | C28: Over 90 days NPL's (%) | D28: 0.053789563 | E28: 0.052 | F28: 0.049907484 | G28: 0.060876699 | H28: 0.064859104 | I28: 0.080947139 | J28: 0.055845191 | K28: 0.031017075 | L28: 0.028452676 | M28: 0.02918956 | N28: 0.020662943 | O28: 0.019408353 | P28: 0.024051033 | Q28: 0.032819747 | R28: 0.040648629 | S28: 0.041000092 | T28: 0.048654709 | U28: 0.054601696 | V28: 0.056588524 | W28: 0.050582371 | X28: 0.049052644 | Y28: 0.047 | Z28: 0.041692503 | AA28: =+'Operational Indicators (Y)'!I28 -> 0.037061198
B29: Thousands | C29: Number of credit cards with debt (miles) | D29: 1253.028 | E29: 1269.397 | F29: 1240.599 | G29: 1229.472 | H29: 1138.135 | I29: 989.477 | J29: 884.802 | K29: 911 | L29: 857 | M29: 875.568 | N29: 899.559 | O29: 966.559 | P29: 942.491 | Q29: 990.977 | R29: 954.655 | S29: 1006.523 | T29: 961.812 | U29: 964.005 | V29: 926.725 | W29: 968.312 | X29: 927.608 | Y29: 939 | Z29: 910.189 | AA29: =+'Operational Indicators (Y)'!I29 -> 950.106
B30: Actual | C30: Basel (%) | D30: 0.153 | E30: 0.155 | F30: 0.15792384 | G30: 0.1593 | H30: 0.1562 | I30: 0.15714303 | J30: 0.19683709 | K30: 0.21231762 | L30: 0.21961958 | M30: 0.22067181 | N30: 0.22500444 | O30: 0.21491013 | P30: 0.1956 | Q30: 0.1765 | R30: 0.1751 | S30: 0.1648 | T30: 0.172 | U30: 0.1738 | V30: 0.1805 | W30: 0.16742641 | X30: 0.1758 | Y30: 0.1729 | Z30: 0.1778 | AA30: =+'Operational Indicators (Y)'!I30 -> 0.1501
C31: Peru
A32: S | B32: Thousands | C32: Loan flows (MPEN) | D32: 953666.91 | E32: 994597.96 | F32: 969497.91 | G32: 1059919 | H32: 812884.54 | I32: 185732.12 | J32: 447292.97 | K32: 707296.33 | L32: 559960.9 | M32: 714915.29 | N32: 823103.21 | O32: 1023304.5 | P32: 978956.63 | Q32: 966758.74 | R32: 924325.61 | S32: 1061031.6 | T32: 958205.26 | U32: 978987.5 | V32: 882107.92 | W32: 899213.79 | X32: 751139.55 | Y32: 746708 | Z32: 751880.53 | AA32: =+'Operational Indicators (Y)'!I32 -> 873486.46
A33: S | B33: Thousands | C33: Gross loan portfolio (MPEN) | D33: 1871945.5 | E33: 1908212 | F33: 1872019.6 | G33: 1943735.7 | H33: 1898674 | I33: 1743524.3 | J33: 1631898.1 | K33: 1589551.7 | L33: 1273843.9 | M33: 1286215.2 | N33: 1279100 | O33: 1450481.5 | P33: 1539741.8 | Q33: 1603995.1 | R33: 1569963.1 | S33: 1718031.7 | T33: 1725997.7 | U33: 1753607.1 | V33: 1659203.8 | W33: 1633027.9 | X33: 1469493.4 | Y33: 1382948 | Z33: 1290265.9 | AA33: =+'Operational Indicators (Y)'!I33 -> 1360418.2
B34: Actual | C34: Provisions/ total gross loan (%) | D34: 0.05942264 | E34: 0.06020505 | F34: 0.062341688 | G34: 0.061443191 | H34: 0.080414838 | I34: 0.1161521 | J34: 0.16978852 | K34: 0.21023175 | L34: 0.12755538 | M34: 0.10917628 | N34: 0.082319255 | O34: 0.061003883 | P34: 0.059971665 | Q34: 0.066044566 | R34: 0.0665937 | S34: 0.0665937 | T34: 0.070135346 | U34: 0.081471208 | V34: 0.087238831 | W34: 0.096191003 | X34: 0.09882638 | Y34: 0.098 | Z34: 0.083363508 | AA34: =+'Operational Indicators (Y)'!I34 -> 0.074955514
B35: Actual | C35: LTM net risk cost/LTM average loan portfolio (%) | D35: 0.027899994 | E35: 0.057796245 | F35: 0.084032345 | G35: 0.11148754 | H35: 0.11876432 | I35: 0.13325261 | J35: 0.14786771 | K35: 0.20901937 | L35: 0.21235544 | M35: 0.15250365 | N35: 0.16789592 | O35: 0.076483603 | P35: 0.0654554 | Q35: 0.081071682 | R35: 0.073811918 | S35: 0.11447043 | T35: 0.12886167 | U35: 0.14655393 | V35: 0.16840966 | W35: 0.19533141 | X35: 0.21668414 | Y35: 0.22 | Z35: 0.20278565 | AA35: =+'Operational Indicators (Y)'!I35 -> 0.14603924
A36: S | B36: Thousands | C36: Recovery net write-offs (MPEN) | D36: 50200.071 | E36: 53278 | F36: 47923.315 | G36: 49330.993 | H36: 34282.68 | I36: 32154.857 | J36: -5126.7299 | K36: 92263.761 | L36: 217161.65 | M36: 45424.632 | N36: 51182.793 | O36: 34432.197 | P36: 28270.086 | Q36: 36739.774 | R36: 48967.186 | S36: 45311.031 | T36: 50456.817 | U36: 63663.595 | V36: 88058.567 | W36: 84478.365 | X36: 101079.89 | Y36: 83107 | Z36: 70170.912 | AA36: =+'Operational Indicators (Y)'!I36 -> 45192.23
B37: Actual | C37: Net write-offs (LTM)/average loan portfolio (LTM) (%) | D37: 0.026680038 | E37: 0.054831827 | F37: 0.080270707 | G37: 0.10644688 | H37: 0.097511995 | I37: 0.087146406 | J37: 0.060524669 | K37: 0.087333721 | L37: 0.20690838 | M37: 0.24919152 | N37: 0.29262572 | O37: 0.26291217 | P37: 0.11821963 | Q37: 0.099872525 | R37: 0.093104699 | S37: 0.095849094 | T37: 0.11129372 | U37: 0.12460736 | V37: 0.14542156 | W37: 0.16813558 | X37: 0.20287058 | Y37: 0.225 | Z37: 0.22796327 | AA37: =+'Operational Indicators (Y)'!I37 -> 0.21371643
B38: Actual | C38: Over 90 days NPL's (%) | D38: 0.025599382 | E38: 0.027 | F38: 0.028538135 | G38: 0.027671266 | H38: 0.027891313 | I38: 0.011452664 | J38: 0.036840328 | K38: 0.11279808 | L38: 0.033612489 | M38: 0.039331416 | N38: 0.026801832 | O38: 0.01651624 | P38: 0.017587962 | Q38: 0.023779921 | R38: 0.02715531 | S38: 0.02593496 | T38: 0.027052959 | U38: 0.03986622 | V38: 0.041127957 | W38: 0.052623202 | X38: 0.049646111 | Y38: 0.052 | Z38: 0.040715524 | AA38: =+'Operational Indicators (Y)'!I38 -> 0.033746601
B39: Thousands | C39: Number of credit cards with debt (miles) | D39: 467.16 | E39: 476 | F39: 462.812 | G39: 485.857 | H39: 447.156 | I39: 392.295 | J39: 394.959 | K39: 414.516 | L39: 326.715 | M39: 342.735 | N39: 359.378 | O39: 418.485 | P39: 419.146 | Q39: 436.184 | R39: 415.2 | S39: 439.04 | T39: 412.183 | U39: 418.416 | V39: 403.704 | W39: 420.86 | X39: 382.404 | Y39: 379 | Z39: 363.27 | AA39: =+'Operational Indicators (Y)'!I39 -> 383.004
B40: Actual | C40: Basel (%) | D40: 0.1483 | E40: 0.166 | F40: 0.1655 | G40: 0.1606 | H40: 0.1524 | I40: 0.16093262 | J40: 0.16438456 | K40: 0.14414223 | L40: 0.12950165 | M40: 0.1241 | N40: 0.143 | O40: 0.13566757 | P40: 0.14291087 | Q40: 0.13790072 | R40: 0.14465038 | S40: 0.1361 | T40: 0.1587 | U40: 0.1748 | V40: 0.17504979 | W40: 0.15324519 | X40: 0.15151474 | Y40: 0.1472 | Z40: 0.17109144 | AA40: =+'Operational Indicators (Y)'!I40 -> 0.1747714
A41: $ | B41: Millions | C41: Loan flows (MMCLP) | D41: 147962.57 | E41: 148839.71 | F41: 157153.68 | G41: 167298.65 | H41: 180345.05 | I41: 209250.88 | J41: 210648.43 | K41: 215668.88 | L41: 208227.53 | M41: 214681.2 | N41: 221563.51 | O41: 217058.92 | P41: 226877.45 | Q41: 222486.88 | R41: 217121.08 | S41: 249501.57 | T41: 203456.97 | U41: 211843.11 | V41: 204363.82 | W41: 213116.67 | X41: 189236.21 | Y41: 186607 | Z41: 186298.45 | AA41: =+'Operational Indicators (Y)'!I41 -> 223999.78
A42: $ | B42: Millions | C42: Gross loan portfolio (MMCLP) | D42: 388129.73 | E42: 399547.77 | F42: 399885 | G42: 445881.32 | H42: 477330.99 | I42: 411352.75 | J42: 364395.91 | K42: 318111.36 | L42: 242584.9 | M42: 244427.95 | N42: 253215.43 | O42: 308325.54 | P42: 332022.59 | Q42: 393965.77 | R42: 378015.71 | S42: 385491.95 | T42: 366009.32 | U42: 392579.87 | V42: 395317.14 | W42: 390587.94 | X42: 392057.59 | Y42: 355642 | Z42: 315694.43 | AA42: =+'Operational Indicators (Y)'!I42 -> 362605.87
A43: $ | B43: Millions | C43: Recovery net write-offs (MMCLP) | D43: 3394.5656 | E43: 17984.289 | F43: 14912 | G43: 9596.5934 | H43: 8567.3273 | I43: 6825.4966 | J43: -2075.7503 | K43: 16365.869 | L43: 52790.485 | M43: 29067.758 | N43: 2233.21 | O43: 1833.8352 | P43: 1047.3315 | Q43: 963.22588 | R43: 11575.353 | S43: 10654.889 | T43: 10728.297 | U43: 13776.165 | V43: 20401.115 | W43: 20021.654 | X43: 25465.275 | Y43: 20769 | Z43: 17386.715 | AA43: =+'Operational Indicators (Y)'!I43 -> 11589.246
C45: Real Estate Business
C46: Consolidated Mall Aventura
A47: S | B47: Thousands | C47: Mall sales (MPEN) | D47: 238700.31 | E47: 248769 | F47: 251409.17 | G47: 289199.45 | H47: 206727.05 | I47: 56206.588 | J47: 155704.96 | K47: 330074.76 | L47: 235162.56 | M47: 275389.35 | N47: 347396.69 | O47: 421148.05 | P47: 325503.95 | Q47: 351894 | R47: 369482.91 | S47: 431762.93 | T47: 374683.41 | U47: 377605 | V47: 384058.72 | W47: 551138.46 | X47: 517453.19 | Y47: 539622 | Z47: 594516.3 | AA47: =+'[2]5. Indicadores'!BG114 -> 701231.22
B48: Actual | C48: Average vacancy (%) | D48: 0.042104548 | E48: 0.048 | F48: 0.072381633 | G48: 0.070155998 | H48: 0.057345962 | I48: 0.046682971 | J48: 0.049 | K48: 0.078989319 | L48: 0.080801914 | M48: 0.078521376 | N48: 0.066812279 | O48: 0.060683959 | P48: 0.069920014 | Q48: 0.055504488 | R48: 0.053157887 | S48: 0.048191867 | T48: 0.045205407 | U48: 0.045914859 | V48: 0.039826849 | W48: 0.039 | X48: 0.039041515 | Y48: 0.035 | Z48: 0.033289448 | AA48: =+'[2]5. Indicadores'!BG116 -> 0.030314806
B49: Actual | C49: Average GLA (m2) | D49: 128628.16 | E49: 127195.46 | F49: 143962.53 | G49: 156679.5 | H49: 158322.28 | I49: 157266.27 | J49: 157218.42 | K49: 204610.2 | L49: 204526.05 | M49: 204539.76 | N49: 204522.09 | O49: 204587.89 | P49: 208055.16 | Q49: 208075.19 | R49: 208285.37 | S49: 208290.75 | T49: 210682.61 | U49: 210865.36 | V49: 258450.27 | W49: 319388.54 | X49: 319329.31 | Y49: 320438 | Z49: 320464.91 | AA49: =+'[2]5. Indicadores'!BG117 -> 320823.87
B50: Actual | C50: EBITDA margin of operating malls (%) | D50: 0.8403915 | E50: 0.82531576 | F50: 0.83318183 | G50: 0.76248518 | H50: 0.79635861 | I50: 0.68990725 | J50: 0.71902982 | K50: 0.96175453 | L50: 0.71945525 | M50: 0.82860409 | N50: 0.829 | O50: 0.94892637 | P50: 0.83023389 | Q50: 0.82258705 | R50: 0.82316033 | S50: 0.87649228 | T50: 0.8240753 | U50: 0.80550011 | V50: 0.77093976 | W50: 0.83350034 | X50: 0.85617111 | Y50: 0.87 | Z50: 0.88627783 | AA50: =+'[2]5. Indicadores'!$BG$118 -> 0.9163377
A51: $ | B51: Millions | C51: Tenant sales (MMCLP) | D51: 47904.764 | E51: 51252.219 | F51: 53136.204 | G51: 65006.251 | H51: 48802.398 | I51: 13500.421 | J51: 34319.618 | K51: 69847.121 | L51: 46573.946 | M51: 52035.561 | N51: 66318.028 | O51: 86366.234 | P51: 69219.5 | Q51: 79041.257 | R51: 88010.828 | S51: 101529.05 | T51: 79666.437 | U51: 81710 | V51: 88977.444 | W51: 130621.65 | X51: 130363.1 | Y51: 134855 | Z51: 147307.27 | AA51: =+'[2]5. Indicadores'!$BG$119 -> 179826.07
C52: Mall Aventura Arequipa
A53: S | B53: Thousands | C53: Mall sales (MPEN) | D53: 126094.66 | E53: 126725.11 | F53: 132459.71 | G53: 154328.53 | H53: 112485.84 | I53: 27860.236 | J53: 69067.436 | K53: 152966.09 | L53: 107121.85 | M53: 120346.99 | N53: 147349.23 | O53: 183635.6 | P53: 147041.42 | Q53: 151179.87 | R53: 158215.23 | S53: 180099.37 | T53: 157583.97 | U53: 157124 | V53: 151904.26 | W53: 180572.6 | X53: 158882.27 | Y53: 159851 | Z53: 171956.05 | AA53: =+'[2]5. Indicadores'!BG123 -> 205723.8
B54: Actual | C54: Average vacancy (%) | D54: 0.042624484 | E54: 0.041100429 | F54: 0.037754043 | G54: 0.036866092 | H54: 0.036269898 | I54: 0.036096677 | J54: 0.03653398 | K54: 0.037107114 | L54: 0.04142971 | M54: 0.043569212 | N54: 0.022085651 | O54: 0.0083450976 | P54: 0.0075973776 | Q54: 0.010619428 | R54: 0.0099884441 | S54: 0.0099884441 | T54: 0.0088826792 | U54: 0.0067765062 | V54: 0.0047953298 | W54: 0.0025121437 | X54: 0.0020764669 | Y54: 0.014 | Z54: 0.013948939 | AA54: =+'[2]5. Indicadores'!BG125 -> 0.014209726
B55: Actual | C55: Average GLA (m2) | D55: 71349.033 | E55: 71336.7 | F55: 71797.167 | G55: 72565.96 | H55: 72565.96 | I55: 72565.96 | J55: 72565.96 | K55: 72565.96 | L55: 72565.96 | M55: 72561.637 | N55: 72552.99 | O55: 72552.377 | P55: 72481.15 | Q55: 72481.307 | R55: 72727.377 | S55: 72727.377 | T55: 75189.777 | U55: 75226.08 | V55: 75200.25 | W55: 75124.417 | X55: 75108.35 | Y55: 75106 | Z55: 75106.07 | AA55: =+'[2]5. Indicadores'!$BG$126 -> 75106.07
B56: Actual | C56: EBITDA margin of operating malls (%) | D56: 0.9 | E56: 0.89 | F56: 0.88874586 | G56: 0.82554587 | H56: 0.89369869 | I56: 0.74395746 | J56: 0.80899375 | K56: 1.0013863 | L56: 0.84718534 | M56: 0.85427945 | N56: 0.9353084 | O56: 0.96526243 | P56: 0.90629688 | Q56: 0.91097741 | R56: 0.91684384 | S56: 0.93122936 | T56: 0.91488924 | U56: 0.84054646 | V56: 0.84578559 | W56: 0.9340921 | X56: 0.94461325 | Y56: 0.93 | Z56: 0.92702186 | AA56: =+'[2]5. Indicadores'!$BG$127 -> 0.97259489
A57: $ | B57: Millions | C57: Tenant sales (MMCLP) | D57: 25305.937 | E57: 26108.33 | F57: 27995.82 | G57: 34689.966 | H57: 26554.72 | I57: 6691.8298 | J57: 15223.459 | K57: 32369.155 | L57: 21215.483 | M57: 22739.888 | N57: 28128.967 | O57: 37658.765 | P57: 31268.849 | Q57: 33957.517 | R57: 37686.869 | S57: 42350.366 | T57: 33506.028 | U57: 34000 | V57: 35192.672 | W57: 42796.308 | X57: 40027.554 | Y57: 39948 | Z57: 42606.696 | AA57: =+'[2]5. Indicadores'!$BG$128 -> 52756.498
C58: Mall Aventura Santa Anita
A59: S | B59: Thousands | C59: Mall sales (MPEN) | D59: 113842.22 | E59: 122031.1 | F59: 119141.47 | G59: 134870.92 | H59: 93548.409 | I59: 28346.352 | J59: 86637.52 | K59: 129568.14 | L59: 77954.267 | M59: 102415.28 | N59: 128444.45 | O59: 151954.13 | P59: 113787.81 | Q59: 130170.2 | R59: 134862.05 | S59: 159957.81 | T59: 137827.6 | U59: 140375.1 | V59: 132688.12 | W59: 156660.71 | X59: 130679.12 | Y59: 138464 | Z59: 147649.31 | AA59: =+'[2]5. Indicadores'!BG132 -> 171965.2
B60: Actual | C60: Average vacancy (%) | D60: 0.041466213 | E60: 0.056610449 | F60: 0.11057728 | G60: 0.098875678 | H60: 0.075180273 | I60: 0.055752649 | J60: 0.060279994 | K60: 0.080759336 | L60: 0.1094402 | M60: 0.10846853 | N60: 0.10997922 | O60: 0.1086413 | P60: 0.13971694 | Q60: 0.10125684 | R60: 0.09657325 | S60: 0.082863648 | T60: 0.078225197 | U60: 0.073 | V60: 0.073 | W60: 0.07338095 | X60: 0.074698514 | Y60: 0.075 | Z60: 0.073531782 | AA60: =+'[2]5. Indicadores'!$BG$134 -> 0.068365976
B61: Actual | C61: Average GLA (m2) | D61: 57291.463 | E61: 57291.463 | F61: 72165.359 | G61: 84113.54 | H61: 85756.317 | I61: 84700.31 | J61: 84652.463 | K61: 84423.387 | L61: 84370.887 | M61: 84378.08 | N61: 84378.91 | O61: 84382.087 | P61: 87927.013 | Q61: 87949.22 | R61: 87910.99 | S61: 87911.69 | T61: 87840.963 | U61: 87987.25 | V61: 88248.51 | W61: 88248.517 | X61: 88248.61 | Y61: 88347 | Z61: 88373.487 | AA61: =+'[2]5. Indicadores'!$BG$135 -> 89045.707
B62: Actual | C62: EBITDA margin of operating malls (%) | D62: 0.78 | E62: 0.56 | F62: 0.78053751 | G62: 0.67285932 | H62: 0.71441059 | I62: 0.64822188 | J62: 0.64902496 | K62: 0.96954403 | L62: 0.72217688 | M62: 0.80654742 | N62: 0.79939611 | O62: 0.76939738 | P62: 0.80812663 | Q62: 0.76773452 | R62: 0.77562951 | S62: 0.69350402 | T62: 0.79211265 | U62: 0.78633422 | V62: 0.74667699 | W62: 0.83202954 | X62: 0.86266912 | Y62: 0.92 | Z62: 0.8910748 | AA62: =+'[2]5. Indicadores'!$BG$136 -> 0.84561554
A63: $ | B63: Millions | C63: Tenant sales (MMCLP) | D63: 22846.994 | E63: 25141.254 | F63: 25180.965 | G63: 30316.285 | H63: 22084.129 | I63: 6808.5913 | J63: 19096.159 | K63: 27417.915 | L63: 15438.843 | M63: 19351.643 | N63: 24520.045 | O63: 31161.74 | P63: 31268.849 | Q63: 29238.396 | R63: 32124.141 | S63: 37614.078 | T63: 29305.365 | U63: 30375.768 | V63: 30740.741 | W63: 37129.109 | X63: 32922.274 | Y63: 34603 | Z63: 36584.053 | AA63: =+'[2]5. Indicadores'!$BG$137 -> 44099.329
C64: Mall Aventura Chiclayo
A65: S | B65: Thousands | C65: Mall sales (MPEN) | D65: N.A. | E65: N.A. | F65: N.A. | G65: N.A. | H65: N.A. | I65: N.A. | J65: N.A. | K65: 47540.529 | L65: 50086.447 | M65: 52627.082 | N65: 71603.012 | O65: 85558.318 | P65: 64674.721 | Q65: 70543.934 | R65: 76405.62 | S65: 91705.753 | T65: 79271.846 | U65: 80105.57 | V65: 78234.995 | W65: 93779.98 | X65: 79321.249 | Y65: 78203 | Z65: 85755.651 | AA65: =+'[2]5. Indicadores'!$BG$141 -> 101294.63
B66: Actual | C66: Average vacancy (%) | D66: N.A. | E66: N.A. | F66: N.A. | G66: N.A. | H66: N.A. | I66: N.A. | J66: N.A. | K66: 0.13967264 | L66: 0.086406918 | M66: 0.073230255 | N66: 0.058463313 | O66: 0.055449664 | P66: 0.035923773 | Q66: 0.039331515 | R66: 0.038947398 | S66: 0.042533722 | T66: 0.041650619 | U66: 0.036955124 | V66: 0.037441671 | W66: 0.03895397 | X66: 0.049974962 | Y66: 0.046 | Z66: 0.04638357 | AA66: =+'[2]5. Indicadores'!$BG$143 -> 0.039813906
B67: Actual | C67: Average GLA (m2) | D67: N.A. | E67: N.A. | F67: N.A. | G67: N.A. | H67: N.A. | I67: N.A. | J67: N.A. | K67: 47620.85 | L67: 47589.207 | M67: 47600.043 | N67: 47590.187 | O67: 47653.43 | P67: 47647 | Q67: 47644.66 | R67: 47647 | S67: 47651.68 | T67: 47651.873 | U67: 47652.03 | V67: 47648.96 | W67: 47648.46 | X67: 47648.46 | Y67: 48582 | Z67: 48581.57 | AA67: =+'[2]5. Indicadores'!$BG$144 -> 48242.357
B68: Actual | C68: EBITDA margin of operating malls (%) | D68: N.A. | E68: N.A. | F68: N.A. | G68: N.A. | H68: N.A. | I68: N.A. | J68: N.A. | K68: 0.75926429 | L68: 0.46168939 | M68: 0.84975323 | N68: 0.6277123 | O68: 0.87637677 | P68: 0.73536864 | Q68: 0.77274043 | R68: 0.7468885 | S68: 0.84422094 | T68: 0.73828753 | U68: 0.78689492 | V68: 0.76516031 | W68: 0.81426983 | X68: 0.81988974 | Y68: 0.84 | Z68: 0.8883885 | AA68: =+'[2]5. Indicadores'!$BG$145 -> 0.88785384
A69: $ | B69: Millions | C69: Tenant sales (MMCLP) | D69: N.A. | E69: N.A. | F69: N.A. | G69: N.A. | H69: N.A. | I69: N.A. | J69: N.A. | K69: 8982.9113 | L69: 9463.9694 | M69: 9944.0292 | N69: 13669.015 | O69: 17545.729 | P69: 13753.295 | Q69: 15845.343 | R69: 18199.819 | S69: 21564.608 | T69: 16855.044 | U69: 17334.044 | V69: 18125.223 | W69: 22226.168 | X69: 19983.574 | Y69: 19543 | Z69: 21248.249 | AA69: =+'[2]5. Indicadores'!$BG$146 -> 25976.333
C70: Mall Aventura Iquitos
A71: S | B71: Thousands | C71: Mall sales (MPEN) | D71: N.A. | E71: N.A. | F71: N.A. | G71: N.A. | H71: N.A. | I71: N.A. | J71: N.A. | K71: N.A. | L71: N.A. | M71: N.A. | N71: N.A. | O71: N.A. | P71: N.A. | Q71: N.A. | R71: N.A. | S71: N.A. | T71: N.A. | U71: N.A. | V71: 21231.355 | W71: 63798.298 | X71: 58645.379 | Y71: 61303 | Z71: 72610.92 | AA71: =+'[2]5. Indicadores'!$BG$150 -> 81312.97
B72: Actual | C72: Average vacancy (%) | D72: N.A. | E72: N.A. | F72: N.A. | G72: N.A. | H72: N.A. | I72: N.A. | J72: N.A. | K72: N.A. | L72: N.A. | M72: N.A. | N72: N.A. | O72: N.A. | P72: N.A. | Q72: N.A. | R72: N.A. | S72: N.A. | T72: N.A. | U72: N.A. | V72: 0.031937456 | W72: 0.029362999 | X72: 0.020207358 | Y72: 0.011 | Z72: 0.013652241 | AA72: =+'[2]5. Indicadores'!$BG$152 -> 0.012117201
B73: Actual | C73: Average GLA (m2) | D73: N.A. | E73: N.A. | F73: N.A. | G73: N.A. | H73: N.A. | I73: N.A. | J73: N.A. | K73: N.A. | L73: N.A. | M73: N.A. | N73: N.A. | O73: N.A. | P73: N.A. | Q73: N.A. | R73: N.A. | S73: N.A. | T73: N.A. | U73: N.A. | V73: 47352.55 | W73: 47104.18 | X73: 47028.91 | Y73: 47029 | Z73: 47028.91 | AA73: =+'[2]5. Indicadores'!$BG$153 -> 47054.87
B74: Actual | C74: EBITDA margin of operating malls (%) | D74: N.A. | E74: N.A. | F74: N.A. | G74: N.A. | H74: N.A. | I74: N.A. | J74: N.A. | K74: N.A. | L74: N.A. | M74: N.A. | N74: N.A. | O74: N.A. | P74: N.A. | Q74: N.A. | R74: N.A. | S74: N.A. | T74: N.A. | U74: N.A. | V74: 0.58433197 | W74: 0.82890059 | X74: 0.79 | Y74: 0.83 | Z74: 0.81000014 | AA74: =+'[2]5. Indicadores'!$BG$154 -> 0.99177412
A75: $ | B75: Millions | C75: Tenant sales (MMCLP) | D75: N.A. | E75: N.A. | F75: N.A. | G75: N.A. | H75: N.A. | I75: N.A. | J75: N.A. | K75: N.A. | L75: N.A. | M75: N.A. | N75: N.A. | O75: N.A. | P75: N.A. | Q75: N.A. | R75: N.A. | S75: N.A. | T75: N.A. | U75: N.A. | V75: 4918.8096 | W75: 15120.409 | X75: 14774.657 | Y75: 15320 | Z75: 17991.292 | AA75: =+'[2]5. Indicadores'!$BG$155 -> 20852.169
C76: Mall Aventura San Juan De Lurigancho
A77: S | B77: Thousands | C77: Mall sales (MPEN) | D77: N.A. | E77: N.A. | F77: N.A. | G77: N.A. | H77: N.A. | I77: N.A. | J77: N.A. | K77: N.A. | L77: N.A. | M77: N.A. | N77: N.A. | O77: N.A. | P77: N.A. | Q77: N.A. | R77: N.A. | S77: N.A. | T77: N.A. | U77: N.A. | V77: N.A. | W77: 56326.874 | X77: 89925.176 | Y77: 101801 | Z77: 116544.37 | AA77: =+'[2]5. Indicadores'!$BG$159 -> 140934.62
B78: Actual | C78: Average vacancy (%) | D78: N.A. | E78: N.A. | F78: N.A. | G78: N.A. | H78: N.A. | I78: N.A. | J78: N.A. | K78: N.A. | L78: N.A. | M78: N.A. | N78: N.A. | O78: N.A. | P78: N.A. | Q78: N.A. | R78: N.A. | S78: N.A. | T78: N.A. | U78: N.A. | V78: N.A. | W78: 0.04188493 | X78: 0.03895164 | Y78: 0.012 | Z78: 0.0036945632 | AA78: =+'[2]5. Indicadores'!$BG$161 -> 0.0013016728
B79: Actual | C79: Average GLA (m2) | D79: N.A. | E79: N.A. | F79: N.A. | G79: N.A. | H79: N.A. | I79: N.A. | J79: N.A. | K79: N.A. | L79: N.A. | M79: N.A. | N79: N.A. | O79: N.A. | P79: N.A. | Q79: N.A. | R79: N.A. | S79: N.A. | T79: N.A. | U79: N.A. | V79: N.A. | W79: 61262.965 | X79: 61294.98 | Y79: 61375 | Z79: 61374.87 | AA79: =+'[2]5. Indicadores'!$BG$162 -> 61374.87
B80: Actual | C80: EBITDA margin of operating malls (%) | D80: N.A. | E80: N.A. | F80: N.A. | G80: N.A. | H80: N.A. | I80: N.A. | J80: N.A. | K80: N.A. | L80: N.A. | M80: N.A. | N80: N.A. | O80: N.A. | P80: N.A. | Q80: N.A. | R80: N.A. | S80: N.A. | T80: N.A. | U80: N.A. | V80: N.A. | W80: 0.49295866 | X80: 0.8 | Y80: 0.8 | Z80: 0.8693348 | AA80: =+'[2]5. Indicadores'!$BG$163 -> 0.92105009
A81: $ | B81: Millions | C81: Tenant sales (MMCLP) | D81: N.A. | E81: N.A. | F81: N.A. | G81: N.A. | H81: N.A. | I81: N.A. | J81: N.A. | K81: N.A. | L81: N.A. | M81: N.A. | N81: N.A. | O81: N.A. | P81: N.A. | Q81: N.A. | R81: N.A. | S81: N.A. | T81: N.A. | U81: N.A. | V81: N.A. | W81: 13349.657 | X81: 22655.044 | Y81: 25441 | Z81: 28876.975 | AA81: =+'[2]5. Indicadores'!$BG$164 -> 36141.743

Sheet Income Statement by Segment (Y)
A1: Currency | B1: Unit | C1: Description | D1: FY 18 | E1: FY 19 | F1: FY 20 | G1: FY 21 | H1: FY 22 | I1: FY 23 | J1: FY 24
C2: Period Ended On (MM/DD/YYYY) | D2: 12/31/2018 | E2: 12/31/2019 | F2: 12/31/2020 | G2: 12/31/2021 | H2: 12/31/2022 | I2: 12/31/2023 | J2: 12/31/2024
C3: Reported Date (MM/DD/YYYY) | D3: 03/27/2019 | E3: 03/27/2020 | F3: 03/26/2021 | G3: 03/08/2022 | H3: 03/31/2023 | I3: 03/15/2024 | J3: 03/13/2025
C4: Chile
C5: Retail
A6: $ | B6: Thousands | C6: Revenue | D6: 8.1769319e+08 | E6: 787273899 | F6: 7.4822748e+08 | G6: 1.2896849e+09 | H6: 1.0880457e+09 | I6: 9.4425804e+08 | J6: =+[1]N39c!C8 -> 990299803
A7: $ | B7: Thousands | C7: Cost of sales | D7: -5.7210632e+08 | E7: -562182582 | F7: -5.7419308e+08 | G7: -9.218925e+08 | H7: -7.9382376e+08 | I7: -7.0252118e+08 | J7: =+[1]N39c!C21 -> -692523487
A8: $ | B8: Thousands | C8: Gross margin | D8: 2.4558687e+08 | E8: 225091317 | F8: 1.740344e+08 | G8: 3.6779235e+08 | H8: 2.9422191e+08 | I8: 2.4173687e+08 | J8: =+[1]N39c!C27 -> 297776316
A9: $ | B9: Thousands | C9: Administrative expense and other | D9: -2.4329686e+08 | E9: -245873172 | F9: -2.1189037e+08 | G9: -2.7160395e+08 | H9: -2.9155616e+08 | I9: -3.0011126e+08 | J9: =+[1]N39c!C29 -> -301746680
A10: $ | B10: Thousands | C10: Operating income | D10: 2290009.9 | E10: -20781855 | F10: -37855979 | G10: 96188400 | H10: 2665746.7 | I10: -58374398 | J10: =+J8+J9 -> -3970364
A11: $ | B11: Thousands | C11: Other gains (losses) | D11: 1402086.5 | E11: -4657106 | F11: 871777.12 | G11: 49406.271 | H11: 8994690.4 | I11: 3905497.6 | J11: =+[1]N39c!C33 -> -605539
A12: $ | B12: Thousands | C12: Financial income | D12: 1929118.3 | E12: 1518462 | F12: 1131779 | G12: 1761243.4 | H12: 2123551.7 | I12: 1261496.4 | J12: =+[1]N39c!C34 -> 750145
A13: $ | B13: Thousands | C13: Finance costs | D13: -423632.5 | E13: -11614111 | F13: -10776612 | G13: -10644774 | H13: -11796121 | I13: -11869991 | J13: =+[1]N39c!C35 -> -13002593
A14: $ | B14: Thousands | C14: Exchange rate difference | D14: -397645.13 | E14: 509197 | F14: 532831.86 | G14: 662085.77 | H14: -5029782.8 | I14: -1225563 | J14: =+[1]N39c!C37 -> -2232574
A15: $ | B15: Thousands | C15: Income from indexation units | D15: 434913.36 | E15: 596154 | F15: 791952.98 | G15: 107778.22 | H15: -965189.84 | I15: -475817.96 | J15: =+[1]N39c!C38 -> -274867
A16: $ | B16: Thousands | C16: Non-operating income | D16: 2944840.5 | E16: -13647404 | F16: -7448270.6 | G16: -8064260.7 | H16: -6672851.1 | I16: -8404378.3 | J16: =+SUM(J11:J15) -> -15365428
A17: $ | B17: Thousands | C17: Profit (loss) before tax | D17: 5234850.4 | E17: -34429259 | F17: -45304250 | G17: 88124139 | H17: -4007104.4 | I17: -66778776 | J17: =+J10+J16 -> -19335792
A18: $ | B18: Thousands | C18: Income taxes | D18: -1217056.3 | E18: 10182570 | F18: 10059428 | G18: -23704684 | H18: 5278725.9 | I18: 19371098 | J18: =+[1]N39c!C42 -> 8425357
A19: $ | B19: Thousands | C19: Profit (loss) | D19: 4017794.1 | E19: -24246689 | F19: -35244822 | G19: 64419456 | H19: 1271621.5 | I19: -47407678 | J19: =+J17+J18 -> -10910435
A20: $ | B20: Thousands | C20: Depreciation and amortization | D20: 14614009 | E20: 31498520 | F20: 31668989 | G20: 34190343 | H20: 37657648 | I20: 41054146 | J20: =+[1]N39c!C48 -> 41678794
A21: $ | B21: Thousands | C21: EBITDA: Operating result plus depreciation and amortization | D21: 16904019 | E21: 10716665 | F21: -6186990.6 | G21: 1.3037874e+08 | H21: 40323395 | I21: -17320251 | J21: =+[1]N39c!C50 -> 37708430
C23: Bank
A24: $ | B24: Thousands | C24: Revenue | D24: 3.1474056e+08 | E24: 326401790 | F24: 2.514183e+08 | G24: 2.2488291e+08 | H24: 3.115796e+08 | I24: 3.3907176e+08 | J24: =+[1]N39c!E9 -> 348226580
A25: $ | B25: Thousands | C25: Cost of sales | D25: -1.1965992e+08 | E25: -152036032 | F25: -1.1991872e+08 | G25: -56126826 | H25: -1.8765067e+08 | I25: -2.3226133e+08 | J25: =+[1]N39c!E21 -> -174703875
A26: $ | B26: Thousands | C26: Interest and indexation expense | D26: -28849980 | E26: -30309382 | F26: -24026685 | G26: -16326143 | H26: -57664557 | I26: -76455183 | J26: =+[1]N39c!E27 -> 173522705
A27: $ | B27: Thousands | C27: Cost of risk, net | D27: -76762713 | E27: -101131426 | F27: -75689524 | G27: -15638792 | H27: -1.0087157e+08 | I27: -1.2307208e+08 | J27: =+[1]N39c!E29 -> -131429134
A28: $ | B28: Thousands | C28: Other | D28: -14047228 | E28: -20595224 | F28: -20202509 | G28: -24161891 | H28: -29114550 | I28: -32734076 | J28: =+J26+J27 -> 42093571
A29: $ | B29: Thousands | C29: Total cost of sales | D29: -1.1965992e+08 | E29: -152036032 | F29: -1.1991872e+08 | G29: -56126826 | H29: -1.8765067e+08 | I29: -2.3226133e+08 | J29: =+[1]N39c!E33 -> -1212056
A30: $ | B30: Thousands | C30: Gross margin | D30: 1.9508064e+08 | E30: 174365758 | F30: 1.3149959e+08 | G30: 1.6875609e+08 | H30: 1.2392892e+08 | I30: 1.0681043e+08 | J30: =+[1]N39c!E24 -> 173522705
A31: $ | B31: Thousands | C31: Administrative expense and other | D31: -1.4657643e+08 | E31: -142708451 | F31: -1.0329366e+08 | G31: -1.1765977e+08 | H31: -1.1398773e+08 | I31: -1.1628892e+08 | J31: =+[1]N39c!E29 -> -131429134
A32: $ | B32: Thousands | C32: Operating income | D32: 48504209 | E32: 31657307 | F32: 28205922 | G32: 51096315 | H32: 9941187.2 | I32: -9478493.3 | J32: =+J30+J31 -> 42093571
A33: $ | B33: Thousands | C33: Other gains (losses) | D33: -201020.35 | E33: -634781 | F33: -1540147 | G33: -963418.23 | H33: -270187.26 | I33: -1402723 | J33: =+[1]N39c!E33 -> -1212056
A34: $ | B34: Thousands | C34: Non-operating income | D34: -201020.35 | E34: -634781 | F34: -1540147 | G34: -963418.23 | H34: -270187.26 | I34: -1402723 | J34: =+[1]N39c!E40 -> -1212056
A35: $ | B35: Thousands | C35: Profit (loss) before tax | D35: 48303189 | E35: 31022526 | F35: 26665775 | G35: 50132897 | H35: 9671000 | I35: -10881216 | J35: =+[1]N39c!E41 -> 40881515
A36: $ | B36: Thousands | C36: Income taxes | D36: -11389101 | E36: -7215919 | F36: -6376334.9 | G36: -8929951.1 | H36: 6357028.6 | I36: 6536395.5 | J36: =+[1]N39c!E42 -> -9046278
A37: $ | B37: Thousands | C37: Profit (loss) | D37: 36914088 | E37: 23806607 | F37: 20289440 | G37: 41202946 | H37: 16028029 | I37: -4344820.8 | J37: =+J32+J33 -> 40881515
A38: $ | B38: Thousands | C38: Depreciation and amortization | D38: 7182710.1 | E38: 10395597 | F38: 9412200.8 | G38: 8819680.4 | H38: 9012139.2 | I38: 11178175 | J38: =+[1]N39c!E48 -> 15223001
A39: $ | B39: Thousands | C39: EBITDA: Operating result plus depreciation and amortization | D39: 84536900 | E39: 72362286 | F39: 37618123 | G39: 59915996 | H39: 18953326 | I39: 1699681.9 | J39: =+[1]N39c!E50 -> 57316572
C41: Real Estate
A42: $ | B42: Thousands | C42: Revenue | D42: 8088751 | E42: 4938478 | F42: 381299.71 | G42: 392025.1 | H42: 376972.7 | I42: 146349.96 | J42: =+[1]N39c!G10 -> 139835
A43: $ | B43: Thousands | C43: Gross margin | D43: 8088751 | E43: 4938478 | F43: 381299.71 | G43: 392025.1 | H43: 376972.7 | I43: 146349.96 | J43: =+[1]N39c!G27 -> 139835
A44: $ | B44: Thousands | C44: Administrative expense and other | D44: -1529136.1 | E44: -1052292 | F44: 0 | G44: 0 | H44: 0 | I44: -1920.361 | J44: =+[1]N39c!G29 -> -2540
A45: $ | B45: Thousands | C45: Operating income | D45: 6559614.9 | E45: 3886186 | F45: 381299.71 | G45: 392025.1 | H45: 376972.7 | I45: 144429.6 | J45: =+J43+J44 -> 137295
A46: $ | B46: Thousands | C46: Other gains (losses) | D46: 3926338.1 | E46: 75065743 | F46: 6097746 | G46: 7519368.3 | H46: 3856922.9 | I46: 2158079.6 | J46: =+[1]N39c!G33 -> 623477
A47: $ | B47: Thousands | C47: Interest in associates | D47: 27754160 | E47: 28312565 | F47: -17284965 | G47: 6989352.6 | H47: 22601639 | I47: 20078642 | J47: =+[1]N39c!G36 -> 22636701
A48: $ | B48: Thousands | C48: Income from indexation units | D48: -637016.87 | E48: 202875 | F48: 0 | G48: 0 | H48: 0 | I48: -15437.004 | J48: =+[1]N39c!G38 -> 1391
A49: $ | B49: Thousands | C49: Non-operating income | D49: 30865829 | E49: 103113527 | F49: -11187219 | G49: 14508721 | H49: 26458562 | I49: 22221285 | J49: =+[1]N39c!G40 -> 23261569
A50: $ | B50: Thousands | C50: Profit (loss) before tax | D50: 37425443 | E50: 106999713 | F50: -10805920 | G50: 14900746 | H50: 26835534 | I50: 22365714 | J50: =+[1]N39c!G41 -> 23398864
A51: $ | B51: Thousands | C51: Income taxes | D51: -2474403.7 | E51: -24893430 | F51: -20979904 | G51: -857068.24 | H51: -1143151.8 | I51: -798291.75 | J51: =+[1]N39c!G42 -> -371231
A52: $ | B52: Thousands | C52: Profit (loss) | D52: 34951040 | E52: 82106283 | F52: -31785824 | G52: 14043678 | H52: 25692382 | I52: 21567422 | J52: =+[1]N39c!G43 -> 23027633
A53: $ | B53: Thousands | C53: EBITDA: Operating result plus depreciation and amortization | D53: 6606615.4 | E53: 3911870 | F53: 381299.71 | G53: 392025.1 | H53: 376972.7 | I53: 144429.6 | J53: =+[1]N39c!G50 -> 137295
C55: Central Offices & Adjustments
A56: $ | B56: Thousands | C56: Retail revenue | D56: 82320.362 | E56: -319446 | F56: -156826.04 | G56: -170821.49 | H56: -271683.84 | I56: -130720.95 | J56: =+[1]N39c!I8 -> 9448
A57: $ | B57: Thousands | C57: Bank revenue | D57: -2267781.2 | E57: -3311693 | F57: -2100684.1 | G57: -3640700.1 | H57: -4133172.9 | I57: -4611637 | J57: =+[1]N39c!I9 -> -6985001
A58: $ | B58: Thousands | C58: Real estate revenues | D58: -671409.18 | E58: -650247 | F58: 0 | G58: 0 | H58: 0 | I58: 0 | J58: 0
A59: $ | B59: Thousands | C59: Total revenue | D59: -2856870 | E59: -4281386 | F59: -2257510.1 | G59: -3811521.6 | H59: -4404856.7 | I59: -4742358 | J59: =+[1]N39c!I12 -> -6975553
A60: $ | B60: Thousands | C60: Cost of sales retail | D60: -30299819 | E60: -28264593 | F60: -7022944.3 | G60: -13540857 | H60: -13945895 | I60: 875059.95 | J60: =+[1]N39c!I14 -> -15565048
A61: $ | B61: Thousands | C61: Cost of sales bank | D61: 1967431.7 | E61: 3466860 | F61: 9501016.3 | G61: 9118444.2 | H61: 4104533.5 | I61: 1294812.5 | J61: =+[1]N39c!I15 -> 2295325
A62: $ | B62: Thousands | C62: Interest and indexation expense | D62: 0 | E62: 26617 | F62: 18685.719 | G62: 20276.136 | H62: 5031.344 | I62: 1322.264 | J62: =+[1]N39c!I16 -> 611
A63: $ | B63: Thousands | C63: Cost of risk, net | D63: 0 | E63: 0 | F63: 7532000 | G63: 5580000 | H63: 0 | I63: -2000000 | J63: =+[1]N39c!I17 -> -1000000
A64: $ | B64: Thousands | C64: Other | D64: 1967431.7 | E64: 3440243 | F64: 1950330.6 | G64: 3518168.1 | H64: 4099502.2 | I64: 3293490.2 | J64: =+[1]N39c!I18 -> 3294714
A65: $ | B65: Thousands | C65: Total cost of sales | D65: -28332387 | E65: -24797733 | F65: 2478072 | G65: -4422413.2 | H65: -9841361.5 | I65: 2169872.4 | J65: =+[1]N39c!I21 -> -13269723
A66: $ | B66: Thousands | C66: Gross margin retail | D66: -30217498 | E66: -28584039 | F66: -7179770.3 | G66: -13711679 | H66: -14217579 | I66: 744339 | J66: =+[1]N39c!I23 -> -15555600
A67: $ | B67: Thousands | C67: Gross margin bank | D67: -300349.51 | E67: 155167 | F67: 7400332.2 | G67: 5477744.1 | H67: -28639.378 | I67: -3316824.5 | J67: =+[1]N39c!I24 -> -4689676
A68: $ | B68: Thousands | C68: Gross margin real estate | D68: -671409.18 | E68: -650247 | F68: 0 | G68: 0 | H68: 0 | I68: 0 | J68: =+[1]N39c!I25 -> 0
A69: $ | B69: Thousands | C69: Total gross margin | D69: -31189257 | E69: -29079119 | F69: 220561.86 | G69: -8233934.7 | H69: -14246218 | I69: -2572485.5 | J69: =+[1]N39c!I27 -> -20245276
A70: $ | B70: Thousands | C70: Administrative expense and other | D70: 11430629 | E70: 8725885 | F70: -14768534 | G70: -3076298.5 | H70: -4617323.7 | I70: -19252293 | J70: =+[1]N39c!I29 -> 387371
A71: $ | B71: Thousands | C71: Operating income | D71: -19758628 | E71: -20353234 | F71: -14547972 | G71: -11310233 | H71: -18863542 | I71: -21824778 | J71: =+J69+J70 -> -19857905
A72: $ | B72: Thousands | C72: Other gains (losses) | D72: -126028.29 | E72: 27955 | F72: -2309077.5 | G72: 101004.65 | H72: -1347617.7 | I72: 5615.707 | J72: =+[1]N39c!I33 -> 3528
A73: $ | B73: Thousands | C73: Financial income | D73: 4435264.7 | E73: 6620970 | F73: 9685516.4 | G73: 7362817.7 | H73: 15030711 | I73: 27358768 | J73: =+[1]N39c!I34 -> 18936435
A74: $ | B74: Thousands | C74: Finance costs | D74: -5094653 | E74: -2243470 | F74: -4110378.1 | G74: -2608595 | H74: -3396596.6 | I74: -5194430.1 | J74: =+[1]N39c!I35 -> -4207256
A75: $ | B75: Thousands | C75: Exchange rate difference | D75: -2334.732 | E75: 3164601 | F75: -7532289.3 | G75: 2582444.5 | H75: 2845373.5 | I75: -2123994.3 | J75: =+[1]N39c!I37 -> 6059930
A76: $ | B76: Thousands | C76: Income from indexation units | D76: 730244.06 | E76: -209797 | F76: 246178.49 | G76: 194201 | H76: -3000483.9 | I76: -823634.16 | J76: =+[1]N39c!I38 -> -731783
A77: $ | B77: Thousands | C77: Non-operating income | D77: -57507.225 | E77: 7360259 | F77: -4020050.1 | G77: 7631872.9 | H77: 10131386 | I77: 19222326 | J77: =+[1]N39c!I40 -> 20060854
A78: $ | B78: Thousands | C78: Profit (loss) before tax | D78: -19816135 | E78: -12992975 | F78: -18568022 | G78: -3678360.3 | H78: -8732156 | I78: -2602452.6 | J78: =+[1]N39c!I41 -> 202949
A79: $ | B79: Thousands | C79: Income taxes | D79: 7228482.8 | E79: 6471756 | F79: 9682468.8 | G79: 8609740.3 | H79: 24131902 | I79: 8734603.9 | J79: =+[1]N39c!I42 -> 3671998
A80: $ | B80: Thousands | C80: Profit (loss) from continuing operations | D80: -12587652 | E80: -6521219 | F80: -8885553.3 | G80: 4931379.9 | H80: 15399746 | I80: 6132151.2 | J80: =+[1]N39c!I43 -> 3874947
A81: $ | B81: Thousands | C81: Profit (loss) discontinued operations | D81: -32680.05 | E81: 520496 | F81: 0 | G81: 0 | H81: 0 | I81: 0 | J81: 0
A82: $ | B82: Thousands | C82: Profit (loss) | D82: -12620332 | E82: -6000723 | F82: -8885553.3 | G82: 4931379.9 | H82: 15399746 | I82: 6132151.2 | J82: =+[1]N39c!I46 -> 3874947
A83: $ | B83: Thousands | C83: Depreciation and amortization | D83: 2294321.1 | E83: 1965040 | F83: 1682986.6 | G83: 1070803.3 | H83: 1005210.2 | I83: 955602.58 | J83: =+[1]N39c!I48 -> 914230
A84: $ | B84: Thousands | C84: EBITDA: Operating result plus depreciation and amortization | D84: -17464306 | E84: -18388194 | F84: -12864985 | G84: -10239430 | H84: -17858332 | I84: -20869176 | J84: =+[1]N39c!I50 -> -18943675
C86: Total
A87: $ | B87: Thousands | C87: Retail revenue | D87: 8.1777551e+08 | E87: 786954453 | F87: 7.4807065e+08 | G87: 1.289514e+09 | H87: 1.087774e+09 | I87: 9.4412732e+08 | J87: =+[1]N39c!M8 -> 990309251
A88: $ | B88: Thousands | C88: Bank revenue | D88: 3.1247278e+08 | E88: 323090097 | F88: 2.4931762e+08 | G88: 2.2124221e+08 | H88: 3.0744642e+08 | I88: 3.3446013e+08 | J88: =+[1]N39c!M9 -> 341241579
A89: $ | B89: Thousands | C89: Real estate revenues | D89: 7417341.8 | E89: 4288231 | F89: 381299.71 | G89: 392025.1 | H89: 376972.7 | I89: 146349.96 | J89: =+[1]N39c!M10 -> 139835
A90: $ | B90: Thousands | C90: Total revenue | D90: 1.1376656e+09 | E90: 1114332781 | F90: 9.9776957e+08 | G90: 1.5111483e+09 | H90: 1.3955974e+09 | I90: 1.2787338e+09 | J90: =+[1]N39c!M12 -> 1331690665
A91: $ | B91: Thousands | C91: Cost of sales retail | D91: -6.0240614e+08 | E91: -590447175 | F91: -5.8121602e+08 | G91: -9.3543336e+08 | H91: -8.0776966e+08 | I91: -7.0164612e+08 | J91: =+[1]N39c!M14 -> -708088535
A92: $ | B92: Thousands | C92: Cost of sales bank | D92: -1.1769249e+08 | E92: -148569172 | F92: -1.104177e+08 | G92: -47008382 | H92: -1.8354614e+08 | I92: -2.3096652e+08 | J92: =+[1]N39c!M15 -> -172408550
A93: $ | B93: Thousands | C93: Interest and indexation expense | D93: -28849980 | E93: -30282765 | F93: -24007999 | G93: -16305867 | H93: -57659526 | I93: -76453860 | J93: =+[1]N39c!M16 -> -54091793
A94: $ | B94: Thousands | C94: Cost of risk, net | D94: -76762713 | E94: -101131426 | F94: -68157524 | G94: -10058792 | H94: -1.0087157e+08 | I94: -1.2507208e+08 | J94: =+[1]N39c!M17 -> -90343641
A95: $ | B95: Thousands | C95: Other | D95: -12079796 | E95: -17154981 | F95: -18252178 | G95: -20643723 | H95: -25015047 | I95: -29440586 | J95: =+[1]N39c!M18 -> -27973116
A96: $ | B96: Thousands | C96: Total cost of sales | D96: -7.2009863e+08 | E96: -739016347 | F96: -6.9163373e+08 | G96: -9.8244174e+08 | H96: -9.913158e+08 | I96: -9.3261264e+08 | J96: =+[1]N39c!M21 -> -880497085
A97: $ | B97: Thousands | C97: Gross margin retail | D97: 2.1536937e+08 | E97: 196507278 | F97: 1.6685463e+08 | G97: 3.5408067e+08 | H97: 2.8000433e+08 | I97: 2.424812e+08 | J97: =+[1]N39c!M23 -> 282220716
A98: $ | B98: Thousands | C98: Gross margin bank | D98: 1.9478029e+08 | E98: 174520925 | F98: 1.3889992e+08 | G98: 1.7423383e+08 | H98: 1.2390028e+08 | I98: 1.034936e+08 | J98: =+[1]N39c!M24 -> 168833029
A99: $ | B99: Thousands | C99: Gross margin real estate | D99: 7417341.8 | E99: 4288231 | F99: 381299.71 | G99: 392025.1 | H99: 376972.7 | I99: 146349.96 | J99: =+[1]N39c!M25 -> 139835
A100: $ | B100: Thousands | C100: Total gross margin | D100: 4.17567e+08 | E100: 375316434 | F100: 3.0613584e+08 | G100: 5.2870653e+08 | H100: 4.0428159e+08 | I100: 3.4612116e+08 | J100: =+[1]N39c!M27 -> 451193580
A101: $ | B101: Thousands | C101: Administrative expense and other | D101: -3.7997179e+08 | E101: -380908030 | F101: -3.2995257e+08 | G101: -3.9234002e+08 | H101: -4.1016122e+08 | I101: -4.356544e+08 | J101: =+[1]N39c!M29 -> -432790983
A102: $ | B102: Thousands | C102: Operating income | D102: 37595206 | E102: -5591596 | F102: -23816730 | G102: 1.3636651e+08 | H102: -5879635.3 | I102: -89533240 | J102: =+[1]N39c!M31 -> 18402597
A103: $ | B103: Thousands | C103: Other gains (losses) | D103: 5001376 | E103: 69801811 | F103: 3120298.6 | G103: 6706361 | H103: 11233808 | I103: 4666469.9 | J103: =+[1]N39c!M33 -> -1190590
A104: $ | B104: Thousands | C104: Financial income | D104: 6371596.3 | E104: 8143826 | F104: 10817295 | G104: 9124061.1 | H104: 17154262 | I104: 28620265 | J104: =+[1]N39c!M34 -> 19686580
...

Sheet Income Statement by Segment (Q)
A1: Currency | B1: Unit | C1: Description | D1: Q1 18 | E1: Q2 18 | F1: Q3 18 | G1: Q4 18 | H1: Q1 19 | I1: Q2 19 | J1: Q3 19 | K1: Q4 19 | L1: Q1 20 | M1: Q2 20 | N1: Q3 20 | O1: Q4 20 | P1: Q1 21 | Q1: Q2 21 | R1: Q3 21 | S1: Q4 21 | T1: Q1 22 | U1: Q2 22 | V1: Q3 22 | W1: Q4 22 | X1: Q1 23 | Y1: Q2 23 | Z1: Q3 23 | AA1: Q4 23 | AB1: Q1 24 | AC1: Q2 24 | AD1: Q3 24 | AE1: Q4 24
C2: Period Ended On (MM/DD/YYYY) | D2: 03/31/2018 | E2: 06/30/2018 | F2: 09/30/2018 | G2: 12/31/2018 | H2: 03/31/2019 | I2: 06/30/2019 | J2: 09/30/2019 | K2: 12/31/2019 | L2: 03/31/2020 | M2: 06/30/2020 | N2: 09/30/2020 | O2: 12/31/2020 | P2: 03/31/2021 | Q2: 06/30/2021 | R2: 09/30/2021 | S2: 12/31/2021 | T2: 03/31/2022 | U2: 06/30/2022 | V2: 09/30/2022 | W2: 12/31/2022 | X2: 03/31/2023 | Y2: 06/30/2023 | Z2: 09/30/2023 | AA2: 12/31/2023 | AB2: 03/31/2024 | AC2: 06/30/2024 | AD2: 09/30/2024 | AE2: 12/31/2023
C3: Reported Date (MM/DD/YYYY) | D3: 05/31/2018 | E3: 08/30/2018 | F3: 11/30/2018 | G3: 03/27/2019 | H3: 05/31/2019 | I3: 08/30/2019 | J3: 11/30/2019 | K3: 03/27/2020 | L3: 05/30/2020 | M3: 08/28/2020 | N3: 11/27/2020 | O3: 03/26/2021 | P3: 05/28/2021 | Q3: 08/27/2021 | R3: 11/26/2021 | S3: 03/08/2022 | T3: 05/24/2022 | U3: 08/24/2022 | V3: 11/22/2022 | W3: 03/31/2023 | X3: 05/26/2023 | Y3: 09/01/2023 | Z3: 11/24/2023 | AA3: 03/15/2024 | AB3: 05/15/2024 | AC3: 08/28/2024 | AD3: 11/13/2024 | AE3: 03/13/2025
C4: Chile
C5: Retail
A6: $ | B6: Thousands | C6: Revenue | D6: 1.7576712e+08 | E6: 2.0949228e+08 | F6: 1.725208e+08 | G6: 2.5991299e+08 | H6: 1.8000834e+08 | I6: 2.0658538e+08 | J6: 172448307 | K6: 228231874 | L6: 152975024 | M6: 79960526 | N6: 1.8488937e+08 | O6: 3.3040255e+08 | P6: 2.2262474e+08 | Q6: 2.8202005e+08 | R6: 3.5255143e+08 | S6: 4.3248863e+08 | T6: 253318596 | U6: 2.7418452e+08 | V6: 2.2424254e+08 | W6: 3.3630002e+08 | X6: 2.1017016e+08 | Y6: 2.358998e+08 | Z6: 1.913622e+08 | AA6: 306825888 | AB6: 2.0900141e+08 | AC6: 2.4919669e+08 | AD6: 2.0114054e+08 | AE6: =+'[2]Resultados Trim. Corp 4T24'!$B$12 -> 3.3096116e+08
A7: $ | B7: Thousands | C7: Cost of sales | D7: -1.2422013e+08 | E7: -1.4335384e+08 | F7: -1.2665453e+08 | G7: -1.7787783e+08 | H7: -1.2966751e+08 | I7: -1.4551666e+08 | J7: -126808556 | K7: -160189856 | L7: -113389508 | M7: -64648319 | N7: -1.5555873e+08 | O7: -2.4059653e+08 | P7: -1.6944187e+08 | Q7: -2.1448186e+08 | R7: -2.4595668e+08 | S7: -2.9201209e+08 | T7: -179272908 | U7: -2.0272277e+08 | V7: -1.694242e+08 | W7: -2.4240388e+08 | X7: -1.6178024e+08 | Y7: -1.7580632e+08 | Z7: -1.4163973e+08 | AA7: -223294886 | AB7: -1.520253e+08 | AC7: -1.7621779e+08 | AD7: -1.4609148e+08 | AE7: =+'[2]Resultados Trim. Corp 4T24'!$B$20 -> -2.1818891e+08
A8: $ | B8: Thousands | C8: Gross margin | D8: 51546996 | E8: 66138437 | F8: 45866269 | G8: 82035163 | H8: 50340827 | I8: 61068721 | J8: 45639751 | K8: 68042018 | L8: 39585516 | M8: 15312206 | N8: 29330646 | O8: 89806026 | P8: 53182867 | Q8: 67538190 | R8: 1.0659476e+08 | S8: 1.4047654e+08 | T8: 74045688 | U8: 71461752 | V8: 54818334 | W8: 93896137 | X8: 48389915 | Y8: 60093481 | Z8: 49722467 | AA8: 83531002 | AB8: 56976108 | AC8: 72978902 | AD8: 55049059 | AE8: =+'[2]Resultados Trim. Corp 4T24'!$B$25 -> 1.1277225e+08
A9: $ | B9: Thousands | C9: Administrative expense and other | D9: -53190302 | E9: -61841810 | F9: -56296052 | G9: -71968692 | H9: -52777724 | I9: -58193765 | J9: -54924283 | K9: -79977400 | L9: -53033590 | M9: -40209271 | N9: -47955569 | O9: -70691945 | P9: -58261768 | Q9: -58700607 | R9: -67357151 | S9: -87284425 | T9: -66978699 | U9: -73799923 | V9: -70103568 | W9: -80673974 | X9: -70302160 | Y9: -72950200 | Z9: -71324498 | AA9: -85534406 | AB9: -67715625 | AC9: -72528070 | AD9: -73145162 | AE9: =+'[2]Resultados Trim. Corp 4T24'!$B$27 -> -88357823
A10: $ | B10: Thousands | C10: Operating income | D10: -1643305.7 | E10: 4296627 | F10: -10429783 | G10: 10066472 | H10: -2436896.4 | I10: 2874955.4 | J10: -9284532 | K10: -11935382 | L10: -13448074 | M10: -24897065 | N10: -18624922 | O10: 19114081 | P10: -5078900.6 | Q10: 8837583.2 | R10: 39237605 | S10: 53192112 | T10: 7066989 | U10: -2338170.8 | V10: -15285234 | W10: 13222162 | X10: -21912245 | Y10: -12856718 | Z10: -21602030 | AA10: -2003404 | AB10: -10739517 | AC10: 450832.22 | AD10: -18096102 | AE10: =+'[2]Resultados Trim. Corp 4T24'!$B$29 -> 24414423
A11: $ | B11: Thousands | C11: Other gains (losses) | D11: 745983.49 | E11: 14411.097 | F11: 75815.617 | G11: 565876.26 | H11: 45436.611 | I11: 46527.389 | J11: -2045921 | K11: -2703149 | L11: 32904 | M11: 151565.62 | N11: 741465.26 | O11: -54157.747 | P11: 231661.36 | Q11: -27771.547 | R11: -38073.921 | S11: -116409.62 | T11: 97360 | U11: 123314.52 | V11: 8107935.6 | W11: 666080.36 | X11: 2559.423 | Y11: 3569025.4 | Z11: 1376084.8 | AA11: -1042172 | AB11: 324241.26 | AC11: 598703.25 | AD11: 105319.31 | AE11: =+'[2]Resultados Trim. Corp 4T24'!B31 -> -1633802.5
A12: $ | B12: Thousands | C12: Financial income | D12: 346755.19 | E12: 543549.07 | F12: 579423.48 | G12: 459390.6 | H12: 321908.5 | I12: 610333.5 | J12: 335411 | K12: 250809 | L12: 436784 | M12: 283703.09 | N12: 177667.15 | O12: 233624.74 | P12: 218570.67 | Q12: 318400.2 | R12: 240273.66 | S12: 983998.9 | T12: 613606 | U12: 598042.52 | V12: 513027.46 | W12: 398875.69 | X12: 382898.72 | Y12: 421190.05 | Z12: 207784.6 | AA12: 249623 | AB12: 184274.98 | AC12: 205156.79 | AD12: 124236.87 | AE12: =+'[2]Resultados Trim. Corp 4T24'!B32 -> 236476.02
A13: $ | B13: Thousands | C13: Finance costs | D13: -98090.13 | E13: -90174.63 | F13: -92769.931 | G13: -142597.8 | H13: -2836502.7 | I13: -2843341.3 | J13: -2818550 | K13: -3115717 | L13: -2747440 | M13: -2759237.6 | N13: -2662966 | O13: -2606968 | P13: -2660260 | Q13: -2688345.2 | R13: -2669635.5 | S13: -2626533.7 | T13: -2722123 | U13: -2771714.5 | V13: -2901370.3 | W13: -3400912.8 | X13: -2882251.8 | Y13: -3072617.2 | Z13: -2923492.4 | AA13: -2991630 | AB13: -3553766.1 | AC13: -3065653.7 | AD13: -3181455.9 | AE13: =+'[2]Resultados Trim. Corp 4T24'!B33 -> -3201716.9
A14: $ | B14: Thousands | C14: Exchange rate difference | D14: 2619.938 | E14: -183311.13 | F14: 87692.911 | G14: -304646.85 | H14: 359053.71 | I14: 183266.29 | J14: 72137 | K14: -105260 | L14: 61092 | M14: 192399.95 | N14: -21265.337 | O14: 300605.26 | P14: 149859.78 | Q14: -149372.07 | R14: 1000896.4 | S14: -339298.33 | T14: -1338055 | U14: -670030.19 | V14: -779846.03 | W14: -2241851.6 | X14: -1237745.7 | Y14: -540036.93 | Z14: -165565.38 | AA14: 717785 | AB14: -391846.06 | AC14: 1460729.1 | AD14: 845487.25 | AE14: =+'[2]Resultados Trim. Corp 4T24'!$B$35 -> -4146944.4
A15: $ | B15: Thousands | C15: Income from indexation units | D15: 51280.543 | E15: 88383.456 | F15: 134451.14 | G15: 160798.22 | H15: -12410.221 | I15: 309190.22 | J15: 53414 | K15: 245960 | L15: 381980 | M15: 44891.564 | N15: 36218.466 | O15: 328862.95 | P15: 214932.82 | Q15: 140696.48 | R15: -119201.98 | S15: -128649.1 | T15: -121814 | U15: -400992.86 | V15: -278223.1 | W15: -164159.88 | X15: -75795.137 | Y15: -194785.31 | Z15: 9991.49 | AA15: -215229 | AB15: 20637.925 | AC15: -166721.62 | AD15: -107500.32 | AE15: =+'[2]Resultados Trim. Corp 4T24'!$B$36 -> -21283.338
A16: $ | B16: Thousands | C16: Non-operating income | D16: 1048549 | E16: 372857.86 | F16: 784613.22 | G16: 738820.42 | H16: -2122514.1 | I16: -1694023.9 | J16: -4403509 | K16: -5427357 | L16: -1834680 | M16: -2086677.4 | N16: -1728880.4 | O16: -1798032.8 | P16: -1845235.4 | Q16: -2406392.1 | R16: -1585741.4 | S16: -2226891.8 | T16: -3471026 | U16: -3121380.5 | V16: 4661523.6 | W16: -4741968.2 | X16: -3810334.4 | Y16: 182776.01 | Z16: -1495196.9 | AA16: -3281623 | AB16: -3416458 | AC16: -967786.14 | AD16: -2213912.8 | AE16: =+'[2]Resultados Trim. Corp 4T24'!$B$38 -> -8767271.1
A17: $ | B17: Thousands | C17: Profit (loss) before tax | D17: -594756.69 | E17: 4669484.9 | F17: -9645170 | G17: 10805292 | H17: -4559410.5 | I17: 1180931.5 | J17: -13688041 | K17: -17362739 | L17: -15282754 | M17: -26983742 | N17: -20353803 | O17: 17316049 | P17: -6924136 | Q17: 6431191 | R17: 37651864 | S17: 50965220 | T17: 3595963 | U17: -5459551.3 | V17: -10623710 | W17: 8480194 | X17: -25722579 | Y17: -12673942 | Z17: -23097227 | AA17: -5285027 | AB17: -14155975 | AC17: -516953.92 | AD17: -20310015 | AE17: =+'[2]Resultados Trim. Corp 4T24'!$B$39 -> 15647152
A18: $ | B18: Thousands | C18: Income taxes | D18: 435150.97 | E18: -1543453.2 | F18: 2378146.2 | G18: -2486900.3 | H18: 1036590.4 | I18: 205062.62 | J18: 3995317 | K18: 4945600 | L18: 4771027 | M18: 7203303.7 | N18: 2409351.9 | O18: -4324254.5 | P18: 2276034.3 | Q18: -1231588.6 | R18: -9838394.1 | S18: -14910735 | T18: -172687 | U18: 3271523.6 | V18: 3939252.7 | W18: -1759363.4 | X18: 7307514.7 | Y18: 4403737.3 | Z18: 5418311.7 | AA18: 2241534 | AB18: 4383317 | AC18: 958459.49 | AD18: 6221773.6 | AE18: =+'[2]Resultados Trim. Corp 4T24'!$B$40 -> -3138192.7
A19: $ | B19: Thousands | C19: Profit (loss) | D19: -159605.72 | E19: 3126031.6 | F19: -7267023.8 | G19: 8318392 | H19: -3522820.1 | I19: 1385994.1 | J19: -9692724 | K19: -12417139 | L19: -10511727 | M19: -19780438 | N19: -17944451 | O19: 12991794 | P19: -4648101.7 | Q19: 5199602.4 | R19: 27813470 | S19: 36054485 | T19: 3423276 | U19: -2188027.8 | V19: -6684457.4 | W19: 6720830.7 | X19: -18415065 | Y19: -8270205.2 | Z19: -17678916 | AA19: -3043493 | AB19: -9772657.6 | AC19: 441505.57 | AD19: -14088242 | AE19: =+'[2]Resultados Trim. Corp 4T24'!$B$43 -> 12508959
A20: $ | B20: Thousands | C20: Depreciation and amortization | D20: 3465763.7 | E20: 3616101.6 | F20: 3651880 | G20: 3880263.6 | H20: 7766180.9 | I20: 7832573.1 | J20: 7832984 | K20: 8066782 | L20: 8020044 | M20: 7935055.8 | N20: 7832190.2 | O20: 7881698.8 | P20: 8050858.3 | Q20: 8576031.6 | R20: 8683153.3 | S20: 8880299.3 | T20: 9194425 | U20: 9374709.3 | V20: 9340367.1 | W20: 9748146.5 | X20: 10015927 | Y20: 10214733 | Z20: 10370067 | AA20: 10453420 | AB20: 10491510 | AC20: 10508097 | AD20: 10296653 | AE20: =+'[2]Resultados Trim. Corp 4T24'!$B$45 -> 10382534
A21: $ | B21: Thousands | C21: EBITDA: Operating result plus depreciation and amortization | D21: 1822458 | E21: 7912728.6 | F21: -6777903.2 | G21: 13946735 | H21: 5329284.5 | I21: 10707528 | J21: -1451548 | K21: -3868600 | L21: -5428030 | M21: -16962009 | N21: -10792732 | O21: 26995780 | P21: 2971957.7 | Q21: 17413615 | R21: 47920759 | S21: 62072411 | T21: 16261414 | U21: 7036538.5 | V21: -5944866.7 | W21: 22970309 | X21: -11896318 | Y21: -2641985.5 | Z21: -11231964 | AA21: 8450017 | AB21: -248006.73 | AC21: 10958929 | AD21: -7799449 | AE21: =+'[2]Resultados Trim. Corp 4T24'!$B$47 -> 34796956
C23: Bank
A24: $ | B24: Thousands | C24: Revenue | D24: 77973206 | E24: 80638381 | F24: 78766370 | G24: 77362600 | H24: 80795002 | I24: 83340037 | J24: 83098837 | K24: 79167914 | L24: 76278481 | M24: 64260291 | N24: 56275860 | O24: 54603672 | P24: 51822654 | Q24: 51802787 | R24: 57677108 | S24: 63580365 | T24: 70323206 | U24: 77059572 | V24: 74836888 | W24: 89359930 | X24: 83417071 | Y24: 84027695 | Z24: 82620869 | AA24: 89006129 | AB24: 88076273 | AC24: 85962723 | AD24: 86008589 | AE24: =+'[2]Resultados Trim. Corp 4T24'!$D$12 -> 88178995
A25: $ | B25: Thousands | C25: Cost of sales | D25: -29527772 | E25: -27927402 | F25: -30443746 | G25: -31761001 | H25: -32555437 | I25: -34566704 | J25: -35451653 | K25: -49462238 | L25: -41779517 | M25: -50052111 | N25: -15085522 | O25: -13001567 | P25: -7745970.1 | Q25: -10852906 | R25: -9973803.7 | S25: -27554147 | T25: -30418249 | U25: -44493395 | V25: -51879890 | W25: -60859140 | X25: -55846081 | Y25: -56743556 | Z25: -56019324 | AA25: -63652374 | AB25: -50076164 | AC25: -45371310 | AD25: -40007761 | AE25: =+'[2]Resultados Trim. Corp 4T24'!$D$15 -> -39248639
A26: $ | B26: Thousands | C26: Interest and indexation expense | D26: -5941895.3 | E26: -8085942.7 | F26: -7335421 | G26: -7486721.4 | H26: -7065880.3 | I26: -8224549.7 | J26: -7636198 | K26: -7382754 | L26: -7226155 | M26: -6513943.6 | N26: -5383645.6 | O26: -4902940.5 | P26: -4440095.4 | Q26: -3669183.4 | R26: -3205277.8 | S26: -5011586.6 | T26: -7939057 | U26: -13867914 | V26: -17146758 | W26: -18710828 | X26: -18990038 | Y26: -20949726 | Z26: -18485719 | AA26: -18029700 | AB26: -15383727 | AC26: -14479047 | AD26: -12831717 | AE26: =+'[2]Resultados Trim. Corp 4T24'!D16 -> -11397912
A27: $ | B27: Thousands | C27: Cost of risk, net | D27: -19873151 | E27: -15876194 | F27: -19881992 | G27: -21131375 | H27: -20783158 | I27: -20930898 | J27: -22572651 | K27: -36844719 | L27: -28826120 | M27: -39742660 | N27: -4442853.4 | O27: -2677890.1 | P27: 2185079.5 | Q27: -928709.06 | R27: -811572.34 | S27: -16083590 | T27: -16173755 | U27: -22980075 | V27: -27019161 | W27: -34698577 | X27: -28931431 | Y27: -27911705 | Z27: -29436965 | AA27: -36791975 | AB27: -26540678 | AC27: -22382540 | AD27: -20380789 | AE27: =+'[2]Resultados Trim. Corp 4T24'!D17 -> -20039633
A28: $ | B28: Thousands | C28: Other | D28: -3712725.5 | E28: -3965265.7 | F28: -3226332.6 | G28: -3142904.2 | H28: -4706398.7 | I28: -5411256.3 | J28: -5242804 | K28: -5234765 | L28: -5727242 | M28: -3795507.2 | N28: -5259023.3 | O28: -5420736.3 | P28: -5490954.1 | Q28: -6255013.4 | R28: -5956953.6 | S28: -6458969.9 | T28: -6305437 | U28: -7645405.9 | V28: -7713971 | W28: -7449735.8 | X28: -7924611.5 | Y28: -7882124.8 | Z28: -8096640.5 | AA28: -8830699 | AB28: -8151758.8 | AC28: -8509723.5 | AD28: -6795254.3 | AE28: =+'[2]Resultados Trim. Corp 4T24'!D18 -> -7811093.9
A29: $ | B29: Thousands | C29: Total cost of sales | D29: -29527772 | E29: -27927402 | F29: -30443746 | G29: -31761001 | H29: -32555437 | I29: -34566704 | J29: -35451653 | K29: -49462238 | L29: -41779517 | M29: -50052111 | N29: -15085522 | O29: -13001567 | P29: -7745970.1 | Q29: -10852906 | R29: -9973803.7 | S29: -27554147 | T29: -30418249 | U29: -44493395 | V29: -51879890 | W29: -60859140 | X29: -55846081 | Y29: -56743556 | Z29: -56019324 | AA29: -63652374 | AB29: -50076164 | AC29: -45371310 | AD29: -40007761 | AE29: =+'[2]Resultados Trim. Corp 4T24'!$D$20 -> -39248639
A30: $ | B30: Thousands | C30: Gross margin | D30: 48445433 | E30: 52710979 | F30: 48322624 | G30: 45601599 | H30: 48239565 | I30: 48773333 | J30: 47647184 | K30: 29705676 | L30: 34498964 | M30: 14208180 | N30: 41190337 | O30: 41602105 | P30: 44076684 | Q30: 40949881 | R30: 47703304 | S30: 36026218 | T30: 39904957 | U30: 32566178 | V30: 22956998 | W30: 28500789 | X30: 27570990 | Y30: 27284139 | Z30: 26601545 | AA30: 25353755 | AB30: 38000109 | AC30: 40591413 | AD30: 46000828 | AE30: =+'[2]Resultados Trim. Corp 4T24'!$D$25 -> 48930356
A31: $ | B31: Thousands | C31: Administrative expense and other | D31: -36060898 | E31: -37378787 | F31: -35654546 | G31: -37482197 | H31: -38003401 | I31: -37587047 | J31: -37323663 | K31: -29794340 | L31: -27901601 | M31: -21867874 | N31: -22014366 | O31: -31509823 | P31: -26463916 | Q31: -26569809 | R31: -33012369 | S31: -31613679 | T31: -30649449 | U31: -29507998 | V31: -26646259 | W31: -27184029 | X31: -28931551 | Y31: -26565608 | Z31: -26982652 | AA31: -33809112 | AB31: -28394339 | AC31: -29677526 | AD31: -33028898 | AE31: =+'[2]Resultados Trim. Corp 4T24'!$D$27 -> -40328371
A32: $ | B32: Thousands | C32: Operating income | D32: 12384536 | E32: 15332193 | F32: 12668078 | G32: 8119402.6 | H32: 10236164 | I32: 11186286 | J32: 10323521 | K32: -88664 | L32: 6597363 | M32: -7659694.6 | N32: 19175971 | O32: 10092282 | P32: 17612768 | Q32: 14380072 | R32: 14690935 | S32: 4412539.4 | T32: 9255508 | U32: 3058179.8 | V32: -3689261.4 | W32: 1316760.9 | X32: -1360561.8 | Y32: 718531.49 | Z32: -381106.81 | AA32: -8455356.2 | AB32: 9605770.4 | AC32: 10913886 | AD32: 12971930 | AE32: =+'[2]Resultados Trim. Corp 4T24'!$D$29 -> 8601984.2
A33: $ | B33: Thousands | C33: Other gains (losses) | D33: -28297.663 | E33: -141275.36 | F33: -53031.257 | G33: 21583.93 | H33: 120990.61 | I33: -70512.61 | J33: -187697 | K33: -497562 | L33: -163804 | M33: 64871.369 | N33: -687675.12 | O33: -753539.22 | P33: -479738.65 | Q33: 780700.55 | R33: -781630.8 | S33: -482749.33 | T33: -287541 | U33: -213066.94 | V33: 61307.616 | W33: 169113.07 | X33: 124338.46 | Y33: -130399.59 | Z33: -473288.24 | AA33: -923373.63 | AB33: -191916.07 | AC33: 246780.75 | AD33: -599899.79 | AE33: =+'[2]Resultados Trim. Corp 4T24'!E31 -> -923373.63
A34: $ | B34: Thousands | C34: Non-operating income | D34: -28297.663 | E34: -141275.36 | F34: -53031.257 | G34: 21583.93 | H34: 120990.61 | I34: -70512.61 | J34: -187697 | K34: -497562 | L34: -163804 | M34: 64871.369 | N34: -687675.12 | O34: -753539.22 | P34: -479738.65 | Q34: 780700.55 | R34: -781630.8 | S34: -482749.33 | T34: -287541 | U34: -213066.94 | V34: 61307.616 | W34: 169113.07 | X34: 124338.46 | Y34: -130399.59 | Z34: -473288.24 | AA34: -923373.63 | AB34: -191916.07 | AC34: 246780.75 | AD34: -599899.79 | AE34: =+'[2]Resultados Trim. Corp 4T24'!E38 -> -923373.63
A35: $ | B35: Thousands | C35: Profit (loss) before tax | D35: 12356238 | E35: 15190917 | F35: 12615047 | G35: 8140986.5 | H35: 10357155 | I35: 11115773 | J35: 10135824 | K35: -586226 | L35: 6433559 | M35: -7594823.2 | N35: 18488296 | O35: 9338742.9 | P35: 17133030 | Q35: 15160773 | R35: 13909305 | S35: 3929790 | T35: 8967967 | U35: 2845112.9 | V35: -3627953.8 | W35: 1485873.9 | X35: -1236223.3 | Y35: 588131.89 | Z35: -854395.05 | AA35: -9378729.8 | AB35: 9413854.3 | AC35: 11160667 | AD35: 12372030 | AE35: =+'[2]Resultados Trim. Corp 4T24'!E39 -> -9378729.8
A36: $ | B36: Thousands | C36: Income taxes | D36: -3009772.8 | E36: -3457769.2 | F36: -3076607.4 | G36: -1844951.2 | H36: -3017848.5 | I36: -1899590.5 | J36: -2601705 | K36: 303225 | L36: -916197 | M36: 2001635.1 | N36: -5183113.5 | O36: -2278659.5 | P36: -4015825.7 | Q36: -2479921.5 | R36: -2993023 | S36: 558819.16 | T36: -401410 | U36: 2456728.8 | V36: 3374586.8 | W36: 927123 | X36: 1124004.5 | Y36: 1200505.4 | Z36: 422490.7 | AA36: 3789394.9 | AB36: -1985645 | AC36: -2086377.9 | AD36: -3155001.3 | AE36: =+'[2]Resultados Trim. Corp 4T24'!E40 -> 3789394.9
A37: $ | B37: Thousands | C37: Profit (loss) | D37: 9346465.3 | E37: 11733148 | F37: 9538439.4 | G37: 6296035.3 | H37: 7339306.1 | I37: 9216182.9 | J37: 7534119 | K37: -283001 | L37: 5517362 | M37: -5593188.1 | N37: 13305183 | O37: 7060083.4 | P37: 13117204 | Q37: 12680851 | R37: 10916281 | S37: 4488609.2 | T37: 8566557 | U37: 5301841.7 | V37: -253367 | W37: 2412996.9 | X37: -112218.84 | Y37: 1788637.3 | Z37: -431904.35 | AA37: -5589335 | AB37: 7428209.3 | AC37: 9074289.2 | AD37: 9217029.2 | AE37: =+'[2]Resultados Trim. Corp 4T24'!$D$43 -> 6115709.7
A38: $ | B38: Thousands | C38: Depreciation and amortization | D38: 1723040.7 | E38: 1810812.3 | F38: 1834072.4 | G38: 1814784.7 | H38: 2622402.1 | I38: 2543456.9 | J38: 2605648 | K38: 2624090 | L38: 2618313 | M38: 2361868.9 | N38: 2203554.2 | O38: 2228464.8 | P38: 2235671.9 | Q38: 2180654.2 | R38: 2144884.6 | S38: 2258469.8 | T38: 2117203 | U38: 2146816.7 | V38: 2258838.4 | W38: 2489281 | X38: 2653363.6 | Y38: 2649625.5 | Z38: 2734761.6 | AA38: 3140424.4 | AB38: 3366834.7 | AC38: 3560327.4 | AD38: 3857361.3 | AE38: =+'[2]Resultados Trim. Corp 4T24'!$D$45 -> 4438477.5
A39: $ | B39: Thousands | C39: EBITDA: Operating result plus depreciation and amortization | D39: 14107576 | E39: 17143005 | F39: 14502150 | G39: 9934187.3 | H39: 12858566 | I39: 13729743 | J39: 12929169 | K39: 2535426 | L39: 9215676 | M39: -5297825.6 | N39: 21379525 | O39: 12320747 | P39: 19848440 | Q39: 16560726 | R39: 16835820 | S39: 6671009.1 | T39: 11372711 | U39: 5204996.5 | V39: -1430423 | W39: 3806041.9 | X39: 1292801.9 | Y39: 3368157 | Z39: 2353654.8 | AA39: -5314931.8 | AB39: 12972605 | AC39: 14474214 | AD39: 16829292 | AE39: =+'[2]Resultados Trim. Corp 4T24'!$D$47 -> 13040462
C41: Real Estate
A42: $ | B42: Thousands | C42: Revenue | D42: 1928747.3 | E42: 1979470.3 | F42: 1944289 | G42: 2236244.3 | H42: 2013280 | I42: 2074721 | J42: 747550 | K42: 102927 | L42: 108912 | M42: 91885.005 | N42: 88018.105 | O42: 92484.596 | P42: 94056.751 | Q42: 93557.754 | R42: 97050.547 | S42: 107360.05 | T42: 110632 | U42: 111314.97 | V42: 114926.5 | W42: 40099.221 | X42: 42808 | Y42: 35965.389 | Z42: 33083.275 | AA42: 34493.293 | AB42: 39193.422 | AC42: 33345.944 | AD42: 33469.107 | AE42: =+'[2]Resultados Trim. Corp 4T24'!$F$12 -> 33826.235
A43: $ | B43: Thousands | C43: Gross margin | D43: 1928747.3 | E43: 1979470.3 | F43: 1944289 | G43: 2236244.3 | H43: 2013280 | I43: 2074721 | J43: 747550 | K43: 102927 | L43: 108912 | M43: 91885.005 | N43: 88018.105 | O43: 92484.596 | P43: 94056.751 | Q43: 93557.754 | R43: 97050.547 | S43: 107360.05 | T43: 110632 | U43: 111314.97 | V43: 114926.5 | W43: 40099.221 | X43: 42808 | Y43: 35965.389 | Z43: 33083.275 | AA43: 34493.293 | AB43: 39193.422 | AC43: 33345.944 | AD43: 33469.107 | AE43: =+'[2]Resultados Trim. Corp 4T24'!$F$25 -> 33826.235
A44: $ | B44: Thousands | C44: Administrative expense and other | D44: -345336.43 | E44: -334450.76 | F44: -369754.14 | G44: -479594.78 | H44: -462843.42 | I44: -438914.58 | J44: -150534 | K44: 0 | L44: 0 | M44: 0 | N44: 0 | O44: 0 | P44: 0 | Q44: 0 | R44: 0 | S44: 0 | T44: 0 | U44: 0 | V44: 0 | W44: 0 | X44: 0 | Y44: -666.015 | Z44: -707.039 | AA44: -547.307 | AB44: -648.009 | AC44: -629.319 | AD44: -662.42 | AE44: =+'[2]Resultados Trim. Corp 4T24'!$F$27 -> -599.868
A45: $ | B45: Thousands | C45: Operating income | D45: 1583410.9 | E45: 1645019.5 | F45: 1574534.9 | G45: 1756649.5 | H45: 1550436.5 | I45: 1635806.5 | J45: 597016 | K45: 102927 | L45: 108912 | M45: 91885.005 | N45: 88018.105 | O45: 92484.596 | P45: 94056.751 | Q45: 93557.754 | R45: 97050.547 | S45: 107360.05 | T45: 110632 | U45: 111314.97 | V45: 114926.5 | W45: 40099.221 | X45: 42808 | Y45: 35299.374 | Z45: 32376.236 | AA45: 33945.986 | AB45: 38545.413 | AC45: 32716.625 | AD45: 32806.687 | AE45: =+'[2]Resultados Trim. Corp 4T24'!$F$29 -> 33226.367
A46: $ | B46: Thousands | C46: Other gains (losses) | D46: 461657.19 | E46: 1495430.1 | F46: 345221.09 | G46: 1624029.8 | H46: -71667.599 | I46: 861894.6 | J46: 74039038 | K46: 236478 | L46: 68359 | M46: 23528.037 | N46: 2717.517 | O46: 6003141.5 | P46: 108459.88 | Q46: 6742014.7 | R46: 575573.72 | S46: 93319.936 | T46: 689131 | U46: 1272541.8 | V46: 1096804.1 | W46: 798446.03 | X46: 3097699 | Y46: 339059.43 | Z46: -355295.62 | AA46: -923383.24 | AB46: 286606.62 | AC46: 450734.52 | AD46: 319021.36 | AE46: =+'[2]Resultados Trim. Corp 4T24'!F31 -> -432885.07
A47: $ | B47: Thousands | C47: Financial income | D47: 1714.785 | E47: 1790.516 | F47: 1846.248 | G47: 1861.699 | H47: 1824.293 | I47: 1907.707 | J47: 662 | K47: 0 | L47: 0 | M47: 0 | N47: 0 | O47: 0 | P47: 0 | Q47: 0 | R47: 0 | S47: 0 | T47: 0 | U47: 0 | V47: 0 | W47: 0 | X47: 0 | Y47: 0 | Z47: 0 | AA47: 0 | AB47: 0 | AC47: 0 | AD47: 0 | AE47: =+'[2]Resultados Trim. Corp 4T24'!F32 -> 0
A48: $ | B48: Thousands | C48: Finance costs | D48: -81353.364 | E48: -54835.291 | F48: -34040.795 | G48: -14647.184 | H48: -179559.01 | I48: -292490.99 | J48: 0 | K48: 0 | L48: 0 | M48: 0 | N48: 0 | O48: 0 | P48: 0 | Q48: 0 | R48: 0 | S48: 0 | T48: 0 | U48: 0 | V48: 0 | W48: 0 | X48: 0 | Y48: 0 | Z48: 0 | AA48: 0 | AB48: 0 | AC48: 0 | AD48: 0 | AE48: =+'[2]Resultados Trim. Corp 4T24'!F33 -> 0
A49: $ | B49: Thousands | C49: Interest in associates | D49: 3518319.3 | E49: 5896141.4 | F49: 2774321.6 | G49: 15565377 | H49: 4188199.9 | I49: 2990267.1 | J49: 4091019 | K49: 17043079 | L49: 2352744 | M49: -2193953.4 | N49: -1608989.6 | O49: -15834766 | P49: 906832 | Q49: 25548.5 | R49: 2414173.5 | S49: 3642798.6 | T49: 3321925 | U49: 14822690 | V49: 3434787 | W49: 1022236.3 | X49: 2211390 | Y49: 2155545.5 | Z49: 5106209 | AA49: 10605498 | AB49: 3417605.5 | AC49: 2244728 | AD49: 3119210 | AE49: =+'[2]Resultados Trim. Corp 4T24'!F34 -> 13855157
A50: $ | B50: Thousands | C50: Exchange rate difference | D50: 0 | E50: 11 | F50: 0 | G50: 0 | H50: 0 | I50: 0 | J50: 0 | K50: 0 | L50: 0 | M50: 0 | N50: 0 | O50: 0 | P50: 0 | Q50: 0 | R50: 0 | S50: 0 | T50: 0 | U50: 0 | V50: 0 | W50: 0 | X50: 0 | Y50: 0 | Z50: 0 | AA50: 0 | AB50: 0 | AC50: 0 | AD50: 0 | AE50: =+'[2]Resultados Trim. Corp 4T24'!$F$35 -> 0
A51: $ | B51: Thousands | C51: Income from indexation units | D51: -181641.38 | E51: -149819.59 | F51: -151893.08 | G51: -153662.82 | H51: -11.199 | I51: 196630.2 | J51: 6256 | K51: 0 | L51: 0 | M51: 0 | N51: 0 | O51: 0 | P51: 0 | Q51: 0 | R51: 0 | S51: 0 | T51: 0 | U51: 0 | V51: 0 | W51: 0 | X51: 0 | Y51: -15437.004 | Z51: 0 | AA51: 0 | AB51: 0 | AC51: 0 | AD51: 0 | AE51: =+'[2]Resultados Trim. Corp 4T24'!$F$36 -> 1391.25
A52: $ | B52: Thousands | C52: Non-operating income | D52: 3718696.5 | E52: 7188718 | F52: 2935455.1 | G52: 17022959 | H52: 3938786.4 | I52: 3758208.6 | J52: 78136975 | K52: 17279557 | L52: 2421103 | M52: -2170425.4 | N52: -1606272.1 | O52: -9831624.9 | P52: 1015291.9 | Q52: 6767563.2 | R52: 2989747.2 | S52: 3736118.5 | T52: 4011056 | U52: 16095232 | V52: 4531591.1 | W52: 1820682.4 | X52: 5309089 | Y52: 2479167.9 | Z52: 4750913.4 | AA52: 9682114.3 | AB52: 3704212.1 | AC52: 2695462.5 | AD52: 3438231.2 | AE52: =+'[2]Resultados Trim. Corp 4T24'!$F$38 -> 13423663
A53: $ | B53: Thousands | C53: Profit (loss) before tax | D53: 5302107.4 | E53: 8833737.6 | F53: 4509990 | G53: 18779608 | H53: 5489223 | I53: 5394015 | J53: 78733991 | K53: 17382484 | L53: 2530015 | M53: -2078540.4 | N53: -1518254 | O53: -9739140.3 | P53: 1109348.6 | Q53: 6861121 | R53: 3086797.8 | S53: 3843478.6 | T53: 4121688 | U53: 16206547 | V53: 4646517.6 | W53: 1860781.6 | X53: 5351897 | Y53: 2514467.3 | Z53: 4783289.6 | AA53: 9716060.2 | AB53: 3742757.5 | AC53: 2728179.1 | AD53: 3471037.9 | AE53: =+'[2]Resultados Trim. Corp 4T24'!$F$39 -> 13456890
A54: $ | B54: Thousands | C54: Income taxes | D54: -468317.23 | E54: -717913.22 | F54: -445926.33 | G54: -842246.94 | H54: -355617.67 | I54: -586067.33 | J54: -23860106 | K54: -91639 | L54: -47863 | M54: -31161.521 | N54: -24498.618 | O54: -20876381 | P54: -54679.49 | Q54: -1845604.6 | R54: -181608.55 | S54: 1224824.4 | T54: -215936 | U54: -373641.33 | V54: -327167.26 | W54: -226407.22 | X54: -883539 | Y54: -37901.238 | Z54: -45505.156 | AA54: 168653.65 | AB54: -113975.74 | AC54: -179188.56 | AD54: -130444.73 | AE54: =+'[2]Resultados Trim. Corp 4T24'!$F$40 -> 52378.384
A55: $ | B55: Thousands | C55: Profit (loss) | D55: 4833790.2 | E55: 8115824.3 | F55: 4064063.6 | G55: 17937361 | H55: 5133605.3 | I55: 4807947.7 | J55: 54873885 | K55: 17290845 | L55: 2482152 | M55: -2109701.9 | N55: -1542752.6 | O55: -30615521 | P55: 1054669.1 | Q55: 5015516.4 | R55: 2905189.2 | S55: 5068302.9 | T55: 3905752 | U55: 15832906 | V55: 4319350.3 | W55: 1634374.4 | X55: 4468358 | Y55: 2476566.1 | Z55: 4737784.5 | AA55: 9884713.9 | AB55: 3628781.8 | AC55: 2548990.6 | AD55: 3340593.1 | AE55: =+'[2]Resultados Trim. Corp 4T24'!$F$41 -> 13509268
A56: $ | B56: Thousands | C56: Depreciation and amortization | D56: 15187.691 | E56: 10336.434 | F56: 10869.668 | G56: 10606.753 | H56: 11007.437 | I56: 11007.563 | J56: 3669 | K56: 0 | L56: 0 | M56: 0 | N56: 0 | O56: 0 | P56: 0 | Q56: 0 | R56: 0 | S56: 0 | T56: 0 | U56: 0 | V56: 0 | W56: 0 | X56: 0 | Y56: 0 | Z56: 0 | AA56: 0 | AB56: 0 | AC56: 0 | AD56: 0 | AE56: =+'[2]Resultados Trim. Corp 4T24'!$F$45 -> 0
A57: $ | B57: Thousands | C57: EBITDA: Operating result plus depreciation and amortization | D57: 1598598.6 | E57: 1655356 | F57: 1585404.6 | G57: 1767256.3 | H57: 1561444 | I57: 1646814 | J57: 600685 | K57: 102927 | L57: 108912 | M57: 91885.005 | N57: 88018.105 | O57: 92484.596 | P57: 94056.751 | Q57: 93557.754 | R57: 97050.547 | S57: 107360.05 | T57: 110632 | U57: 111314.97 | V57: 114926.5 | W57: 40099.221 | X57: 42808 | Y57: 35299.374 | Z57: 32376.236 | AA57: 33945.986 | AB57: 38545.413 | AC57: 32716.625 | AD57: 32806.687 | AE57: =+'[2]Resultados Trim. Corp 4T24'!$F$47 -> 33226.367
C59: Central Offices & Adjustments
A60: $ | B60: Thousands | C60: Retail revenue | D60: -66791.495 | E60: -53869.7 | F60: 176201.33 | G60: 26780.226 | H60: -67394.718 | I60: -113521.28 | J60: -68811 | K60: -69719 | L60: -135816 | M60: 26947.989 | N60: 8255.55 | O60: -56213.58 | P60: -31123.607 | Q60: -6572.171 | R60: -70200.843 | S60: -62924.865 | T60: -2996 | U60: -152447.59 | V60: -52462.353 | W60: -63777.894 | X60: -45618.708 | Y60: -49402.841 | Z60: -55799.553 | AA60: 20100.154 | AB60: 11540.902 | AC60: -173.651 | AD60: -967.067 | AE60: =+'[2]Resultados Trim. Corp 4T24'!H8 -> -951.522
A61: $ | B61: Thousands | C61: Bank revenue | D61: -379152.32 | E61: -507856.31 | F61: -595313.75 | G61: -785458.82 | H61: -729144.27 | I61: -810723.73 | J61: -773904 | K61: -997921 | L61: -650383 | M61: -181520.84 | N61: -506557.33 | O61: -762222.91 | P61: -601805.55 | Q61: -926672.02 | R61: -892635.63 | S61: -1219586.9 | T61: -916050 | U61: -913125.31 | V61: -988710.2 | W61: -1315287.4 | X61: -1046369.5 | Y61: -865340.91 | Z61: -502689.98 | AA61: -2197236.6 | AB61: -1620960.8 | AC61: -1876182.3 | AD61: -1501078.1 | AE61: =+'[2]Resultados Trim. Corp 4T24'!H9 -> -1986779.4
A62: $ | B62: Thousands | C62: Real estate revenues | D62: -144557.91 | E62: -146781.49 | F62: -189614.36 | G62: -190455.42 | H62: -295662.91 | I62: -265349.09 | J62: -89235 | K62: 0 | L62: 0 | M62: 0 | N62: 0 | O62: 0 | P62: 0 | Q62: 0 | R62: 0 | S62: 0 | T62: 0 | U62: 0 | V62: 0 | W62: 0 | X62: 0 | Y62: 0 | Z62: 0 | AA62: 0 | AB62: 0 | AC62: 0 | AD62: 0 | AE62: =+'[2]Resultados Trim. Corp 4T24'!H10 -> 0
A63: $ | B63: Thousands | C63: Total revenue | D63: -590501.73 | E63: -708507.5 | F63: -608726.78 | G63: -949134.01 | H63: -1092201.9 | I63: -1189594.1 | J63: -931950 | K63: -1067640 | L63: -786199 | M63: -154572.85 | N63: -498301.78 | O63: -818436.49 | P63: -632929.16 | Q63: -933244.19 | R63: -962836.47 | S63: -1282511.8 | T63: -919046 | U63: -1065572.9 | V63: -1041172.5 | W63: -1379065.3 | X63: -1091988.2 | Y63: -914743.75 | Z63: -558489.53 | AA63: -2177136.5 | AB63: -1609419.9 | AC63: -1876355.9 | AD63: -1502045.1 | AE63: =+'[2]Resultados Trim. Corp 4T24'!$H$12 -> -1987731
A64: $ | B64: Thousands | C64: Cost of sales retail | D64: -5812714.2 | E64: -8467723.1 | F64: -6394613.1 | G64: -9624768.2 | H64: -5732878.5 | I64: -8163616.5 | J64: -6975101 | K64: -7392997 | L64: -3010745 | M64: -3104287 | N64: 0 | O64: -907912.3 | P64: -1577914 | Q64: -1420633.2 | R64: -6279414.8 | S64: -4262895.3 | T64: -5495388 | U64: -4021444.6 | V64: -2886636 | W64: -1542426.5 | X64: -1517789.5 | Y64: -199896 | Z64: -421095.73 | AA64: 3013841.2 | AB64: -1733104.9 | AC64: -2110783 | AD64: -3403246.9 | AE64: =+'[2]Resultados Trim. Corp 4T24'!$H$14 -> -8317913.4
A65: $ | B65: Thousands | C65: Cost of sales bank | D65: 378165.73 | E65: 452243.39 | F65: 426563.75 | G65: 710458.82 | H65: 747267.74 | I65: 902086.26 | J65: 789740 | K65: 1027766 | L65: 743796 | M65: 111534.94 | N65: 454559.51 | O65: 8191125.8 | P65: 3723936 | Q65: 891283.12 | R65: 920532.61 | S65: 3582692.5 | T65: 919613 | U65: 915327.6 | V65: 965825.9 | W65: 1303767 | X65: 1016209.2 | Y65: 839183.8 | Z65: -1516972.8 | AA65: 956392.26 | AB65: 740998.04 | AC65: -220944.49 | AD65: 715985.9 | AE65: =+'[2]Resultados Trim. Corp 4T24'!H15 -> 1059285.5
A66: $ | B66: Thousands | C66: Interest and indexation expense | D66: 0 | E66: 0 | F66: 0 | G66: 0 | H66: 0 | I66: 0 | J66: 20391 | K66: 6226 | L66: 5089 | M66: 4831.999 | N66: 4528.45 | O66: 4236.27 | P66: 5712.048 | Q66: 5489.602 | R66: 5246.215 | S66: 3828.271 | T66: 3129 | U66: 933.279 | V66: 505.438 | W66: 463.627 | X66: 413.753 | Y66: 360.7 | Z66: 302.39 | AA66: 245.421 | AB66: 186.025 | AC66: 126.048 | AD66: 63.666 | AE66: =+'[2]Resultados Trim. Corp 4T24'!H16 -> 236.225
A67: $ | B67: Thousands | C67: Cost of risk, net | D67: 0 | E67: 0 | F67: 0 | G67: 0 | H67: 0 | I67: 0 | J67: 0 | K67: 0 | L67: 0 | M67: 0 | N67: 0 | O67: 7532000 | P67: 3250000 | Q67: 0 | R67: 0 | S67: 2330000 | T67: 0 | U67: 0 | V67: 0 | W67: 0 | X67: 0 | Y67: 0 | Z67: -2000000 | AA67: 0 | AB67: 0 | AC67: -1000000 | AD67: 0 | AE67: =+'[2]Resultados Trim. Corp 4T24'!H17 -> 0
A68: $ | B68: Thousands | C68: Other | D68: 378165.73 | E68: 452243.39 | F68: 426563.75 | G68: 710458.82 | H68: 747267.74 | I68: 902086.26 | J68: 769349 | K68: 1021540 | L68: 738707 | M68: 106702.95 | N68: 450031.05 | O68: 654889.56 | P68: 468223.97 | Q68: 885793.52 | R68: 915286.39 | S68: 1248864.2 | T68: 916484 | U68: 914394.32 | V68: 965320.46 | W68: 1303303.4 | X68: 1015795.5 | Y68: 838823.09 | Z68: 482724.8 | AA68: 956146.84 | AB68: 740812.01 | AC68: 778929.47 | AD68: 715922.23 | AE68: =+'[2]Resultados Trim. Corp 4T24'!H18 -> 1059049.3
A69: $ | B69: Thousands | C69: Total cost of sales | D69: -5434548.4 | E69: -8015479.7 | F69: -5968049.4 | G69: -8914309.4 | H69: -4985610.7 | I69: -7261530.3 | J69: -6185361 | K69: -6365231 | L69: -2266949 | M69: -2992752.1 | N69: 454559.51 | O69: 7283213.5 | P69: 2146022 | Q69: -529350.1 | R69: -5358882.2 | S69: -680202.85 | T69: -4575775 | U69: -3106117 | V69: -1920810.1 | W69: -238659.49 | X69: -501580.3 | Y69: 639287.8 | Z69: -1938068.5 | AA69: 3970233.5 | AB69: -992106.82 | AC69: -2331727.5 | AD69: -2687261 | AE69: =+'[2]Resultados Trim. Corp 4T24'!$H$20 -> -7258627.9
A70: $ | B70: Thousands | C70: Gross margin retail | D70: -5879505.7 | E70: -8521592.8 | F70: -6218411.8 | G70: -9597988 | H70: -5800273.2 | I70: -8277137.8 | J70: -7043912 | K70: -7462716 | L70: -3146561 | M70: -3077339 | N70: 8255.55 | O70: -964125.88 | P70: -1609037.6 | Q70: -1427205.4 | R70: -6349615.6 | S70: -4325820.2 | T70: -5498384 | U70: -4173892.1 | V70: -2939098.3 | W70: -1606204.4 | X70: -1563408.2 | Y70: -249298.84 | Z70: -476895.28 | AA70: 3033941.4 | AB70: -1721564 | AC70: -2110956.6 | AD70: -3404213.9 | AE70: =+'[2]Resultados Trim. Corp 4T24'!H22 -> -8318864.9
A71: $ | B71: Thousands | C71: Gross margin bank | D71: -986.593 | E71: -55612.919 | F71: -168750 | G71: -75000 | H71: 18123.479 | I71: 91362.521 | J71: 15836 | K71: 29845 | L71: 93413 | M71: -69985.896 | N71: -51997.826 | O71: 7428902.9 | P71: 3122130.5 | Q71: -35388.897 | R71: 27896.982 | S71: 2363105.6 | T71: 3563 | U71: 2202.29 | V71: -22884.295 | W71: -11520.373 | X71: -30160.278 | Y71: -26157.111 | Z71: -2019662.8 | AA71: -1240844.4 | AB71: -879962.79 | AC71: -2097126.8 | AD71: -785092.16 | AE71: =+'[2]Resultados Trim. Corp 4T24'!H23 -> -927493.95
A72: $ | B72: Thousands | C72: Gross margin real estate | D72: -144557.91 | E72: -146781.49 | F72: -189614.36 | G72: -190455.42 | H72: -295662.91 | I72: -265349.09 | J72: -89235 | K72: 0 | L72: 0 | M72: 0 | N72: 0 | O72: 0 | P72: 0 | Q72: 0 | R72: 0 | S72: 0 | T72: 0 | U72: 0 | V72: 0 | W72: 0 | X72: 0 | Y72: 0 | Z72: 0 | AA72: 0 | AB72: 0 | AC72: 0 | AD72: 0 | AE72: =+'[2]Resultados Trim. Corp 4T24'!H24 -> 0
A73: $ | B73: Thousands | C73: Total gross margin | D73: -6025050.2 | E73: -8723987.2 | F73: -6576776.2 | G73: -9863443.4 | H73: -6077812.6 | I73: -8451124.4 | J73: -7117311 | K73: -7432871 | L73: -3053148 | M73: -3147324.9 | N73: -43742.276 | O73: 6464777 | P73: 1513092.8 | Q73: -1462594.3 | R73: -6321718.7 | S73: -1962714.6 | T73: -5494821 | U73: -4171689.9 | V73: -2961982.6 | W73: -1617724.8 | X73: -1593568.5 | Y73: -275455.95 | Z73: -2496558.1 | AA73: 1793097 | AB73: -2601526.7 | AC73: -4208083.4 | AD73: -4189306.1 | AE73: =+'[2]Resultados Trim. Corp 4T24'!H25 -> -9246358.9
A74: $ | B74: Thousands | C74: Administrative expense and other | D74: 1762982.9 | E74: 3071504.2 | F74: 2532559.6 | G74: 4063582.7 | H74: 2124333.1 | I74: 2901268.9 | J74: 2538680 | K74: 1161603 | L74: -423438 | M74: -3121715.1 | N74: -6190099.2 | O74: -5033281.5 | P74: -1738721.1 | Q74: -3785805 | R74: 3008878.8 | S74: -560651.3 | T74: 585268 | U74: -351874.42 | V74: -1207294.6 | W74: -3643422.7 | X74: -3454151 | Y74: -4112211.5 | Z74: -5852795.8 | AA74: -5833134.5 | AB74: -1475583.4 | AC74: -2011122.1 | AD74: -1673289 | AE74: =+'[2]Resultados Trim. Corp 4T24'!$H$27 -> 5547364.5
A75: $ | B75: Thousands | C75: Operating income | D75: -4262067.3 | E75: -5652483 | F75: -4044216.6 | G75: -5799860.7 | H75: -3953479.5 | I75: -5549855.5 | J75: -4578631 | K75: -6271268 | L75: -3476586 | M75: -6269040.1 | N75: -6233841.5 | O75: 1431495.6 | P75: -225628.26 | Q75: -5248399.2 | R75: -3312839.8 | S75: -2523365.9 | T75: -4909553 | U75: -4523564.3 | V75: -4169277.2 | W75: -5261147.5 | X75: -5047719.5 | Y75: -4387667.4 | Z75: -8349353.8 | AA75: -4040037.5 | AB75: -4077110.2 | AC75: -6219205.5 | AD75: -5862595.1 | AE75: =+'[2]Resultados Trim. Corp 4T24'!$H$29 -> -3698994.3
A76: $ | B76: Thousands | C76: Other gains (losses) | D76: -41344.237 | E76: -3577.843 | F76: -17483.824 | G76: -63622.391 | H76: -23511.089 | I76: -16773.911 | J76: -17174 | K76: 85414 | L76: 11427 | M76: -30632.205 | N76: 327973.28 | O76: -2617845.6 | P76: -47204.68 | Q76: -16880.335 | R76: -21502.513 | S76: 186592.18 | T76: -24616 | U76: -963013.89 | V76: -4761.68 | W76: -355226.15 | X76: 4837.639 | Y76: 2932.574 | Z76: -805.421 | AA76: -1349.085 | AB76: 23474.222 | AC76: -20106.821 | AD76: 81.162 | AE76: =+'[2]Resultados Trim. Corp 4T24'!H31 -> 78.615
A77: $ | B77: Thousands | C77: Financial income | D77: 647112.32 | E77: 1261466.3 | F77: 1263343 | G77: 1263343 | H77: 1152619.4 | I77: 1160034.6 | J77: 1526511 | K77: 2781805 | L77: 2562030 | M77: 2489371.2 | N77: 2419994.4 | O77: 2214120.8 | P77: 1978247.6 | Q77: 1596848.6 | R77: 1795608.6 | S77: 1992112.9 | T77: 2357461 | U77: 2297697.4 | V77: 5430531 | W77: 4945021.4 | X77: 5116780.1 | Y77: 7780107.6 | Z77: 8434474.3 | AA77: 6027406.4 | AB77: 5275686.2 | AC77: 4617267.8 | AD77: 4357986.6 | AE77: =+'[2]Resultados Trim. Corp 4T24'!H32 -> 4685494.3
A78: $ | B78: Thousands | C78: Finance costs | D78: -1213160.4 | E78: -1291897.6 | F78: -1375511.3 | G78: -1214083.6 | H78: -724395.74 | I78: -413236.26 | J78: -535441 | K78: -570397 | L78: -535721 | M78: -1071428.7 | N78: -1262405.1 | O78: -1240823.3 | P78: -795844.46 | Q78: -598921.98 | R78: -616024.44 | S78: -597804.1 | T78: -460877 | U78: -571677.34 | V78: -1129396.3 | W78: -1234646 | X78: -1231770.5 | Y78: -1491327.7 | Z78: -1285560.9 | AA78: -1185770.9 | AB78: -844056.96 | AC78: -971210.95 | AD78: -1173602 | AE78: =+'[2]Resultados Trim. Corp 4T24'!H33 -> -1218386.5
A79: $ | B79: Thousands | C79: Exchange rate difference | D79: 2000.931 | E79: 420.952 | F79: -5579.674 | G79: 823.059 | H79: 1733.647 | I79: -3055.647 | J79: -967 | K79: 3166890 | L79: 5408382 | M79: -4024303.1 | N79: -3235034.8 | O79: -5681333.4 | P79: -904644.9 | Q79: -1113260.3 | R79: 1960691.2 | S79: 2639658.5 | T79: 479014 | U79: 6363877.5 | V79: -931599.92 | W79: -3065918.1 | X79: -3419297.1 | Y79: 1023158.9 | Z79: 990740.88 | AA79: -718596.99 | AB79: 5974530.5 | AC79: -3982595.1 | AD79: -454629.34 | AE79: =+'[2]Resultados Trim. Corp 4T24'!$H$35 -> 4522623.9
A80: $ | B80: Thousands | C80: Income from indexation units | D80: 239246.75 | E80: 229288.36 | F80: 185124.86 | G80: 76584.085 | H80: -170212.28 | I80: -110124.72 | J80: 21876 | K80: 48664 | L80: 264181 | M80: -20964.347 | N80: -13285.003 | O80: 16246.837 | P80: 112784.12 | Q80: 86161.874 | R80: 33277.066 | S80: -38022.061 | T80: -532745 | U80: -1052105 | V80: -830047.01 | W80: -585586.89 | X80: -268399.09 | Y80: -167287.58 | Z80: -63396.947 | AA80: -324550.55 | AB80: -167244.2 | AC80: -256361.31 | AD80: -43679.17 | AE80: =+'[2]Resultados Trim. Corp 4T24'!$H$36 -> -264498.4
A81: $ | B81: Thousands | C81: Non-operating income | D81: -366144.68 | E81: 195700.18 | F81: 49893.117 | G81: 63044.153 | H81: 236233.91 | I81: 616844.09 | J81: 994805 | K81: 5512376 | L81: 7710299 | M81: -2657957.2 | N81: -1762757.2 | O81: -7309634.6 | P81: 343337.68 | Q81: -46052.187 | R81: 3152049.9 | S81: 4182537.5 | T81: 1818237 | U81: 6074778.7 | V81: 2534726.2 | W81: -296355.86 | X81: 202151.01 | Y81: 7147583.8 | Z81: 8075451.9 | AA81: 3797138.9 | AB81: 10262390 | AC81: -613006.38 | AD81: 2686157.3 | AE81: =+'[2]Resultados Trim. Corp 4T24'!$H$38 -> 7725311.9
A82: $ | B82: Thousands | C82: Profit (loss) before tax | D82: -4628212 | E82: -5456782.8 | F82: -3994323.5 | G82: -5736816.5 | H82: -3717245.6 | I82: -4933011.4 | J82: -3583826 | K82: -758892 | L82: 4233713 | M82: -8926997.3 | N82: -7996598.7 | O82: -5878139.1 | P82: 117709.42 | Q82: -5294451.4 | R82: -160789.88 | S82: 1659171.6 | T82: -3091316 | U82: 1551214.4 | V82: -1634551 | W82: -5557503.4 | X82: -4845568.5 | Y82: 2759916.4 | Z82: -273901.91 | AA82: -242898.61 | AB82: 6185279.6 | AC82: -6832211.9 | AD82: -3176437.8 | AE82: =+'[2]Resultados Trim. Corp 4T24'!$H$39 -> 4026317.6
A83: $ | B83: Thousands | C83: Income taxes | D83: 1765058.7 | E83: 1915653.7 | F83: 1924869.3 | G83: 1622901.1 | H83: 921001.72 | I83: 2743669.3 | J83: 1011358 | K83: 1795727 | L83: -781592 | M83: 3199919.5 | N83: 2379167.6 | O83: 4884973.7 | P83: 1297863.3 | Q83: 1948165.8 | R83: 1529931.9 | S83: 3833779.3 | T83: 4341466 | U83: 3418179.4 | V83: 7681020.2 | W83: 8691236.1 | X83: 5268916.4 | Y83: 925354.88 | Z83: -1279819.9 | AA83: 3820152.5 | AB83: -4165977.7 | AC83: 6442242 | AD83: 3047330.2 | AE83: =+'[2]Resultados Trim. Corp 4T24'!$H$40 -> -1651596.9
A84: $ | B84: Thousands | C84: Profit (loss) from continuing operations | D84: -2863153.3 | E84: -3541129.1 | F84: -2069454.1 | G84: -4113915.5 | H84: -2796243.9 | I84: -2189342.1 | J84: -2572468 | K84: 1036835 | L84: 3452121 | M84: -5727077.8 | N84: -5617431.1 | O84: -993165.36 | P84: 1415572.7 | Q84: -3346285.6 | R84: 1369142 | S84: 5492950.8 | T84: 1250150 | U84: 4969393.9 | V84: 6046469.2 | W84: 3133732.8 | X84: 423347.89 | Y84: 3685271.3 | Z84: -1553721.8 | AA84: 3577253.9 | AB84: 2019301.8 | AC84: -389969.86 | AD84: -129107.63 | AE84: =+'[2]Resultados Trim. Corp 4T24'!$H$41 -> 2374720.6
A85: $ | B85: Thousands | C85: Profit (loss) discontinued operations | D85: 103370.63 | E85: -271.114 | F85: -89963.301 | G85: -45816.262 | H85: -168609.24 | I85: -46757.763 | J85: 32596 | K85: 703267 | L85: 0 | M85: 0 | N85: 0 | O85: 0 | P85: 0 | Q85: 0 | R85: 0 | S85: 0 | T85: 0 | U85: 0 | V85: 0 | W85: 0 | X85: 0 | Y85: 0 | Z85: 0 | AA85: 0 | AB85: 0 | AC85: 0 | AD85: 0 | AE85: =+'[2]Resultados Trim. Corp 4T24'!$H$42 -> 0
A86: $ | B86: Thousands | C86: Profit (loss) | D86: -2759782.7 | E86: -3541400.2 | F86: -2159417.4 | G86: -4159731.7 | H86: -2964853.1 | I86: -2236099.9 | J86: -2539872 | K86: 1740102 | L86: 3452121 | M86: -5727077.8 | N86: -5617431.1 | O86: -993165.36 | P86: 1415572.7 | Q86: -3346285.6 | R86: 1369142 | S86: 5492950.8 | T86: 1250150 | U86: 4969393.9 | V86: 6046469.2 | W86: 3133732.8 | X86: 423347.89 | Y86: 3685271.3 | Z86: -1553721.8 | AA86: 3577253.9 | AB86: 2019301.8 | AC86: -389969.86 | AD86: -129107.63 | AE86: =+'[2]Resultados Trim. Corp 4T24'!$H$43 -> 2374720.6
A87: $ | B87: Thousands | C87: Depreciation and amortization | D87: 521032.13 | E87: 565878.22 | F87: 601663.64 | G87: 605747.13 | H87: 324288.85 | I87: 538644.15 | J87: 537068 | K87: 565039 | L87: 461319 | M87: 433595.46 | N87: 422218.84 | O87: 365853.34 | P87: 272120.01 | Q87: 253356.2 | R87: 256550.98 | S87: 288776.13 | T87: 260130 | U87: 241314.48 | V87: 250444.44 | W87: 253321.3 | X87: 246834.64 | Y87: 235766.29 | Z87: 249463.25 | AA87: 223538.4 | AB87: 221888.91 | AC87: 234873.93 | AD87: 233276.99 | AE87: =+'[2]Resultados Trim. Corp 4T24'!$H$45 -> 224190.06
A88: $ | B88: Thousands | C88: EBITDA: Operating result plus depreciation and amortization | D88: -3741035.2 | E88: -5086604.8 | F88: -3442552.9 | G88: -5194113.5 | H88: -3629190.7 | I88: -5011211.3 | J88: -4041563 | K88: -5706229 | L88: -3015267 | M88: -5835444.6 | N88: -5811622.6 | O88: 1797348.9 | P88: 46491.748 | Q88: -4995043 | R88: -3056288.8 | S88: -2234589.8 | T88: -4649423 | U88: -4282249.8 | V88: -3918832.8 | W88: -5007826.2 | X88: -4800884.9 | Y88: -4151901.1 | Z88: -8099890.6 | AA88: -3816499.1 | AB88: -3855221.3 | AC88: -5984331.6 | AD88: -5629318.1 | AE88: =+'[2]Resultados Trim. Corp 4T24'!$H$47 -> -3474804.2
C90: Total
A91: $ | B91: Thousands | C91: Retail revenue | D91: 1.7570033e+08 | E91: 2.0943841e+08 | F91: 1.72697e+08 | G91: 2.5993977e+08 | H91: 1.7994094e+08 | I91: 2.0647186e+08 | J91: 172379496 | K91: 228162155 | L91: 152839208 | M91: 79987474 | N91: 1.8489763e+08 | O91: 3.3034634e+08 | P91: 2.2259361e+08 | Q91: 2.8201348e+08 | R91: 3.5248123e+08 | S91: 4.3242571e+08 | T91: 253315600 | U91: 2.7403208e+08 | V91: 2.2419007e+08 | W91: 3.3623624e+08 | X91: 2.1012454e+08 | Y91: 2.358504e+08 | Z91: 1.913064e+08 | AA91: 3.0684599e+08 | AB91: 2.0901295e+08 | AC91: 2.4919652e+08 | AD91: 2.0113957e+08 | AE91: =+'[2]Resultados Trim. Corp 4T24'!J8 -> 3.3096021e+08
A92: $ | B92: Thousands | C92: Bank revenue | D92: 77594053 | E92: 80130525 | F92: 78171057 | G92: 76577142 | H92: 80065857 | I92: 82529314 | J92: 82324933 | K92: 78169993 | L92: 75628098 | M92: 64078770 | N92: 55769302 | O92: 53841449 | P92: 51220849 | Q92: 50876115 | R92: 56784472 | S92: 62360778 | T92: 69407156 | U92: 76146447 | V92: 73848178 | W92: 88044642 | X92: 82370701 | Y92: 83162354 | Z92: 82118179 | AA92: 86808892 | AB92: 86455312 | AC92: 84086541 | AD92: 84507511 | AE92: =+'[2]Resultados Trim. Corp 4T24'!J9 -> 86192216
A93: $ | B93: Thousands | C93: Real estate revenues | D93: 1784189.4 | E93: 1832688.8 | F93: 1754674.7 | G93: 2045788.9 | H93: 1717617.1 | I93: 1809371.9 | J93: 658315 | K93: 102927 | L93: 108912 | M93: 91885.005 | N93: 88018.105 | O93: 92484.596 | P93: 94056.751 | Q93: 93557.754 | R93: 97050.547 | S93: 107360.05 | T93: 110632 | U93: 111314.97 | V93: 114926.5 | W93: 40099.221 | X93: 42808 | Y93: 35965.389 | Z93: 33083.275 | AA93: 34493.293 | AB93: 39193.422 | AC93: 33345.944 | AD93: 33469.107 | AE93: =+'[2]Resultados Trim. Corp 4T24'!J10 -> 33826.235
A94: $ | B94: Thousands | C94: Total revenue | D94: 2.5507857e+08 | E94: 2.9140162e+08 | F94: 2.5262273e+08 | G94: 3.385627e+08 | H94: 2.6172442e+08 | I94: 2.9081055e+08 | J94: 255362744 | K94: 306435075 | L94: 228576218 | M94: 1.4415813e+08 | N94: 2.4075495e+08 | O94: 3.8428027e+08 | P94: 2.7390852e+08 | Q94: 3.3298315e+08 | R94: 4.0936276e+08 | S94: 4.9489384e+08 | T94: 322833388 | U94: 3.5028984e+08 | V94: 2.9815318e+08 | W94: 4.2432098e+08 | X94: 2.9253805e+08 | Y94: 3.1904872e+08 | Z94: 2.7345766e+08 | AA94: 3.9368937e+08 | AB94: 2.9550746e+08 | AC94: 3.3331641e+08 | AD94: 2.8568055e+08 | AE94: =+'[2]Resultados Trim. Corp 4T24'!$J$12 -> 4.1718625e+08
A95: $ | B95: Thousands | C95: Cost of sales retail | D95: -1.3003284e+08 | E95: -1.5182156e+08 | F95: -1.3304914e+08 | G95: -1.875026e+08 | H95: -1.3540039e+08 | I95: -1.5368028e+08 | J95: -133783657 | K95: -167582853 | L95: -116400253 | M95: -67752606 | N95: -1.5555873e+08 | O95: -2.4150444e+08 | P95: -1.7101978e+08 | Q95: -2.1590249e+08 | R95: -2.5223609e+08 | S95: -2.9627499e+08 | T95: -184768296 | U95: -2.0674422e+08 | V95: -1.7231084e+08 | W95: -2.4394631e+08 | X95: -1.6329803e+08 | Y95: -1.7600621e+08 | Z95: -1.4206083e+08 | AA95: -2.2028104e+08 | AB95: -1.5375841e+08 | AC95: -1.7832857e+08 | AD95: -1.4949473e+08 | AE95: =+'[2]Resultados Trim. Corp 4T24'!J14 -> -2.2650683e+08
A96: $ | B96: Thousands | C96: Cost of sales bank | D96: -29149606 | E96: -27475159 | F96: -30017182 | G96: -31050542 | H96: -31808169 | I96: -33664618 | J96: -34661913 | K96: -48434472 | L96: -41035721 | M96: -49940576 | N96: -14630963 | O96: -4810441 | P96: -4022034.1 | Q96: -9961622.8 | R96: -9053271.1 | S96: -23971454 | T96: -29498636 | U96: -43578067 | V96: -50914065 | W96: -59555373 | X96: -54829872 | Y96: -55904372 | Z96: -57536297 | AA96: -62695981 | AB96: -49335166 | AC96: -45592255 | AD96: -39291775 | AE96: =+'[2]Resultados Trim. Corp 4T24'!J15 -> -38189354
A97: $ | B97: Thousands | C97: Interest and indexation expense | D97: -5941895.3 | E97: -8085942.7 | F97: -7335421 | G97: -7486721.4 | H97: -7065880.3 | I97: -8224549.7 | J97: -7615807 | K97: -7376528 | L97: -7221066 | M97: -6509111.6 | N97: -5379117.2 | O97: -4898704.2 | P97: -4434383.4 | Q97: -3663693.8 | R97: -3200031.5 | S97: -5007758.3 | T97: -7935928 | U97: -13866981 | V97: -17146253 | W97: -18710364 | X97: -18989624 | Y97: -20949365 | Z97: -18485416 | AA97: -18029454 | AB97: -15383541 | AC97: -14478921 | AD97: -12831653 | AE97: =+'[2]Resultados Trim. Corp 4T24'!J16 -> -11397676
A98: $ | B98: Thousands | C98: Cost of risk, net | D98: -19873151 | E98: -15876194 | F98: -19881992 | G98: -21131375 | H98: -20783158 | I98: -20930898 | J98: -22572651 | K98: -36844719 | L98: -28826120 | M98: -39742660 | N98: -4442853.4 | O98: 4854109.9 | P98: 5435079.5 | Q98: -928709.06 | R98: -811572.34 | S98: -13753590 | T98: -16173755 | U98: -22980075 | V98: -27019161 | W98: -34698577 | X98: -28931431 | Y98: -27911705 | Z98: -31436965 | AA98: -36791975 | AB98: -26540678 | AC98: -23382540 | AD98: -20380789 | AE98: =+'[2]Resultados Trim. Corp 4T24'!J17 -> -20039633
A99: $ | B99: Thousands | C99: Other | D99: -3334559.8 | E99: -3513022.3 | F99: -2799768.9 | G99: -2432445.4 | H99: -3959130.9 | I99: -4509170.1 | J99: -4473455 | K99: -4213225 | L99: -4988535 | M99: -3688804.2 | N99: -4808992.2 | O99: -4765846.8 | P99: -5022730.2 | Q99: -5369219.9 | R99: -5041667.2 | S99: -5210105.7 | T99: -5388953 | U99: -6731011.6 | V99: -6748650.5 | W99: -6146432.4 | X99: -6908816 | Y99: -7043301.7 | Z99: -7613915.7 | AA99: -7874552.1 | AB99: -7410946.8 | AC99: -7730794 | AD99: -6079332.1 | AE99: =+'[2]Resultados Trim. Corp 4T24'!J18 -> -6752044.6
A100: $ | B100: Thousands | C100: Total cost of sales | D100: -1.5918245e+08 | E100: -1.7929672e+08 | F100: -1.6306633e+08 | G100: -2.1855314e+08 | H100: -1.6720856e+08 | I100: -1.873449e+08 | J100: -168445570 | K100: -216017325 | L100: -157435974 | M100: -1.1769318e+08 | N100: -1.7018969e+08 | O100: -2.4631488e+08 | P100: -1.7504182e+08 | Q100: -2.2586411e+08 | R100: -2.6128936e+08 | S100: -3.2024644e+08 | T100: -214266932 | U100: -2.5032228e+08 | V100: -2.232249e+08 | W100: -3.0350168e+08 | X100: -2.181279e+08 | Y100: -2.3191059e+08 | Z100: -1.9959712e+08 | AA100: -2.8297703e+08 | AB100: -2.0309357e+08 | AC100: -2.2392083e+08 | AD100: -1.887865e+08 | AE100: =+'[2]Resultados Trim. Corp 4T24'!J20 -> -2.6469618e+08
A101: $ | B101: Thousands | C101: Gross margin retail | D101: 45667491 | E101: 57616844 | F101: 39647857 | G101: 72437175 | H101: 44540554 | I101: 52791583 | J101: 38595839 | K101: 60579302 | L101: 36438955 | M101: 12234867 | N101: 29338902 | O101: 88841901 | P101: 51573830 | Q101: 66110985 | R101: 1.0024514e+08 | S101: 1.3615072e+08 | T101: 68547304 | U101: 67287860 | V101: 51879236 | W101: 92289932 | X101: 46826507 | Y101: 59844182 | Z101: 49245572 | AA101: 86564943 | AB101: 55254545 | AC101: 70867946 | AD101: 51644845 | AE101: =+'[2]Resultados Trim. Corp 4T24'!J22 -> 1.0445338e+08
A102: $ | B102: Thousands | C102: Gross margin bank | D102: 48444447 | E102: 52655366 | F102: 48153874 | G102: 45526599 | H102: 48257688 | I102: 48864696 | J102: 47663020 | K102: 29735521 | L102: 34592377 | M102: 14138194 | N102: 41138339 | O102: 49031008 | P102: 47198815 | Q102: 40914492 | R102: 47731201 | S102: 38389324 | T102: 39908520 | U102: 32568380 | V102: 22934113 | W102: 28489269 | X102: 27540829 | Y102: 27257982 | Z102: 24581882 | AA102: 24112911 | AB102: 37120146 | AC102: 38494286 | AD102: 45215736 | AE102: =+'[2]Resultados Trim. Corp 4T24'!J23 -> 48002862
A103: $ | B103: Thousands | C103: Gross margin real estate | D103: 1784189.4 | E103: 1832688.8 | F103: 1754674.7 | G103: 2045788.9 | H103: 1717617.1 | I103: 1809371.9 | J103: 658315 | K103: 102927 | L103: 108912 | M103: 91885.005 | N103: 88018.105 | O103: 92484.596 | P103: 94056.751 | Q103: 93557.754 | R103: 97050.547 | S103: 107360.05 | T103: 110632 | U103: 111314.97 | V103: 114926.5 | W103: 40099.221 | X103: 42808 | Y103: 35965.389 | Z103: 33083.275 | AA103: 34493.293 | AB103: 39193.422 | AC103: 33345.944 | AD103: 33469.107 | AE103: =+'[2]Resultados Trim. Corp 4T24'!J24 -> 33826.235
A104: $ | B104: Thousands | C104: Total gross margin | D104: 95896127 | E104: 1.121049e+08 | F104: 89556406 | G104: 1.2000956e+08 | H104: 94515860 | I104: 1.0346565e+08 | J104: 86917174 | K104: 90417750 | L104: 71140244 | M104: 26464946 | N104: 70565260 | O104: 1.3796539e+08 | P104: 98866701 | Q104: 1.0711904e+08 | R104: 1.4807339e+08 | S104: 1.746474e+08 | T104: 108566456 | U104: 99967555 | V104: 74928275 | W104: 1.208193e+08 | X104: 74410144 | Y104: 87138130 | Z104: 73860537 | AA104: 1.1071235e+08 | AB104: 92413884 | AC104: 1.0939558e+08 | AD104: 96894050 | AE104: =+'[2]Resultados Trim. Corp 4T24'!J25 -> 1.5249007e+08
...

Sheet Balance Sheet by Segment (Y)
A1: Currency | B1: Unit | C1: Description | D1: FY 18 | E1: FY 19 | F1: FY 20 | G1: FY 21 | H1: FY 22 | I1: FY 23 | J1: FY 24
C2: Period Ended On (MM/DD/YYYY) | D2: 12/31/2018 | E2: 12/31/2019 | F2: 12/31/2020 | G2: 12/31/2021 | H2: 12/31/2022 | I2: 12/31/2023 | J2: 12/31/2024
C3: Reported Date (MM/DD/YYYY) | D3: 03/27/2019 | E3: 03/27/2020 | F3: 03/26/2021 | G3: 03/31/2023 | H3: 03/15/2024 | I3: 03/15/2024 | J3: 03/13/2025
C4: Chile
C5: Retail
A6: $ | B6: Thousands | C6: Cash and cash equivalents and other financial assets | D6: 81986827 | E6: 90995960 | F6: 2.0045518e+08 | G6: 122716509 | H6: 66063333 | I6: 28701507 | J6: =+[1]N39a!B9 -> 93455789
A7: $ | B7: Thousands | C7: Other non-financial assets | D7: 4225778 | E7: 3486427 | F7: 3984307 | G7: 5940844 | H7: 6204571 | I7: 7679399 | J7: =+[1]N39a!B10 -> 10762229
A8: $ | B8: Thousands | C8: Trade and other payables net | D8: 51359925 | E8: 49351613 | F8: 41001486 | G8: 16941217 | H8: 15841337 | I8: 16794893 | J8: =+[1]N39a!B11 -> 18440620
A9: $ | B9: Thousands | C9: Accounts receivable from related entities | D9: 1203151 | E9: 998187 | F9: 1429129 | G9: 57449 | H9: 49654 | I9: 49654 | J9: =+[1]N39a!B12 -> 49654
A10: $ | B10: Thousands | C10: Inventories | D10: 183902834 | E10: 161242017 | F10: 162071724 | G10: 218858348 | H10: 240502578 | I10: 194309219 | J10: =+[1]N39a!B13 -> 204468531
A11: $ | B11: Thousands | C11: Tax assets | D11: 4989085 | E11: 8714884 | F11: 6797351 | G11: 6748610 | H11: 9205442 | I11: 9785410 | J11: =+[1]N39a!B14 -> 11627307
A12: $ | B12: Thousands | C12: Total current assets | D12: 327667600 | E12: 314789088 | F12: 415739180 | G12: 371262977 | H12: 337866915 | I12: 257320082 | J12: =+SUM(J6:J11) -> 338804130
A13: $ | B13: Thousands | C13: Other non-financial assets | D13: 6465751 | E13: 1145382 | F13: 1360229 | G13: 2327888 | H13: 1602616 | I13: 1263581 | J13: =+[1]N39a!B20 -> 2506852
A14: $ | B14: Thousands | C14: Trade and other payables | D14: 2572636 | E14: 2118201 | F14: 1840091 | G14: 2713770 | H14: 2263328 | I14: 1760255 | J14: =+[1]N39a!B21 -> 3287532
A15: $ | B15: Thousands | C15: Intangible assets other than goodwill | D15: 18240903 | E15: 19166582 | F15: 20501593 | G15: 23035360 | H15: 23385380 | I15: 22055581 | J15: =+[1]N39a!B24 -> 19338821
A16: $ | B16: Thousands | C16: Goodwill property plant and equipment and investment properties | D16: 139400544 | E16: 136137238 | F16: 124841381 | G16: 111198373 | H16: 103505043 | I16: 97069517 | J16: =+[1]N39a!B25 -> 92318583
A17: $ | B17: Thousands | C17: Right of use assets | D17: 0 | E17: 211195370 | F17: 201000702 | G17: 202150903 | H17: 204487398 | I17: 203563073 | J17: =+[1]N39a!B26 -> 188572923
A18: $ | B18: Thousands | C18: Deferred tax assets | D18: 32835288 | E18: 50468494 | F18: 68661785 | G18: 56977695 | H18: 81804586 | I18: 106001351 | J18: =+[1]N39a!B27 -> 116098515
A19: $ | B19: Thousands | C19: Total non-current assets | D19: 199515122 | E19: 420231267 | F19: 418205781 | G19: 398403989 | H19: 417048351 | I19: 431713358 | J19: =+SUM(J13:J18) -> 422123226
A20: $ | B20: Thousands | C20: Total assets | D20: 527182722 | E20: 735020355 | F20: 833944961 | G20: 769666966 | H20: 754915266 | I20: 689033440 | J20: =+J19+J12 -> 760927356
A21: $ | B21: Thousands | C21: Other financial liabilities | D21: 5023978 | E21: 3897666 | F21: 4591928 | G21: 4623370 | H21: 6091836 | I21: 2862375 | J21: =+[1]N39a!B33 -> 2951656
A22: $ | B22: Thousands | C22: Lease liabilities | D22: 0 | E22: 15062352 | F22: 15551005 | G22: 18975375 | H22: 20193805 | I22: 26136055 | J22: =+[1]N39a!B34 -> 25265481
A23: $ | B23: Thousands | C23: Trade and other payables | D23: 197223572 | E23: 173682211 | F23: 221125188 | G23: 273847563 | H23: 240755443 | I23: 235161788 | J23: =+[1]N39a!B35 -> 260995415
A24: $ | B24: Thousands | C24: Accounts payable to related entities | D24: 48777936 | E24: 4022826 | F24: 5955028 | G24: 3699670 | H24: 4763516 | I24: 1751406 | J24: =+[1]N39a!B36 -> 1889518
A25: $ | B25: Thousands | C25: Other provisions | D25: 887729 | E25: 8113385 | F25: 6335895 | G25: 6053400 | H25: 4443980 | I25: 7287396 | J25: =+[1]N39a!B37 -> 3030855
A26: $ | B26: Thousands | C26: Tax liabilities | D26: 2486484 | E26: 560869 | F26: 0 | G26: 698175 | H26: 0 | I26: 240631 | J26: =+[1]N39a!B38 -> 0
A27: $ | B27: Thousands | C27: Other passives | D27: 12788467 | E27: 13183990 | F27: 21430624 | G27: 20956560 | H27: 16499394 | I27: 12610875 | J27: =+[1]N39a!B39 -> 13412589
A28: $ | B28: Thousands | C28: Total current liabilities | D28: 267188166 | E28: 218523299 | F28: 274989668 | G28: 328854113 | H28: 292747974 | I28: 286050526 | J28: =+SUM(J21:J27) -> 307545514
A29: $ | B29: Thousands | C29: Other financial liabilities | D29: 3100651 | E29: 0 | F29: 0 | G29: 0 | H29: 0 | I29: 0 | J29: =+[1]N39a!B33 -> 2951656
A30: $ | B30: Thousands | C30: Lease liabilities | D30: 0 | E30: 177275455 | F30: 165710311 | G30: 160586045 | H30: 168596094 | I30: 203779208 | J30: =+[1]N39a!B34 -> 25265481
C31: Trade and other payables | J31: =+[1]N39a!B35 -> 260995415
A32: $ | B32: Thousands | C32: Accounts payable to related entities | D32: 0 | E32: 83879043 | F32: 82759630 | G32: 84493510 | H32: 66126667 | I32: 21144976 | J32: =+[1]N39a!B36 -> 1889518
A33: $ | B33: Thousands | C33: Other provisions | D33: 0 | E33: 9847367 | F33: 10320169 | G33: 11568666 | H33: 13550326 | I33: 14871476 | J33: =+[1]N39a!$B$37 -> 3030855
A34: $ | B34: Thousands | C34: Deferred tax liabilities | D34: 361654 | E34: 0 | F34: 0 | G34: 0 | H34: 0 | I34: 0 | J34: =+[1]N39a!$B$38 -> 0
A35: $ | B35: Thousands | C35: Other passives | D35: 13704992 | E35: 6324858 | F35: 6488233 | G35: 7209646 | H35: 7420232 | I35: 7253446 | J35: =+[1]N39a!$B$39 -> 13412589
A36: $ | B36: Thousands | C36: Total non-current liabilities | D36: 17167297 | E36: 277326723 | F36: 265278343 | G36: 263857867 | H36: 255693319 | I36: 247049106 | J36: =+SUM(J29:J35) -> 307545514
A37: $ | B37: Thousands | C37: Equity | D37: 242827259 | E37: 239170333 | F37: 293676950 | G37: 176954986 | H37: 206473973 | I37: 155933808 | J37: =+[1]N39a!$B$56 -> 221263720
A38: $ | B38: Thousands | C38: Total equity and liabilities | D38: 527182722 | E38: 735020355 | F38: 833944961 | G38: 769666966 | H38: 754915266 | I38: 689033440 | J38: =+[1]N39a!$B$59 -> 760927356
C40: Bank
A41: $ | B41: Thousands | C41: Cash and cash equivalents and other financial assets | D41: 99143857 | E41: 139182792 | F41: 382034213 | G41: 210966746 | H41: 159114013 | I41: 178688833 | J41: =+[1]N39a!D9 -> 68981906
A42: $ | B42: Thousands | C42: Other non-financial assets | D42: 2529157 | E42: 2487750 | F42: 2630767 | G42: 2355906 | H42: 4388483 | I42: 2846152 | J42: =+[1]N39a!D10 -> 5662846
A43: $ | B43: Thousands | C43: Trade and other payables net | D43: 496686291 | E43: 505671934 | F43: 384939811 | G43: 461008861 | H43: 537664277 | I43: 527562058 | J43: =+[1]N39a!D11 -> 565711172
A44: $ | B44: Thousands | C44: Accounts receivable from related entities | D44: 447442 | E44: 752 | F44: 0 | G44: 327353 | H44: 77740 | I44: 5604352 | J44: =+[1]N39a!D12 -> 239078
A45: $ | B45: Thousands | C45: Tax assets | D45: 4690369 | E45: 21814982 | F45: 6690469 | G45: 7611896 | H45: 19230367 | I45: 14869686 | J45: =+[1]N39a!$D$14 -> 5227487
A46: $ | B46: Thousands | C46: Total current assets | D46: 603497116 | E46: 669158210 | F46: 776295260 | G46: 682270762 | H46: 720474880 | I46: 729571081 | J46: =+SUM(J41:J45) -> 645822489
A47: $ | B47: Thousands | C47: Other financial assets | D47: 32346700 | E47: 76135479 | F47: 44372469 | G47: 61944286 | H47: 124437402 | I47: 116864725 | J47: =+[1]N39a!D19 -> 186969565
A48: $ | B48: Thousands | C48: Other non-financial assets | D48: 639499 | E48: 23737 | F48: 1429501 | G48: 387388 | H48: 305869 | I48: 922901 | J48: =+[1]N39a!D20 -> 775604
A49: $ | B49: Thousands | C49: Trade and other payables | D49: 324355081 | E49: 319653992 | F49: 255039501 | G49: 293711824 | H49: 358321728 | I49: 307854753 | J49: =+[1]N39a!D21 -> 352182744
A50: $ | B50: Thousands | C50: Intangible assets other than goodwill | D50: 24347880 | E50: 22608656 | F50: 22957126 | G50: 27342411 | H50: 36432024 | I50: 49125699 | J50: =+[1]N39a!D24 -> 52235579
A51: $ | B51: Thousands | C51: Goodwill property plant and equipment and investment properties | D51: 8499193 | E51: 8078494 | F51: 6935960 | G51: 6213786 | H51: 5303485 | I51: 4413658 | J51: =+[1]N39a!D25 -> 3787851
A52: $ | B52: Thousands | C52: Rights of use | D52: 0 | E52: 14504775 | F52: 12972285 | G52: 9669488 | H52: 6196362 | I52: 4189914 | J52: =+[1]N39a!D26 -> 2267856
A53: $ | B53: Thousands | C53: Deferred tax assets | D53: 31754130 | E53: 26656926 | F53: 31425789 | G53: 24795123 | H53: 34880902 | I53: 44495001 | J53: =+[1]N39a!D27 -> 37788116
A54: $ | B54: Thousands | C54: Total non-current assets | D54: 421942483 | E54: 467662059 | F54: 375132631 | G54: 424064306 | H54: 565877772 | I54: 527866651 | J54: =+SUM(J47:J53) -> 636007315
A55: $ | B55: Thousands | C55: Total assets | D55: 1025439599 | E55: 1136820269 | F55: 1151427891 | G55: 1106335068 | H55: 1286352652 | I55: 1257437732 | J55: =+J54+J46 -> 1281829804
A56: $ | B56: Thousands | C56: Other financial liabilities | D56: 478558120 | E56: 637277039 | F56: 633071242 | G56: 594987042 | H56: 701447937 | I56: 829457960 | J56: =+[1]N39a!D33 -> 805437875
A57: $ | B57: Thousands | C57: Lease liabilities | D57: 0 | E57: 2158330 | F57: 2229333 | G57: 2131029 | H57: 1736149 | I57: 2005770 | J57: =+[1]N39a!D34 -> 1499507
A58: $ | B58: Thousands | C58: Trade and other payables | D58: 36832846 | E58: 51081254 | F58: 62451200 | G58: 93635915 | H58: 101678575 | I58: 85017768 | J58: =+[1]N39a!D35 -> 79049156
A59: $ | B59: Thousands | C59: Accounts payable to related entities | D59: 16230251 | E59: 10563305 | F59: 19329132 | G59: 26511383 | H59: 17679117 | I59: 14265059 | J59: =+[1]N39a!D36 -> 27454486
A60: $ | B60: Thousands | C60: Other provisions | D60: 10144422 | E60: 10882548 | F60: 19387593 | G60: 24648695 | H60: 24321045 | I60: 24761032 | J60: =+[1]N39a!D37 -> 19426354
A61: $ | B61: Thousands | C61: Tax liabilities | D61: 5074723 | E61: 0 | F61: 3579423 | G61: 5313075 | H61: 0 | I61: 127846 | J61: =+[1]N39a!D38 -> 3472583
A62: $ | B62: Thousands | C62: Other passives | D62: 7000692 | E62: 5345376 | F62: 5664793 | G62: 6525990 | H62: 6417529 | I62: 8101817 | J62: =+[1]N39a!D39 -> 7490179
A63: $ | B63: Thousands | C63: Total current liabilities | D63: 553841054 | E63: 717307852 | F63: 745712716 | G63: 753753129 | H63: 853280352 | I63: 963737252 | J63: =+SUM(J56:J62) -> 943830140
A64: $ | B64: Thousands | C64: Other financial liabilities | D64: 263777880 | E64: 207332324 | F64: 198320648 | G64: 129885286 | H64: 215890680 | I64: 76382196 | J64: =+[1]N39a!D44 -> 103334749
A65: $ | B65: Thousands | C65: Lease liabilities | D65: 0 | E65: 9127770 | F65: 8451478 | G65: 5840100 | H65: 3300499 | I65: 2011173 | J65: =+[1]N39a!D45 -> 781845
A66: $ | B66: Thousands | C66: Accounts payable to related entities | D66: 0 | E66: 2816624 | F66: 2040836 | G66: 1392366 | H66: 573944 | I66: 0 | J66: 0
A67: $ | B67: Thousands | C67: Other provisions | D67: 0 | E67: 321116 | F67: 326787 | G67: 280322 | H67: 212430 | I67: 224604 | J67: =+[1]N39a!D48 -> 233212
A68: $ | B68: Thousands | C68: Deferred tax liabilities | D68: 0 | E68: 0 | F68: 139384 | G68: 221597 | H68: 2540361 | I68: 4243960 | J68: =+[1]N39a!D49 -> 551745
A69: $ | B69: Thousands | C69: Other passives | D69: 2364482 | E69: 2767997 | F69: 3398896 | G69: 2690802 | H69: 2640100 | I69: 2571943 | J69: =+[1]N39a!D50 -> 2236884
A70: $ | B70: Thousands | C70: Total non-current liabilities | D70: 266142362 | E70: 222365831 | F70: 212678029 | G70: 140310473 | H70: 225158014 | I70: 85433876 | J70: =+SUM(J64:J69) -> 107138435
A71: $ | B71: Thousands | C71: Equity | D71: 205456183 | E71: 197146586 | F71: 193037146 | G71: 212271466 | H71: 207914286 | I71: 208266604 | J71: =+[1]N39a!D56 -> 230861229
A72: $ | B72: Thousands | C72: Total equity and liabilities | D72: 1025439599 | E72: 1136820269 | F72: 1151427891 | G72: 1106335068 | H72: 1286352652 | I72: 1257437732 | J72: =+[1]N39a!$D$59 -> 1281829804
C74: Real Estate
A75: $ | B75: Thousands | C75: Cash and cash equivalents and other financial assets | D75: 33450 | E75: 0 | F75: 0 | G75: 0 | H75: 0 | I75: 69 | J75: =+[1]N39a!F9 -> 3
A76: $ | B76: Thousands | C76: Other non-financial assets | D76: 178474 | E76: 0 | F76: 0 | G76: 0 | H76: 0 | I76: 0 | J76: =+[1]N39a!F10 -> 0
A77: $ | B77: Thousands | C77: Trade and other payables net | D77: 892860 | E77: 0 | F77: 0 | G77: 0 | H77: 0 | I77: 0 | J77: =+[1]N39a!F11 -> 192
A78: $ | B78: Thousands | C78: Accounts receivable from related entities | D78: 5166351 | E78: 1366258 | F78: 0 | G78: 456809 | H78: 0 | I78: 0 | J78: =+[1]N39a!F12 -> 0
A79: $ | B79: Thousands | C79: Tax assets | D79: 27672 | E79: 0 | F79: 0 | G79: 0 | H79: 0 | I79: 0 | J79: =+[1]N39a!F13 -> 0
A80: $ | B80: Thousands | C80: Current assets classified as held for sale | D80: 0 | E80: 0 | F80: 0 | G80: 0 | H80: 161724991 | I80: 0 | J80: 0
A81: $ | B81: Thousands | C81: Total current assets | D81: 6298807 | E81: 1366258 | F81: 0 | G81: 456809 | H81: 161724991 | I81: 69 | J81: =+SUM(J75:J80) -> 195
A82: $ | B82: Thousands | C82: Other non-financial assets | D82: 690415 | E82: 0 | F82: 0 | G82: 0 | H82: 0 | I82: 0 | J82: =+[1]N39a!F19 -> 0
A83: $ | B83: Thousands | C83: Trade and other payables | D83: 196210 | E83: 0 | F83: 0 | G83: 0 | H83: 0 | I83: 0 | J83: =+[1]N39a!F20 -> 0
A84: $ | B84: Thousands | C84: Investments in associates | D84: 248247467 | E84: 270691351 | F84: 254428936 | G84: 259209920 | H84: 122742508 | I84: 142821150 | J84: =+[1]N39a!$F$23 -> 151185254
A85: $ | B85: Thousands | C85: Intangible assets other than goodwill | D85: 1396 | E85: 0 | F85: 0 | G85: 0 | H85: 0 | I85: 0 | J85: =+[1]N39a!F22 -> 0
A86: $ | B86: Thousands | C86: Goodwill property plant and equipment and investment properties | D86: 80021429 | E86: 6730773 | F86: 18304534 | G86: 34972301 | H86: 34521291 | I86: 34666209 | J86: =+[1]N39a!$F$25 -> 35289687
A87: $ | B87: Thousands | C87: Deferred tax assets | D87: 0 | E87: 0 | F87: 0 | G87: 0 | H87: 0 | I87: 281290 | J87: =+[1]N39a!$F$27 -> 357059
A88: $ | B88: Thousands | C88: Total non-current assets | D88: 329156917 | E88: 277422124 | F88: 272733470 | G88: 294182221 | H88: 157263799 | I88: 177768649 | J88: =+SUM(J82:J87) -> 186832000
A89: $ | B89: Thousands | C89: Total assets | D89: 335455724 | E89: 278788382 | F89: 272733470 | G89: 294639030 | H89: 318988790 | I89: 177768718 | J89: =+J88+J81 -> 186832195
A90: $ | B90: Thousands | C90: Trade and other payables | D90: 803301 | E90: 0 | F90: 0 | G90: 0 | H90: 0 | I90: 69 | J90: =+[1]N39a!$F$35 -> 261
A91: $ | B91: Thousands | C91: Accounts payable to related entities | D91: 322792 | E91: 0 | F91: 0 | G91: 0 | H91: 0 | I91: 183 | J91: =+[1]N39a!$F$36 -> 192
A92: $ | B92: Thousands | C92: Tax liabilities | D92: 303345 | E92: 0 | F92: 0 | G92: 0 | H92: 734640 | I92: 0 | J92: 0
A93: $ | B93: Thousands | C93: Total current liabilities | D93: 1429438 | E93: 0 | F93: 0 | G93: 0 | H93: 734640 | I93: 252 | J93: =+SUM(J90:J92) -> 453
A94: $ | B94: Thousands | C94: Accounts payable to related entities | D94: 24994478 | E94: 0 | F94: 0 | G94: 0 | H94: 0 | I94: 0 | J94: 0
A95: $ | B95: Thousands | C95: Deferred tax liabilities | D95: 3173124 | E95: 0 | F95: 19230562 | G95: 17951554 | H95: 15709710 | I95: 0 | J95: 0
A96: $ | B96: Thousands | C96: Total non-current liabilities | D96: 28167602 | E96: 0 | F96: 19230562 | G96: 17951554 | H96: 15709710 | I96: 0 | J96: =+J94+J95 -> 0
A97: $ | B97: Thousands | C97: Equity | D97: 305858684 | E97: 278788382 | F97: 253502908 | G97: 276687476 | H97: 302544440 | I97: 177768466 | J97: =+[1]N39a!$F$56 -> 186831742
A98: $ | B98: Thousands | C98: Total equity and liabilities | D98: 335455724 | E98: 278788382 | F98: 272733470 | G98: 294639030 | H98: 318988790 | I98: 177768718 | J98: =+[1]N39a!$F$59 -> 186832195
C100: Central Offices & Adjustments
A101: $ | B101: Thousands | C101: Cash and cash equivalents and other financial assets | D101: -94905 | E101: 26905352 | F101: 1490981 | G101: 250448 | H101: 770809 | I101: 290867 | J101: =+[1]N39a!H9 -> 640673
A102: $ | B102: Thousands | C102: Other non-financial assets | D102: 0 | E102: 260307 | F102: 37611 | G102: 56327 | H102: 39608 | I102: 38641 | J102: =+[1]N39a!H10 -> 80790
A103: $ | B103: Thousands | C103: Trade and other payables net | D103: 0 | E103: 6497707 | F103: 364536 | G103: 13431 | H103: 180693 | I103: 245084 | J103: =+[1]N39a!H11 -> 122324
...

Sheet Balance Sheet by Segment (Q)
A1: Currency | B1: Unit | C1: Description | D1: Q1 18 | E1: Q2 18 | F1: Q3 18 | G1: Q4 18 | H1: Q1 19 | I1: Q2 19 | J1: Q3 19 | K1: Q4 19 | L1: Q1 20 | M1: Q2 20 | N1: Q3 20 | O1: Q4 20 | P1: Q1 21 | Q1: Q2 21 | R1: Q3 21 | S1: Q4 21 | T1: Q1 22 | U1: Q2 22 | V1: Q3 22 | W1: Q4 22 | X1: Q1 23 | Y1: Q2 23 | Z1: Q3 23 | AA1: Q4 23 | AB1: Q1 24 | AC1: Q2 24 | AD1: Q3 24 | AE1: Q4 24
C2: Period Ended On (MM/DD/YYYY) | D2: 03/31/2018 | E2: 06/30/2018 | F2: 09/30/2018 | G2: 12/31/2018 | H2: 03/31/2019 | I2: 06/30/2019 | J2: 09/30/2019 | K2: 12/31/2019 | L2: 03/31/2020 | M2: 06/30/2020 | N2: 09/30/2020 | O2: 12/31/2020 | P2: 03/31/2021 | Q2: 06/30/2021 | R2: 09/30/2021 | S2: 12/31/2021 | T2: 03/31/2022 | U2: 06/30/2022 | V2: 09/30/2022 | W2: 12/31/2022 | X2: 03/31/2023 | Y2: 06/30/2023 | Z2: 09/30/2023 | AA2: 12/31/2023 | AB2: 03/31/2024 | AC2: 06/30/2024 | AD2: 09/30/2024 | AE2: 12/31/2023
C3: Reported Date (MM/DD/YYYY) | D3: 05/31/2018 | E3: 08/30/2018 | F3: 11/30/2018 | G3: 03/27/2019 | H3: 05/31/2019 | I3: 08/30/2019 | J3: 11/30/2019 | K3: 03/27/2020 | L3: 05/30/2020 | M3: 08/28/2020 | N3: 11/27/2020 | O3: 03/26/2021 | P3: 05/28/2021 | Q3: 08/27/2021 | R3: 11/26/2021 | S3: 03/08/2022 | T3: 05/24/2022 | U3: 08/24/2022 | V3: 11/22/2022 | W3: 03/31/2023 | X3: 05/26/2023 | Y3: 09/01/2023 | Z3: 11/24/2023 | AA3: 03/15/2024 | AB3: 05/15/2024 | AC3: 08/28/2024 | AD3: 11/13/2024 | AE3: 03/13/2025
C4: Chile
C5: Retail
A6: $ | B6: Thousands | C6: Cash and cash equivalents and other financial assets | D6: 30971779 | E6: 59983508 | F6: 43789258 | G6: 81986827 | H6: 49394118 | I6: 37522588 | J6: 16322966 | K6: 90995960 | L6: 76602250 | M6: 66557019 | N6: 128335217 | O6: 2.0045518e+08 | P6: 131182915 | Q6: 173859591 | R6: 186476039 | S6: 122716509 | T6: 21527990 | U6: 51460046 | V6: 15613135 | W6: 66063333 | X6: 15624726 | Y6: 18256048 | Z6: 14035896 | AA6: 28701507 | AB6: 27628671 | AC6: 15625628 | AD6: 16477199 | AE6: =+'Balance Sheet by Segment (Y)'!J6 -> 93455789
A7: $ | B7: Thousands | C7: Other non-financial assets | D7: 4680173 | E7: 4415589 | F7: 5192786 | G7: 4225778 | H7: 5371819 | I7: 3746213 | J7: 3994407 | K7: 3486427 | L7: 3992253 | M7: 3136642 | N7: 2733396 | O7: 3984307 | P7: 4213320 | Q7: 5092588 | R7: 4807219 | S7: 5940844 | T7: 6415551 | U7: 4374244 | V7: 4115654 | W7: 6204571 | X7: 6117962 | Y7: 4513919 | Z7: 4546730 | AA7: 7679399 | AB7: 7219754 | AC7: 4399453 | AD7: 4741428 | AE7: =+'Balance Sheet by Segment (Y)'!J7 -> 10762229
A8: $ | B8: Thousands | C8: Trade and other payables net | D8: 50543900 | E8: 55916865 | F8: 47874559 | G8: 51359925 | H8: 53821310 | I8: 49079606 | J8: 51767604 | K8: 49351613 | L8: 47747857 | M8: 48955718 | N8: 50343365 | O8: 41001486 | P8: 35835830 | Q8: 27058939 | R8: 17020848 | S8: 16941217 | T8: 19699572 | U8: 13927927 | V8: 23604654 | W8: 15841337 | X8: 13033559 | Y8: 16003647 | Z8: 20161624 | AA8: 16794893 | AB8: 16178018 | AC8: 14994552 | AD8: 20135456 | AE8: =+'Balance Sheet by Segment (Y)'!J8 -> 18440620
